Workbook
Name Hedging_Positions_through_Futures_AS_ON_MMMM_DD__YYYY___NIL: #REF!
Name Hedging_Positions_through_Futures_AS_ON_MMMM_DD__YYYY___NIL: #REF!
Name JPM_Footer_disp: #REF!
Name JPM_Footer_disp: #REF!
Name JPM_Footer_disp12: #REF!
Name JPM_Footer_disp12: #REF!

Sheet Scheme master
A1: DB code | B1: System concatenate | C1: RTA concatenate | D1: AMFI code | E1: ISIN | F1: Scheme code | G1: Scheme name | H1: Scheme type | I1: Plan code | J1: Plan name | K1: Plan type | L1: RTA scheme | M1: RTA scheme 1 | N1: RTA plan | O1: RTA plan 1 | P1: Scheme category (for uploadable) | Q1: Face value | R1: Status | S1: Allotment date | T1: Maturity date | U1: AMFI name | V1: Covered in HY port | W1: Covered in HY financials | X1: Covered in annual financials | Y1: Cluster | Z1: MPC plan code | AA1: MPC plan name | AB1: Remark
A2: NA | B2: =F2&I2 -> NANA | C2: =O2 -> NA | D2: 115203 | F2: NA | G2: LIC MF Index Fund | H2: Index | I2: NA | J2: NA | K2: NA | L2: NA | M2: NA | N2: NA | O2: NA | P2: Open Ended Equity Fund | Q2: 10 | R2: Not in use | S2: 37574 | U2: LIC NOMURA MF Index Fund | V2: No | W2: No | X2: No | Y2: NA | Z2: NA | AA2: NA | AB2: Ignore, not in SCB
A3: NA | B3: =F3&I3 -> LEGOLDG | C3: =O3 -> 193GP | D3: 151961 | E3: INF397L01554 | F3: LEGOLD | G3: LIC MF Gold Exchange Traded Fund | H3: Gold ETF | I3: G | J3: Growth Option | K3: Regular | L3: GE | M3: 193 | N3: GEGP | O3: 193GP | P3: Open Ended Gold ETF | Q3: 100 | R3: Live | S3: 40835 | U3: LIC MF Gold Exchange Traded Fund | V3: Yes | W3: Yes | X3: Yes | Y3: Cluster 6 | Z3: G | AA3: Growth Option | AB3: Erstwhile IDBI Gold ETF Fund
A4: NA | B4: =F4&I4 -> LEGOLDNA | C4: =O4 -> 193G1 | D4: 151962 | F4: LEGOLD | G4: LIC MF Gold Exchange Traded Fund | H4: Gold ETF | I4: NA | J4: NA | K4: Direct | L4: GE | M4: 193 | N4: GEG1 | O4: 193G1 | P4: Open Ended Gold ETF | Q4: 100 | R4: Live | S4: 40835 | U4: IDBI Gold Exchange Traded Fund Direct | V4: No | W4: No | X4: No | Y4: Cluster 6 | Z4: DG | AA4: Direct Plan - Growth Option | AB4: Erstwhile IDBI Gold ETF Fund
A5: LIC89 | B5: =F5&I5 -> LSPLUSG | C5: =O5 -> NA | D5: NA | E5: NA | F5: LSPLUS | G5: LIC MF Special Unit Scheme | H5: NA | I5: G | J5: Growth Option | K5: NA | L5: NA | M5: 89 | N5: NA | O5: NA | P5: NA | Q5: 10 | R5: Live | S5: NA | U5: NA | V5: No | W5: No | X5: Yes | Y5: NA | Z5: NA | AA5: NA
A6: LIC139 | B6: =F6&I6 -> LUNCLFURM | C6: =O6 -> 139GR | D6: NA | E6: NA | F6: LUNCLF | G6: LIC MF Unclaimed Redemption & Div Fund | H6: Unclaimed | I6: URM | J6: Unclaimed Redemption more than 3 yrs | K6: Unclaimed | L6: UC | M6: 139 | N6: UCGR | O6: 139GR | P6: NA | Q6: 10 | R6: Live | S6: NA | U6: NA | V6: No | W6: No | X6: No | Y6: NA | Z6: NA | AA6: NA
A7: LIC139 | B7: =F7&I7 -> LUNCLFUDL | C7: =O7 -> 139LD | D7: NA | E7: NA | F7: LUNCLF | G7: LIC MF Unclaimed Redemption & Div Fund | H7: Unclaimed | I7: UDL | J7: Unclaimed IDCW less than 3 yrs | K7: Unclaimed | L7: UC | M7: 139 | N7: UCLD | O7: 139LD | P7: NA | Q7: 10 | R7: Live | S7: NA | U7: NA | V7: No | W7: No | X7: No | Y7: NA | Z7: NA | AA7: NA
A8: LIC139 | B8: =F8&I8 -> LUNCLFUDM | C8: =O8 -> 139GD | D8: NA | E8: NA | F8: LUNCLF | G8: LIC MF Unclaimed Redemption & Div Fund | H8: Unclaimed | I8: UDM | J8: Unclaimed IDCW more than 3 yrs | K8: Unclaimed | L8: UC | M8: 139 | N8: UCGD | O8: 139GD | P8: NA | Q8: 10 | R8: Live | S8: NA | U8: NA | V8: No | W8: No | X8: No | Y8: NA | Z8: NA | AA8: NA
A9: LIC139 | B9: =F9&I9 -> LUNCLFURL | C9: =O9 -> 139LR | D9: NA | E9: NA | F9: LUNCLF | G9: LIC MF Unclaimed Redemption & Div Fund | H9: Unclaimed | I9: URL | J9: Unclaimed Redemption less than 3 yrs | K9: Unclaimed | L9: UC | M9: 139 | N9: UCLR | O9: 139LR | P9: NA | Q9: 10 | R9: Live | S9: NA | U9: NA | V9: No | W9: No | X9: No | Y9: NA | Z9: NA | AA9: NA
A10: LIC02 | B10: =F10&I10 -> LEULISRD | C10: =O10 -> 02VS | D10: 100325 | E10: INF767K01964 | F10: LEULIS | G10: LIC MF Unit Linked Insurance Scheme (ULIS) | H10: ELSS | I10: RD | J10: Regular Plan IDCW Option | K10: Regular | L10: UL | M10: 02 | N10: ULVS | O10: 02VS | P10: Open Ended Equity Fund | Q10: 10 | R10: Live | S10: 32678 | U10: LIC MF ULIS (5 Yrs. Single Premium)-Regular Plan-IDCW Reinvestment | V10: Yes | W10: Yes | X10: Yes | Y10: Cluster 1 | Z10: RD | AA10: Regular Plan - IDCW Option
A11: LIC02 | B11: =F11&I11 -> LEULISDDP | C11: =O11 -> 02V4 | D11: 120259 | E11: INF767K01DO9 | F11: LEULIS | G11: LIC MF Unit Linked Insurance Scheme (ULIS) | H11: ELSS | I11: DDP | J11: Direct Plan IDCW Option | K11: Direct | L11: UL | M11: 02 | N11: ULV4 | O11: 02V4 | P11: Open Ended Equity Fund | Q11: 10 | R11: Live | S11: 41334 | U11: LIC MF ULIS (5 Yrs. Single Premium)-Direct Plan-IDCW Reinvestment | V11: Yes | W11: Yes | X11: Yes | Y11: Cluster 1 | Z11: DD | AA11: Direct Plan - IDCW Option
A12: LIC02 | B12: =F12&I12 -> LEULISRD | C12: =O12 -> 02TS | D12: 134846 | E12: INF767K01972 | F12: LEULIS | G12: LIC MF Unit Linked Insurance Scheme (ULIS) | H12: ELSS | I12: RD | J12: Regular Plan IDCW Option | K12: Regular | L12: UL | M12: 02 | N12: ULTS | O12: 02TS | P12: Open Ended Equity Fund | Q12: 10 | R12: Live | S12: 32678 | U12: LIC MF ULIS (10 Yrs. Single Premium)-Regular Plan-IDCW Reinvestment | V12: Yes | W12: Yes | X12: Yes | Y12: Cluster 1 | Z12: RD | AA12: Regular Plan - IDCW Option
A13: LIC02 | B13: =F13&I13 -> LEULISRD | C13: =O13 -> 02TM | D13: 134847 | E13: INF767K01980 | F13: LEULIS | G13: LIC MF Unit Linked Insurance Scheme (ULIS) | H13: ELSS | I13: RD | J13: Regular Plan IDCW Option | K13: Regular | L13: UL | M13: 02 | N13: ULTM | O13: 02TM | P13: Open Ended Equity Fund | Q13: 10 | R13: Live | S13: 32678 | U13: LIC MF ULIS (10 Yrs. Regular Premium Reducing Cover Monthly)-Regular Plan-IDCW Reinvestment | V13: Yes | W13: Yes | X13: Yes | Y13: Cluster 1 | Z13: RD | AA13: Regular Plan - IDCW Option
A14: LIC02 | B14: =F14&I14 -> LEULISRD | C14: =O14 -> 02XM | D14: 134863 | E14: INF767K01AB2 | F14: LEULIS | G14: LIC MF Unit Linked Insurance Scheme (ULIS) | H14: ELSS | I14: RD | J14: Regular Plan IDCW Option | K14: Regular | L14: UL | M14: 02 | N14: ULXM | O14: 02XM | P14: Open Ended Equity Fund | Q14: 10 | R14: Live | S14: 32678 | U14: LIC MF ULIS (10 Yrs. Regular Premium Uniform Cover Monthly)-Regular Plan-IDCW Reinvestment | V14: Yes | W14: Yes | X14: Yes | Y14: Cluster 1 | Z14: RD | AA14: Regular Plan - IDCW Option
A15: LIC02 | B15: =F15&I15 -> LEULISRD | C15: =O15 -> 02TY | D15: 134864 | E15: INF767K01AA4 | F15: LEULIS | G15: LIC MF Unit Linked Insurance Scheme (ULIS) | H15: ELSS | I15: RD | J15: Regular Plan IDCW Option | K15: Regular | L15: UL | M15: 02 | N15: ULTY | O15: 02TY | P15: Open Ended Equity Fund | Q15: 10 | R15: Live | S15: 32678 | U15: LIC MF ULIS (10 Yrs. Regular Premium Reducing Cover Yearly)-Regular Plan-IDCW Reinvestment | V15: Yes | W15: Yes | X15: Yes | Y15: Cluster 1 | Z15: RD | AA15: Regular Plan - IDCW Option
A16: LIC02 | B16: =F16&I16 -> LEULISRD | C16: =O16 -> 02TH | D16: 134865 | E16: INF767K01998 | F16: LEULIS | G16: LIC MF Unit Linked Insurance Scheme (ULIS) | H16: ELSS | I16: RD | J16: Regular Plan IDCW Option | K16: Regular | L16: UL | M16: 02 | N16: ULTH | O16: 02TH | P16: Open Ended Equity Fund | Q16: 10 | R16: Live | S16: 32678 | U16: LIC MF ULIS (10 Yrs. Regular Premium Reducing Cover Half-Yearly)-Regular Plan-IDCW Reinvestment | V16: Yes | W16: Yes | X16: Yes | Y16: Cluster 1 | Z16: RD | AA16: Regular Plan - IDCW Option
A17: LIC02 | B17: =F17&I17 -> LEULISRD | C17: =O17 -> 02XH | D17: 134867 | E17: INF767K01AC0 | F17: LEULIS | G17: LIC MF Unit Linked Insurance Scheme (ULIS) | H17: ELSS | I17: RD | J17: Regular Plan IDCW Option | K17: Regular | L17: UL | M17: 02 | N17: ULXH | O17: 02XH | P17: Open Ended Equity Fund | Q17: 10 | R17: Live | S17: 32678 | U17: LIC MF ULIS (10 Yrs. Regular Premium Uniform Cover Half-Yearly)-Regular Plan-IDCW Reinvestment | V17: Yes | W17: Yes | X17: Yes | Y17: Cluster 1 | Z17: RD | AA17: Regular Plan - IDCW Option
A18: LIC02 | B18: =F18&I18 -> LEULISRD | C18: =O18 -> 02XY | D18: 134868 | E18: INF767K01AD8 | F18: LEULIS | G18: LIC MF Unit Linked Insurance Scheme (ULIS) | H18: ELSS | I18: RD | J18: Regular Plan IDCW Option | K18: Regular | L18: UL | M18: 02 | N18: ULXY | O18: 02XY | P18: Open Ended Equity Fund | Q18: 10 | R18: Live | S18: 32678 | U18: LIC MF ULIS (10 Yrs. Regular Premium Uniform Cover Yearly)-Regular Plan-IDCW Reinvestment | V18: Yes | W18: Yes | X18: Yes | Y18: Cluster 1 | Z18: RD | AA18: Regular Plan - IDCW Option
A19: LIC02 | B19: =F19&I19 -> LEULISRD | C19: =O19 -> 02FM | D19: 134869 | E19: INF767K01AE6 | F19: LEULIS | G19: LIC MF Unit Linked Insurance Scheme (ULIS) | H19: ELSS | I19: RD | J19: Regular Plan IDCW Option | K19: Regular | L19: UL | M19: 02 | N19: ULFM | O19: 02FM | P19: Open Ended Equity Fund | Q19: 10 | R19: Live | S19: 32678 | U19: LIC MF ULIS (15 Yrs. Regular Premium Reducing Cover Monthly)-Regular Plan-IDCW Reinvestment | V19: Yes | W19: Yes | X19: Yes | Y19: Cluster 1 | Z19: RD | AA19: Regular Plan - IDCW Option
A20: LIC02 | B20: =F20&I20 -> LEULISRD | C20: =O20 -> 02FH | D20: 134870 | E20: INF767K01AF3 | F20: LEULIS | G20: LIC MF Unit Linked Insurance Scheme (ULIS) | H20: ELSS | I20: RD | J20: Regular Plan IDCW Option | K20: Regular | L20: UL | M20: 02 | N20: ULFH | O20: 02FH | P20: Open Ended Equity Fund | Q20: 10 | R20: Live | S20: 32678 | U20: LIC MF ULIS (15 Yrs. Regular Premium Reducing Cover Half-Yearly)-Regular Plan-IDCW Reinvestment | V20: Yes | W20: Yes | X20: Yes | Y20: Cluster 1 | Z20: RD | AA20: Regular Plan - IDCW Option
A21: LIC02 | B21: =F21&I21 -> LEULISRD | C21: =O21 -> 02FY | D21: 134871 | E21: INF767K01AG1 | F21: LEULIS | G21: LIC MF Unit Linked Insurance Scheme (ULIS) | H21: ELSS | I21: RD | J21: Regular Plan IDCW Option | K21: Regular | L21: UL | M21: 02 | N21: ULFY | O21: 02FY | P21: Open Ended Equity Fund | Q21: 10 | R21: Live | S21: 32678 | U21: LIC MF ULIS (15 Yrs. Regular Premium Reducing Cover Yearly)-Regular Plan-IDCW Reinvestment | V21: Yes | W21: Yes | X21: Yes | Y21: Cluster 1 | Z21: RD | AA21: Regular Plan - IDCW Option
... A45: LIC02 | B45: =F45&I45 -> LEULISRD | C45: =O45 -> 02XQ | D45: 135983 | E45: INF767K01PA2 | F45: LEULIS | G45: LIC MF Unit Linked Insurance Scheme (ULIS) | H45: ELSS | I45: RD | J45: Regular Plan IDCW Option | K45: Regular | L45: UL | M45: 02 | N45: ULXQ | O45: 02XQ | P45: Open Ended Equity Fund | Q45: 10 | R45: Live | S45: 32678 | U45: LIC MF ULIS (10 Yrs. Regular Premium Uniform Cover Quarterly)-Regular Plan-IDCW Reinvestment | V45: Yes | W45: Yes | X45: Yes | Y45: Cluster 1 | Z45: RD | AA45: Regular Plan - IDCW Option
A46: LIC08 | B46: =F46&I46 -> LEBALFRG | C46: =O46 -> 08GP | D46: 100323 | E46: INF767K01030 | F46: LEBALF | G46: LIC MF Aggressive Hybrid Fund | H46: Hybrid | I46: RG | J46: Regular Plan Growth Option | K46: Regular | L46: BL | M46: 08 | N46: BLGP | O46: 08GP | P46: Open Ended Equity Fund | Q46: 10 | R46: Live | S46: 33239 | U46: LIC MF Aggressive Hybrid Fund-Regular Plan-Growth | V46: Yes | W46: Yes | X46: Yes | Y46: Cluster 2 | Z46: RG | AA46: Regular Plan - Growth Option | AB46: Erstwhile LIC MF Equity Hybrid Fund, Erstwhile LIC MF Balanced Fund
A47: LIC08 | B47: =F47&I47 -> LEBALFRD | C47: =O47 -> 08DP | D47: 100321 | E47: INF767K01022INF767K01014 | F47: LEBALF | G47: LIC MF Aggressive Hybrid Fund | H47: Hybrid | I47: RD | J47: Regular Plan IDCW Option | K47: Regular | L47: BL | M47: 08 | N47: BLDP | O47: 08DP | P47: Open Ended Equity Fund | Q47: 10 | R47: Live | S47: 33239 | U47: LIC MF Aggressive Hybrid Fund-Regular Plan-IDCW | V47: Yes | W47: Yes | X47: Yes | Y47: Cluster 2 | Z47: RD | AA47: Regular Plan - IDCW Option | AB47: Erstwhile LIC MF Equity Hybrid Fund, Erstwhile LIC MF Balanced Fund
A48: LIC08 | B48: =F48&I48 -> LEBALFGDP | C48: =O48 -> 08G1 | D48: 120261 | E48: INF767K01ED0 | F48: LEBALF | G48: LIC MF Aggressive Hybrid Fund | H48: Hybrid | I48: GDP | J48: Direct Plan Growth Option | K48: Direct | L48: BL | M48: 08 | N48: BLG1 | O48: 08G1 | P48: Open Ended Equity Fund | Q48: 10 | R48: Live | S48: 41277 | U48: LIC MF Aggressive Hybrid Fund-Direct Plan-Growth | V48: Yes | W48: Yes | X48: Yes | Y48: Cluster 2 | Z48: DG | AA48: Direct Plan - Growth Option | AB48: Erstwhile LIC MF Equity Hybrid Fund, Erstwhile LIC MF Balanced Fund
A49: LIC08 | B49: =F49&I49 -> LEBALFDDP | C49: =O49 -> 08D1 | D49: 120260 | E49: INF767K01EC2INF767K01EE8 | F49: LEBALF | G49: LIC MF Aggressive Hybrid Fund | H49: Hybrid | I49: DDP | J49: Direct Plan IDCW Option | K49: Direct | L49: BL | M49: 08 | N49: BLD1 | O49: 08D1 | P49: Open Ended Equity Fund | Q49: 10 | R49: Live | S49: 41277 | U49: LIC MF Aggressive Hybrid Fund-Direct Plan-IDCW | V49: Yes | W49: Yes | X49: Yes | Y49: Cluster 2 | Z49: DD | AA49: Direct Plan - IDCW Option | AB49: Erstwhile LIC MF Equity Hybrid Fund, Erstwhile LIC MF Balanced Fund
A50: LIC08 | B50: =F50&I50 -> LEBALFNA | C50: =O50 -> NA | D50: 100322 | F50: LEBALF | G50: LIC MF Aggressive Hybrid Fund | H50: Hybrid | I50: NA | J50: NA | K50: NA | L50: BL | M50: 08 | N50: NA | O50: NA | P50: Open Ended Equity Fund | Q50: 10 | R50: Not in use | S50: 33239 | U50: LICMF Balanced Fund-Growth | V50: Yes | W50: Yes | X50: Yes | Y50: Cluster 2 | Z50: NA | AA50: NA | AB50: Erstwhile LIC MF Equity Hybrid Fund, Erstwhile LIC MF Balanced Fund
A51: LIC08 | B51: =F51&I51 -> LEBALFNA | C51: =O51 -> NA | D51: 115198 | F51: LEBALF | G51: LIC MF Aggressive Hybrid Fund | H51: Hybrid | I51: NA | J51: NA | K51: NA | L51: BL | M51: 08 | N51: NA | O51: NA | P51: Open Ended Equity Fund | Q51: 10 | R51: Not in use | S51: 33239 | U51: LIC NOMURA MF Balanced Fund-Dividend | V51: Yes | W51: Yes | X51: Yes | Y51: Cluster 2 | Z51: NA | AA51: NA | AB51: Erstwhile LIC MF Equity Hybrid Fund, Erstwhile LIC MF Balanced Fund
A52: LIC17 | B52: =F52&I52 -> LEEQTFRG | C52: =O52 -> 17GP | D52: 100313 | E52: INF767K01071 | F52: LEEQTF | G52: LIC MF Flexi Cap Fund | H52: Equity | I52: RG | J52: Regular Plan Growth Option | K52: Regular | L52: EF | M52: 17 | N52: EFGP | O52: 17GP | P52: Open Ended Equity Fund | Q52: 10 | R52: Live | S52: 34074 | U52: LIC MF Flexi Cap Fund-Regular Plan-Growth | V52: Yes | W52: Yes | X52: Yes | Y52: Cluster 2 | Z52: RG | AA52: Regular Plan - Growth Option | AB52: Erstwhile LIC MF Multicap Fund
A53: LIC17 | B53: =F53&I53 -> LEEQTFRD | C53: =O53 -> 17DP | D53: 100312 | E53: INF767K01063INF767K01055 | F53: LEEQTF | G53: LIC MF Flexi Cap Fund | H53: Equity | I53: RD | J53: Regular Plan IDCW Option | K53: Regular | L53: EF | M53: 17 | N53: EFDP | O53: 17DP | P53: Open Ended Equity Fund | Q53: 10 | R53: Live | S53: 34074 | U53: LIC MF Flexi Cap Fund-Regular Plan-IDCW | V53: Yes | W53: Yes | X53: Yes | Y53: Cluster 2 | Z53: RD | AA53: Regular Plan - IDCW Option | AB53: Erstwhile LIC MF Multicap Fund
A54: LIC17 | B54: =F54&I54 -> LEEQTFGDP | C54: =O54 -> 17G1 | D54: 120264 | E54: INF767K01EG3 | F54: LEEQTF | G54: LIC MF Flexi Cap Fund | H54: Equity | I54: GDP | J54: Direct Plan Growth Option | K54: Direct | L54: EF | M54: 17 | N54: EFG1 | O54: 17G1 | P54: Open Ended Equity Fund | Q54: 10 | R54: Live | S54: 41275 | U54: LIC MF Flexi Cap Fund-Direct Plan-Growth | V54: Yes | W54: Yes | X54: Yes | Y54: Cluster 2 | Z54: DG | AA54: Direct Plan - Growth Option | AB54: Erstwhile LIC MF Multicap Fund
A55: LIC17 | B55: =F55&I55 -> LEEQTFDDP | C55: =O55 -> 17D1 | D55: 120263 | E55: INF767K01EF5INF767K01EH1 | F55: LEEQTF | G55: LIC MF Flexi Cap Fund | H55: Equity | I55: DDP | J55: Direct Plan IDCW Option | K55: Direct | L55: EF | M55: 17 | N55: EFD1 | O55: 17D1 | P55: Open Ended Equity Fund | Q55: 10 | R55: Live | S55: 41275 | U55: LIC MF Flexi Cap Fund-Direct Plan-IDCW | V55: Yes | W55: Yes | X55: Yes | Y55: Cluster 2 | Z55: DD | AA55: Direct Plan - IDCW Option | AB55: Erstwhile LIC MF Multicap Fund
A56: LIC19 | B56: =F56&I56 -> LEGROWRG | C56: =O56 -> 19GP | D56: 106871 | E56: INF767K01105 | F56: LEGROW | G56: LIC MF Large Cap Fund | H56: Equity | I56: RG | J56: Regular Plan Growth Option | K56: Regular | L56: GF | M56: 19 | N56: GFGP | O56: 19GP | P56: Open Ended Equity Fund | Q56: 10 | R56: Live | S56: 34578 | U56: LIC MF Large Cap Fund-Regular Plan-Growth | V56: Yes | W56: Yes | X56: Yes | Y56: Cluster 2 | Z56: RG | AA56: Regular Plan - Growth Option | AB56: Erstwhile LIC MF Growth Fund
A57: LIC19 | B57: =F57&I57 -> LEGROWRD | C57: =O57 -> 19DP | D57: 100332 | E57: INF767K01097INF767K01089 | F57: LEGROW | G57: LIC MF Large Cap Fund | H57: Equity | I57: RD | J57: Regular Plan IDCW Option | K57: Regular | L57: GF | M57: 19 | N57: GFDP | O57: 19DP | P57: Open Ended Equity Fund | Q57: 10 | R57: Live | S57: 34578 | U57: LIC MF Large Cap Fund-Regular Plan-IDCW | V57: Yes | W57: Yes | X57: Yes | Y57: Cluster 2 | Z57: RD | AA57: Regular Plan - IDCW Option | AB57: Erstwhile LIC MF Growth Fund
A58: LIC19 | B58: =F58&I58 -> LEGROWGDP | C58: =O58 -> 19G1 | D58: 120267 | E58: INF767K01EJ7 | F58: LEGROW | G58: LIC MF Large Cap Fund | H58: Equity | I58: GDP | J58: Direct Plan Growth Option | K58: Direct | L58: GF | M58: 19 | N58: GFG1 | O58: 19G1 | P58: Open Ended Equity Fund | Q58: 10 | R58: Live | S58: 41275 | U58: LIC MF Large Cap Fund-Direct Plan-Growth | V58: Yes | W58: Yes | X58: Yes | Y58: Cluster 2 | Z58: DG | AA58: Direct Plan - Growth Option | AB58: Erstwhile LIC MF Growth Fund
A59: LIC19 | B59: =F59&I59 -> LEGROWDDP | C59: =O59 -> 19D1 | D59: 120268 | E59: INF767K01EI9INF767K01EK5 | F59: LEGROW | G59: LIC MF Large Cap Fund | H59: Equity | I59: DDP | J59: Direct Plan IDCW Option | K59: Direct | L59: GF | M59: 19 | N59: GFD1 | O59: 19D1 | P59: Open Ended Equity Fund | Q59: 10 | R59: Live | S59: 41275 | U59: LIC MF Large Cap Fund-Direct Plan-IDCW | V59: Yes | W59: Yes | X59: Yes | Y59: Cluster 2 | Z59: DD | AA59: Direct Plan - IDCW Option | AB59: Erstwhile LIC MF Growth Fund
A60: LIC19 | B60: =F60&I60 -> LEGROWNA | C60: =O60 -> NA | D60: 115201 | F60: LEGROW | G60: LIC MF Large Cap Fund | H60: Equity | I60: NA | J60: NA | K60: NA | L60: GF | M60: 19 | N60: NA | O60: NA | P60: Open Ended Equity Fund | Q60: 10 | R60: Not in use | S60: 34578 | U60: LIC NOMURA MF Growth Fund | V60: Yes | W60: Yes | X60: Yes | Y60: Cluster 2 | Z60: NA | AA60: NA | AB60: Erstwhile LIC MF Growth Fund
A61: LIC28 | B61: =F61&I61 -> LETAXPRG | C61: =O61 -> 28GP | D61: 100865 | E61: INF767K01956 | F61: LETAXP | G61: LIC MF ELSS Tax Saver | H61: ELSS | I61: RG | J61: Regular Plan Growth Option | K61: Regular | L61: TP | M61: 28 | N61: TPGP | O61: 28GP | P61: Open Ended Equity Fund | Q61: 10 | R61: Live | S61: 35520 | U61: LIC MF ELSS Tax Saver-Regular Plan-Growth | V61: Yes | W61: Yes | X61: Yes | Y61: Cluster 2 | Z61: RG | AA61: Regular Plan - Growth Option | AB61: Erstwhile LIC MF ELSS, Erstwhile LIC MF Tax Plan
A62: LIC28 | B62: =F62&I62 -> LETAXPRD | C62: =O62 -> 28DP | D62: 100864 | E62: INF767K01931INF767K01949 | F62: LETAXP | G62: LIC MF ELSS Tax Saver | H62: ELSS | I62: RD | J62: Regular Plan IDCW Option | K62: Regular | L62: TP | M62: 28 | N62: TPDP | O62: 28DP | P62: Open Ended Equity Fund | Q62: 10 | R62: Live | S62: 35520 | U62: LIC MF ELSS Tax Saver-Regular Plan-IDCW | V62: Yes | W62: Yes | X62: Yes | Y62: Cluster 2 | Z62: RD | AA62: Regular Plan - IDCW Option | AB62: Erstwhile LIC MF ELSS, Erstwhile LIC MF Tax Plan
A63: LIC28 | B63: =F63&I63 -> LETAXPGDP | C63: =O63 -> 28G1 | D63: 120270 | E63: INF767K01EM1 | F63: LETAXP | G63: LIC MF ELSS Tax Saver | H63: ELSS | I63: GDP | J63: Direct Plan Growth Option | K63: Direct | L63: TP | M63: 28 | N63: TPG1 | O63: 28G1 | P63: Open Ended Equity Fund | Q63: 10 | R63: Live | S63: 41275 | U63: LIC MF ELSS Tax Saver-Direct Plan-Growth | V63: Yes | W63: Yes | X63: Yes | Y63: Cluster 2 | Z63: DG | AA63: Direct Plan - Growth Option | AB63: Erstwhile LIC MF ELSS, Erstwhile LIC MF Tax Plan
A64: LIC28 | B64: =F64&I64 -> LETAXPDDP | C64: =O64 -> 28D1 | D64: 120269 | E64: INF767K01EL3INF767K01EN9 | F64: LETAXP | G64: LIC MF ELSS Tax Saver | H64: ELSS | I64: DDP | J64: Direct Plan IDCW Option | K64: Direct | L64: TP | M64: 28 | N64: TPD1 | O64: 28D1 | P64: Open Ended Equity Fund | Q64: 10 | R64: Live | S64: 41275 | U64: LIC MF ELSS Tax Saver-Direct Plan-IDCW | V64: Yes | W64: Yes | X64: Yes | Y64: Cluster 2 | Z64: DD | AA64: Direct Plan - IDCW Option | AB64: Erstwhile LIC MF ELSS, Erstwhile LIC MF Tax Plan
A65: LIC28 | B65: =F65&I65 -> LETAXPNA | C65: =O65 -> NA | D65: 115209 | F65: LETAXP | G65: LIC MF ELSS Tax Saver | H65: ELSS | I65: NA | J65: NA | K65: NA | L65: TP | M65: 28 | N65: NA | O65: NA | P65: Open Ended Equity Fund | Q65: 10 | R65: Not in use | S65: 35520 | U65: LIC NOMURA MF Taxplan | V65: Yes | W65: Yes | X65: Yes | Y65: Cluster 2 | Z65: NA | AA65: NA | AB65: Erstwhile LIC MF ELSS, Erstwhile LIC MF Tax Plan
A66: LIC31 | B66: =F66&I66 -> LDMIPFRG | C66: =O66 -> 31GP | D66: 101869 | E66: INF767K01808 | F66: LDMIPF | G66: LIC MF Conservative Hybrid Fund | H66: Hybrid | I66: RG | J66: Regular Plan Growth Option | K66: Regular | L66: MI | M66: 31 | N66: MIGP | O66: 31GP | P66: Open Ended Debt Fund | Q66: 10 | R66: Live | S66: 35947 | U66: LIC MF Conservative Hybrid Fund-Regular Plan-Growth | V66: Yes | W66: Yes | X66: Yes | Y66: Cluster 3 | Z66: RG | AA66: Regular Plan - Growth Option | AB66: Erstwhile LIC MF Debt Hybrid Fund, Erstwhile LIC MF Monthly Income Plan
A67: LIC31 | B67: =F67&I67 -> LDMIPFRMD | C67: =O67 -> 31MD | D67: 101866 | E67: INF767K01816INF767K01824 | F67: LDMIPF | G67: LIC MF Conservative Hybrid Fund | H67: Hybrid | I67: RMD | J67: Regular Plan Monthly IDCW Option | K67: Regular | L67: MI | M67: 31 | N67: MIMD | O67: 31MD | P67: Open Ended Debt Fund | Q67: 10 | R67: Live | S67: 35947 | U67: LIC MF Conservative Hybrid Fund-Regular Plan-Monthly IDCW | V67: Yes | W67: Yes | X67: Yes | Y67: Cluster 3 | Z67: RDM | AA67: Regular Plan - Monthly IDCW Option | AB67: Erstwhile LIC MF Debt Hybrid Fund, Erstwhile LIC MF Monthly Income Plan
A68: LIC31 | B68: =F68&I68 -> LDMIPFRQD | C68: =O68 -> 31QD | D68: 101867 | E68: INF767K01832INF767K01840 | F68: LDMIPF | G68: LIC MF Conservative Hybrid Fund | H68: Hybrid | I68: RQD | J68: Regular Quarterly IDCW Option | K68: Regular | L68: MI | M68: 31 | N68: MIQD | O68: 31QD | P68: Open Ended Debt Fund | Q68: 10 | R68: Live | S68: 35947 | U68: LIC MF Conservative Hybrid Fund-Regular Plan-Quarterly IDCW | V68: Yes | W68: Yes | X68: Yes | Y68: Cluster 3 | Z68: RDQ | AA68: Regular Plan - Quarterly IDCW Option | AB68: Erstwhile LIC MF Debt Hybrid Fund, Erstwhile LIC MF Monthly Income Plan
A69: LIC31 | B69: =F69&I69 -> LDMIPFRAD | C69: =O69 -> 31YD | D69: 101868 | E69: INF767K01857INF767K01865 | F69: LDMIPF | G69: LIC MF Conservative Hybrid Fund | H69: Hybrid | I69: RAD | J69: Regular Annual IDCW Option | K69: Regular | L69: MI | M69: 31 | N69: MIYD | O69: 31YD | P69: Open Ended Debt Fund | Q69: 10 | R69: Live | S69: 35947 | U69: LIC MF Conservative Hybrid Fund-Regular Plan-Yearly IDCW | V69: Yes | W69: Yes | X69: Yes | Y69: Cluster 3 | Z69: RDA | AA69: Regular Plan - Annual IDCW Option | AB69: Erstwhile LIC MF Debt Hybrid Fund, Erstwhile LIC MF Monthly Income Plan
A70: LIC31 | B70: =F70&I70 -> LDMIPFGDP | C70: =O70 -> 31G1 | D70: 120276 | E70: INF767K01EO7 | F70: LDMIPF | G70: LIC MF Conservative Hybrid Fund | H70: Hybrid | I70: GDP | J70: Direct Plan Growth Option | K70: Direct | L70: MI | M70: 31 | N70: MIG1 | O70: 31G1 | P70: Open Ended Debt Fund | Q70: 10 | R70: Live | S70: 41283 | U70: LIC MF Conservative Hybrid Fund-Direct Plan-Growth | V70: Yes | W70: Yes | X70: Yes | Y70: Cluster 3 | Z70: DG | AA70: Direct Plan - Growth Option | AB70: Erstwhile LIC MF Debt Hybrid Fund, Erstwhile LIC MF Monthly Income Plan
A71: LIC31 | B71: =F71&I71 -> LDMIPFMDP | C71: =O71 -> 31M1 | D71: 120277 | E71: INF767K01EP4INF767K01ES8 | F71: LDMIPF | G71: LIC MF Conservative Hybrid Fund | H71: Hybrid | I71: MDP | J71: Direct Plan Monthly IDCW Option | K71: Direct | L71: MI | M71: 31 | N71: MIM1 | O71: 31M1 | P71: Open Ended Debt Fund | Q71: 10 | R71: Live | S71: 41283 | U71: LIC MF Conservative Hybrid Fund-Direct Plan-Monthly IDCW | V71: Yes | W71: Yes | X71: Yes | Y71: Cluster 3 | Z71: DDM | AA71: Direct Plan - Monthly IDCW Option | AB71: Erstwhile LIC MF Debt Hybrid Fund, Erstwhile LIC MF Monthly Income Plan
A72: LIC31 | B72: =F72&I72 -> LDMIPFQDP | C72: =O72 -> 31Q1 | D72: 120274 | E72: INF767K01EQ2INF767K01ET6 | F72: LDMIPF | G72: LIC MF Conservative Hybrid Fund | H72: Hybrid | I72: QDP | J72: Direct Plan Quarterly IDCW Option | K72: Direct | L72: MI | M72: 31 | N72: MIQ1 | O72: 31Q1 | P72: Open Ended Debt Fund | Q72: 10 | R72: Live | S72: 41283 | U72: LIC MF Conservative Hybrid Fund-Direct Plan-Quarterly IDCW | V72: Yes | W72: Yes | X72: Yes | Y72: Cluster 3 | Z72: DDQ | AA72: Direct Plan - Quarterly IDCW Option | AB72: Erstwhile LIC MF Debt Hybrid Fund, Erstwhile LIC MF Monthly Income Plan
A73: LIC31 | B73: =F73&I73 -> LDMIPFYDP | C73: =O73 -> 31Y1 | D73: 120275 | E73: INF767K01ER0INF767K01EU4 | F73: LDMIPF | G73: LIC MF Conservative Hybrid Fund | H73: Hybrid | I73: YDP | J73: Direct Plan Annual IDCW Option | K73: Direct | L73: MI | M73: 31 | N73: MIY1 | O73: 31Y1 | P73: Open Ended Debt Fund | Q73: 10 | R73: Live | S73: 41283 | U73: LIC MF Conservative Hybrid Fund-Direct Plan-Yearly IDCW | V73: Yes | W73: Yes | X73: Yes | Y73: Cluster 3 | Z73: DDA | AA73: Direct Plan - Annual IDCW Option | AB73: Erstwhile LIC MF Debt Hybrid Fund, Erstwhile LIC MF Monthly Income Plan
A74: LIC33 | B74: =F74&I74 -> LDBONDRG | C74: =O74 -> 33GP | D74: 100315 | E74: INF767K01923 | F74: LDBOND | G74: LIC MF Medium to Long Duration Fund | H74: Debt | I74: RG | J74: Regular Plan Growth Option | K74: Regular | L74: BF | M74: 33 | N74: BFGP | O74: 33GP | P74: Open Ended Debt Fund | Q74: 10 | R74: Live | S74: 36334 | U74: LIC MF Medium to Long Duration Fund-Regular Plan-Growth | V74: Yes | W74: Yes | X74: Yes | Y74: Cluster 3 | Z74: RG | AA74: Regular Plan - Growth Option | AB74: Erstwhile LIC MF Medium to Long Duration Bond Fund, Erstwhile LIC MF Bond Fund
A75: LIC33 | B75: =F75&I75 -> LDBONDRD | C75: =O75 -> 33DP | D75: 100314 | E75: INF767K01907INF767K01915 | F75: LDBOND | G75: LIC MF Medium to Long Duration Fund | H75: Debt | I75: RD | J75: Regular Plan IDCW Option | K75: Regular | L75: BF | M75: 33 | N75: BFDP | O75: 33DP | P75: Open Ended Debt Fund | Q75: 10 | R75: Live | S75: 36334 | U75: LIC MF Medium to Long Duration Fund-Regular Plan-IDCW | V75: Yes | W75: Yes | X75: Yes | Y75: Cluster 3 | Z75: RD | AA75: Regular Plan - IDCW Option | AB75: Erstwhile LIC MF Medium to Long Duration Bond Fund, Erstwhile LIC MF Bond Fund
A76: LIC33 | B76: =F76&I76 -> LDBONDRQD | C76: =O76 -> 33QD | D76: 151986 | E76: INF397L01FU5 | F76: LDBOND | G76: LIC MF Medium to Long Duration Fund | H76: Debt | I76: RQD | J76: Regular Quarterly IDCW Option | K76: Regular | L76: BF | M76: 33 | N76: BFQD | O76: 33QD | P76: Open Ended Debt Fund | Q76: 10 | R76: Live | S76: 45136 | U76: LIC MF Medium to Long Duration Fund-Regular Plan-Quarterly IDCW | V76: Yes | W76: Yes | X76: Yes | Y76: Cluster 3 | Z76: RDQ | AA76: Regular Plan - Quarterly IDCW Option | AB76: Erstwhile LIC MF Medium to Long Duration Bond Fund, Erstwhile LIC MF Bond Fund
A77: LIC33 | B77: =F77&I77 -> LDBONDRAD | C77: =O77 -> 33AD | D77: 151989 | E77: INF397L01FX9 | F77: LDBOND | G77: LIC MF Medium to Long Duration Fund | H77: Debt | I77: RAD | J77: Regular Annual IDCW Option | K77: Regular | L77: BF | M77: 33 | N77: BFAD | O77: 33AD | P77: Open Ended Debt Fund | Q77: 10 | R77: Live | S77: 45136 | U77: LIC MF Medium to Long Duration Fund-Regular Plan-Annual IDCW | V77: Yes | W77: Yes | X77: Yes | Y77: Cluster 3 | Z77: RDA | AA77: Regular Plan - Annual IDCW Option | AB77: Erstwhile LIC MF Medium to Long Duration Bond Fund, Erstwhile LIC MF Bond Fund
... A81: LIC33 | B81: =F81&I81 -> LDBONDYDP | C81: =O81 -> 33A1 | D81: 151990 | E81: INF397L01GD9 | F81: LDBOND | G81: LIC MF Medium to Long Duration Fund | H81: Debt | I81: YDP | J81: Direct Plan Annual IDCW Option | K81: Direct | L81: BF | M81: 33 | N81: BFA1 | O81: 33A1 | P81: Open Ended Debt Fund | Q81: 10 | R81: Live | S81: 45136 | U81: LIC MF Medium to Long Duration Fund-Direct Plan-Annual IDCW | V81: Yes | W81: Yes | X81: Yes | Y81: Cluster 3 | Z81: DDA | AA81: Direct Plan - Annual IDCW Option | AB81: Erstwhile LIC MF Medium to Long Duration Bond Fund, Erstwhile LIC MF Bond Fund
A82: LIC33 | B82: =F82&I82 -> LDBONDNA | C82: =O82 -> NA | D82: 115199 | F82: LDBOND | G82: LIC MF Medium to Long Duration Fund | H82: Debt | I82: NA | J82: NA | K82: NA | L82: BF | M82: 33 | N82: NA | O82: NA | P82: Open Ended Debt Fund | Q82: 10 | R82: Not in use | S82: 36334 | U82: LIC NOMURA MF BOND FUND | V82: Yes | W82: Yes | X82: Yes | Y82: Cluster 3 | Z82: NA | AA82: NA | AB82: Erstwhile LIC MF Medium to Long Duration Bond Fund, Erstwhile LIC MF Bond Fund
A83: LIC34 | B83: =F83&I83 -> LDGSECRG | C83: =O83 -> 34GP | D83: 100317 | E83: INF767K01709 | F83: LDGSEC | G83: LIC MF Gilt Fund | H83: Gilt | I83: RG | J83: Regular Plan Growth Option | K83: Regular | L83: GL | M83: 34 | N83: GLGP | O83: 34GP | P83: Open Ended Debt Fund | Q83: 10 | R83: Live | S83: 36504 | U83: LIC MF Gilt Fund-Regular Plan-Growth | V83: Yes | W83: Yes | X83: Yes | Y83: Cluster 3 | Z83: RG | AA83: Regular Plan - Growth Option | AB83: Erstwhile LIC MF Government Securities Fund
A84: LIC34 | B84: =F84&I84 -> LDGSECRD | C84: =O84 -> 34DP | D84: 100316 | E84: INF767K01683INF767K01691 | F84: LDGSEC | G84: LIC MF Gilt Fund | H84: Gilt | I84: RD | J84: Regular Plan IDCW Option | K84: Regular | L84: GL | M84: 34 | N84: GLDP | O84: 34DP | P84: Open Ended Debt Fund | Q84: 10 | R84: Live | S84: 36504 | U84: LIC MF Gilt Fund-Regular Plan-IDCW | V84: Yes | W84: Yes | X84: Yes | Y84: Cluster 3 | Z84: RD | AA84: Regular Plan - IDCW Option | AB84: Erstwhile LIC MF Government Securities Fund
A85: LIC34 | B85: =F85&I85 -> LDGSECGDP | C85: =O85 -> 34G1 | D85: 120282 | E85: INF767K01EZ3 | F85: LDGSEC | G85: LIC MF Gilt Fund | H85: Gilt | I85: GDP | J85: Direct Plan Growth Option | K85: Direct | L85: GL | M85: 34 | N85: GLG1 | O85: 34G1 | P85: Open Ended Debt Fund | Q85: 10 | R85: Live | S85: 41275 | U85: LIC MF Gilt Fund-Direct Plan-Growth | V85: Yes | W85: Yes | X85: Yes | Y85: Cluster 3 | Z85: DG | AA85: Direct Plan - Growth Option | AB85: Erstwhile LIC MF Government Securities Fund
A86: LIC34 | B86: =F86&I86 -> LDGSECDDP | C86: =O86 -> 34D1 | D86: 120283 | E86: INF767K01EY6INF767K01FA3 | F86: LDGSEC | G86: LIC MF Gilt Fund | H86: Gilt | I86: DDP | J86: Direct Plan IDCW Option | K86: Direct | L86: GL | M86: 34 | N86: GLD1 | O86: 34D1 | P86: Open Ended Debt Fund | Q86: 10 | R86: Live | S86: 41275 | U86: LIC MF Gilt Fund-Direct Plan-IDCW | V86: Yes | W86: Yes | X86: Yes | Y86: Cluster 3 | Z86: DD | AA86: Direct Plan - IDCW Option | AB86: Erstwhile LIC MF Government Securities Fund
A87: LIC34 | B87: =F87&I87 -> LDGSECPFG | C87: =O87 -> 34PG | D87: 100319 | E87: INF767K01733 | F87: LDGSEC | G87: LIC MF Gilt Fund | H87: Gilt | I87: PFG | J87: PF Plan-Growth | K87: PF | L87: GL | M87: 34 | N87: GLPG | O87: 34PG | P87: Open Ended Debt Fund | Q87: 10 | R87: Live | S87: 36504 | U87: LIC MF Gilt Fund-PF Plan-Growth | V87: Yes | W87: Yes | X87: Yes | Y87: Cluster 3 | Z87: PG | AA87: PF Plan - Growth Option | AB87: Erstwhile LIC MF Government Securities Fund
A88: LIC34 | B88: =F88&I88 -> LDGSECPFD | C88: =O88 -> 34PD | D88: 100318 | E88: INF767K01717INF767K01725 | F88: LDGSEC | G88: LIC MF Gilt Fund | H88: Gilt | I88: PFD | J88: PF Plan-IDCW | K88: PF | L88: GL | M88: 34 | N88: GLPD | O88: 34PD | P88: Open Ended Debt Fund | Q88: 10 | R88: Live | S88: 36504 | U88: LIC MF Gilt Fund-PF Plan-IDCW | V88: Yes | W88: Yes | X88: Yes | Y88: Cluster 3 | Z88: PD | AA88: PF Plan - IDCW Option | AB88: Erstwhile LIC MF Government Securities Fund
A89: LIC34 | B89: =F89&I89 -> LDGSECNA | C89: =O89 -> NA | D89: 100320 | F89: LDGSEC | G89: LIC MF Gilt Fund | H89: Gilt | I89: NA | J89: NA | K89: NA | L89: GL | M89: 34 | N89: NA | O89: NA | P89: Open Ended Debt Fund | Q89: 10 | R89: Not in use | S89: 36504 | U89: LIC MF Govt Securities Fund-PF Plan | V89: Yes | W89: Yes | X89: Yes | Y89: Cluster 3 | Z89: NA | AA89: NA | AB89: Erstwhile LIC MF Government Securities Fund
A90: LIC34 | B90: =F90&I90 -> LDGSECNA | C90: =O90 -> NA | D90: 115223 | F90: LDGSEC | G90: LIC MF Gilt Fund | H90: Gilt | I90: NA | J90: NA | K90: NA | L90: GL | M90: 34 | N90: NA | O90: NA | P90: Open Ended Debt Fund | Q90: 10 | R90: Not in use | S90: 36504 | U90: LIC NOMURA MF Govt Securities Fund | V90: Yes | W90: Yes | X90: Yes | Y90: Cluster 3 | Z90: NA | AA90: NA | AB90: Erstwhile LIC MF Government Securities Fund
A91: LIC35 | B91: =F91&I91 -> LECHIDRG | C91: =O91 -> 35GP | D91: 101271 | E91: INF767K01048 | F91: LECHID | G91: LIC MF Children's Fund | H91: Equity | I91: RG | J91: Regular Plan Growth Option | K91: Regular | L91: CF | M91: 35 | N91: CFGP | O91: 35GP | P91: Open Ended Equity Fund | Q91: 10 | R91: Live | S91: 37207 | U91: LIC MF Children's Fund-Regular Plan-Growth | V91: Yes | W91: Yes | X91: Yes | Y91: Cluster 2 | Z91: RG | AA91: Regular Plan - Growth Option | AB91: Erstwhile LIC MF Children's Gift Fund
A92: LIC35 | B92: =F92&I92 -> LECHIDGDP | C92: =O92 -> 35G1 | D92: 120285 | E92: INF767K01FB1 | F92: LECHID | G92: LIC MF Children's Fund | H92: Equity | I92: GDP | J92: Direct Plan Growth Option | K92: Direct | L92: CF | M92: 35 | N92: CFG1 | O92: 35G1 | P92: Open Ended Equity Fund | Q92: 10 | R92: Live | S92: 41290 | U92: LIC MF Children's Fund-Direct Plan-Growth | V92: Yes | W92: Yes | X92: Yes | Y92: Cluster 2 | Z92: DG | AA92: Direct Plan - Growth Option | AB92: Erstwhile LIC MF Children's Gift Fund
A93: LIC36 | B93: =F93&I93 -> LLIQDFRG | C93: =O93 -> 36GP | D93: 101185 | E93: INF767K01IS9 | F93: LLIQDF | G93: LIC MF Liquid Fund | H93: Liquid | I93: RG | J93: Regular Plan Growth Option | K93: Regular | L93: LF | M93: 36 | N93: LFGP | O93: 36GP | P93: Liquid Fund | Q93: 1000 | R93: Live | S93: 37333 | U93: LIC MF Liquid Fund-Regular Plan-Growth | V93: Yes | W93: Yes | X93: Yes | Y93: Cluster 3 | Z93: RG | AA93: Regular Plan - Growth Option
A94: LIC36 | B94: =F94&I94 -> LLIQDFRDD | C94: =O94 -> 36DP | D94: 101184 | E94: INF767K01IQ3INF767K01IR1 | F94: LLIQDF | G94: LIC MF Liquid Fund | H94: Liquid | I94: RDD | J94: Regular Daily IDCW Option | K94: Regular | L94: LF | M94: 36 | N94: LFDP | O94: 36DP | P94: Liquid Fund | Q94: 1000 | R94: Live | S94: 37333 | U94: LIC MF Liquid Fund-Regular Plan-Daily IDCW | V94: Yes | W94: Yes | X94: Yes | Y94: Cluster 3 | Z94: RDD | AA94: Regular Plan - Daily IDCW Option
A95: LIC36 | B95: =F95&I95 -> LLIQDFRWD | C95: =O95 -> 36WD | D95: 151927 | E95: INF397L01950INF397L01943 | F95: LLIQDF | G95: LIC MF Liquid Fund | H95: Liquid | I95: RWD | J95: Regular Plan Weekly IDCW Option | K95: Regular | L95: LF | M95: 36 | N95: LFWD | O95: 36WD | P95: Liquid Fund | Q95: 1000 | R95: Live | S95: 45136 | U95: LIC MF Liquid Fund-Regular Plan-Weekly IDCW | V95: Yes | W95: Yes | X95: Yes | Y95: Cluster 3 | Z95: RDW | AA95: Regular Plan - Weekly IDCW Option
A96: LIC36 | B96: =F96&I96 -> LLIQDFRMD | C96: =O96 -> 36MD | D96: 151928 | E96: INF397L01976INF397L01968 | F96: LLIQDF | G96: LIC MF Liquid Fund | H96: Liquid | I96: RMD | J96: Regular Plan Monthly IDCW Option | K96: Regular | L96: LF | M96: 36 | N96: LFMD | O96: 36MD | P96: Liquid Fund | Q96: 1000 | R96: Live | S96: 45136 | U96: LIC MF Liquid Fund-Regular Plan-Monthly IDCW | V96: Yes | W96: Yes | X96: Yes | Y96: Cluster 3 | Z96: RDM | AA96: Regular Plan - Monthly IDCW Option
A97: LIC36 | B97: =F97&I97 -> LLIQDFGDP | C97: =O97 -> 36G1 | D97: 120249 | E97: INF767K01DN1 | F97: LLIQDF | G97: LIC MF Liquid Fund | H97: Liquid | I97: GDP | J97: Direct Plan Growth Option | K97: Direct | L97: LF | M97: 36 | N97: LFG1 | O97: 36G1 | P97: Liquid Fund | Q97: 1000 | R97: Live | S97: 41275 | U97: LIC MF Liquid Fund-Direct Plan-Growth | V97: Yes | W97: Yes | X97: Yes | Y97: Cluster 3 | Z97: DG | AA97: Direct Plan - Growth Option
A98: LIC36 | B98: =F98&I98 -> LLIQDFDDP | C98: =O98 -> 36D1 | D98: 120248 | E98: INF767K01DL5INF767K01DM3 | F98: LLIQDF | G98: LIC MF Liquid Fund | H98: Liquid | I98: DDP | J98: Direct Plan IDCW Option | K98: Direct | L98: LF | M98: 36 | N98: LFD1 | O98: 36D1 | P98: Liquid Fund | Q98: 1000 | R98: Live | S98: 41275 | U98: LIC MF Liquid Fund-Direct Plan-Daily IDCW | V98: Yes | W98: Yes | X98: Yes | Y98: Cluster 3 | Z98: DDD | AA98: Direct Plan - IDCW Option
A99: LIC36 | B99: =F99&I99 -> LLIQDFWDP | C99: =O99 -> 36W1 | D99: 151932 | E99: INF397L01AM3INF397L01AL5 | F99: LLIQDF | G99: LIC MF Liquid Fund | H99: Liquid | I99: WDP | J99: Direct Plan Weekly IDCW Option | K99: Direct | L99: LF | M99: 36 | N99: LFW1 | O99: 36W1 | P99: Liquid Fund | Q99: 1000 | R99: Live | S99: 45136 | U99: LIC MF Liquid Fund-Direct Plan-Weekly IDCW | V99: Yes | W99: Yes | X99: Yes | Y99: Cluster 3 | Z99: DDW | AA99: Direct Plan - Weekly IDCW Option
A100: LIC36 | B100: =F100&I100 -> LLIQDFMDP | C100: =O100 -> 36M1 | D100: 151930 | E100: INF397L01AK7INF397L01AJ9 | F100: LLIQDF | G100: LIC MF Liquid Fund | H100: Liquid | I100: MDP | J100: Direct Plan Monthly IDCW Option | K100: Direct | L100: LF | M100: 36 | N100: LFM1 | O100: 36M1 | P100: Liquid Fund | Q100: 1000 | R100: Live | S100: 45136 | U100: LIC MF Liquid Fund-Direct Plan-Monthly IDCW | V100: Yes | W100: Yes | X100: Yes | Y100: Cluster 3 | Z100: DDM | AA100: Direct Plan - Monthly IDCW Option
A101: LIC37 | B101: =F101&I101 -> LEINSXRG | C101: =O101 -> 37GP | D101: 101199 | E101: INF767K01139 | F101: LEINSX | G101: LIC MF BSE Sensex Index Fund | H101: Index | I101: RG | J101: Regular Plan Growth Option | K101: Regular | L101: IF | M101: 37 | N101: IFGP | O101: 37GP | P101: Open Ended Equity Fund | Q101: 10 | R101: Live | S101: 37595 | U101: LIC MF BSE Sensex Index Fund-Regular Plan-Growth | V101: Yes | W101: Yes | X101: Yes | Y101: Cluster 4 | Z101: RG | AA101: Regular Plan - Growth Option | AB101: Erstwhile LIC MF S & P BSE Sensex Index Fund, Erstwhile LIC MF Index Fund - Sensex Plan
A102: LIC37 | B102: =F102&I102 -> LEINSXRD | C102: =O102 -> 37DP | D102: 101198 | E102: INF767K01121INF767K01113 | F102: LEINSX | G102: LIC MF BSE Sensex Index Fund | H102: Index | I102: RD | J102: Regular Plan IDCW Option | K102: Regular | L102: IF | M102: 37 | N102: IFDP | O102: 37DP | P102: Open Ended Equity Fund | Q102: 10 | R102: Live | S102: 37595 | U102: LIC MF BSE Sensex Index Fund-Regular Plan-IDCW | V102: Yes | W102: Yes | X102: Yes | Y102: Cluster 4 | Z102: RD | AA102: Regular Plan - IDCW Option | AB102: Erstwhile LIC MF S & P BSE Sensex Index Fund, Erstwhile LIC MF Index Fund - Sensex Plan
A103: LIC37 | B103: =F103&I103 -> LEINSXGDP | C103: =O103 -> 37G1 | D103: 120308 | E103: INF767K01FJ4 | F103: LEINSX | G103: LIC MF BSE Sensex Index Fund | H103: Index | I103: GDP | J103: Direct Plan Growth Option | K103: Direct | L103: IF | M103: 37 | N103: IFG1 | O103: 37G1 | P103: Open Ended Equity Fund | Q103: 10 | R103: Live | S103: 41275 | U103: LIC MF BSE Sensex Index Fund-Direct Plan-Growth | V103: Yes | W103: Yes | X103: Yes | Y103: Cluster 4 | Z103: DG | AA103: Direct Plan - Growth Option | AB103: Erstwhile LIC MF S & P BSE Sensex Index Fund, Erstwhile LIC MF Index Fund - Sensex Plan
A104: LIC37 | B104: =F104&I104 -> LEINSXDDP | C104: =O104 -> 37D1 | D104: 120312 | E104: INF767K01FI6INF767K01FK2 | F104: LEINSX | G104: LIC MF BSE Sensex Index Fund | H104: Index | I104: DDP | J104: Direct Plan IDCW Option | K104: Direct | L104: IF | M104: 37 | N104: IFD1 | O104: 37D1 | P104: Open Ended Equity Fund | Q104: 10 | R104: Live | S104: 41275 | U104: LIC MF BSE Sensex Index Fund-Direct Plan-IDCW | V104: Yes | W104: Yes | X104: Yes | Y104: Cluster 4 | Z104: DD | AA104: Direct Plan - IDCW Option | AB104: Erstwhile LIC MF S & P BSE Sensex Index Fund, Erstwhile LIC MF Index Fund - Sensex Plan
A105: LIC38 | B105: =F105&I105 -> LEINNFRG | C105: =O105 -> 38NG | D105: 101201 | E105: INF767K01162 | F105: LEINNF | G105: LIC MF Nifty 50 Index Fund | H105: Index | I105: RG | J105: Regular Plan Growth Option | K105: Regular | L105: IN | M105: 38 | N105: INNG | O105: 38NG | P105: Open Ended Equity Fund | Q105: 10 | R105: Live | S105: 37595 | U105: LIC MF Nifty 50 Index Fund-Regular Plan-Growth | V105: Yes | W105: Yes | X105: Yes | Y105: Cluster 4 | Z105: RG | AA105: Regular Plan - Growth Option | AB105: Erstwhile LIC MF Index Fund - Nifty Plan
A106: LIC38 | B106: =F106&I106 -> LEINNFRD | C106: =O106 -> 38ND | D106: 101200 | E106: INF767K01154INF767K01147 | F106: LEINNF | G106: LIC MF Nifty 50 Index Fund | H106: Index | I106: RD | J106: Regular Plan IDCW Option | K106: Regular | L106: IN | M106: 38 | N106: INND | O106: 38ND | P106: Open Ended Equity Fund | Q106: 10 | R106: Live | S106: 37595 | U106: LIC MF Nifty 50 Index Fund-Regular Plan-IDCW | V106: Yes | W106: Yes | X106: Yes | Y106: Cluster 4 | Z106: RD | AA106: Regular Plan - IDCW Option | AB106: Erstwhile LIC MF Index Fund - Nifty Plan
A107: LIC38 | B107: =F107&I107 -> LEINNFGDP | C107: =O107 -> 38G1 | D107: 120307 | E107: INF767K01FF2 | F107: LEINNF | G107: LIC MF Nifty 50 Index Fund | H107: Index | I107: GDP | J107: Direct Plan Growth Option | K107: Direct | L107: IN | M107: 38 | N107: ING1 | O107: 38G1 | P107: Open Ended Equity Fund | Q107: 10 | R107: Live | S107: 41275 | U107: LIC MF Nifty 50 Index Fund-Direct Plan-Growth | V107: Yes | W107: Yes | X107: Yes | Y107: Cluster 4 | Z107: DG | AA107: Direct Plan - Growth Option | AB107: Erstwhile LIC MF Index Fund - Nifty Plan
A108: LIC38 | B108: =F108&I108 -> LEINNFDDP | C108: =O108 -> 38D1 | D108: 120309 | E108: INF767K01FG0INF767K01FH8 | F108: LEINNF | G108: LIC MF Nifty 50 Index Fund | H108: Index | I108: DDP | J108: Direct Plan IDCW Option | K108: Direct | L108: IN | M108: 38 | N108: IND1 | O108: 38D1 | P108: Open Ended Equity Fund | Q108: 10 | R108: Live | S108: 41275 | U108: LIC MF Nifty 50 Index Fund-Direct Plan-IDCW | V108: Yes | W108: Yes | X108: Yes | Y108: Cluster 4 | Z108: DD | AA108: Direct Plan - IDCW Option | AB108: Erstwhile LIC MF Index Fund - Nifty Plan
A109: LIC40 | B109: =F109&I109 -> LDSAPFRG | C109: =O109 -> 40GP | D109: 101830 | E109: INF767K01AO5 | F109: LDSAPF | G109: LIC MF Low Duration Fund | H109: Debt | I109: RG | J109: Regular Plan Growth Option | K109: Regular | L109: ST | M109: 40 | N109: STGP | O109: 40GP | P109: Open Ended Debt Fund | Q109: 10 | R109: Live | S109: 37781 | U109: LIC MF Low Duration Fund-Regular Plan-Growth | V109: Yes | W109: Yes | X109: Yes | Y109: Cluster 3 | Z109: RG | AA109: Regular Plan - Growth Option | AB109: Erstwhile LIC MF Savings Fund, Erstwhile LIC MF Savings Plus Fund
A110: LIC40 | B110: =F110&I110 -> LDSAPFRDD | C110: =O110 -> 40DD | D110: 111676 | E110: INF767K01AK3INF767K01AL1 | F110: LDSAPF | G110: LIC MF Low Duration Fund | H110: Debt | I110: RDD | J110: Regular Daily IDCW Option | K110: Regular | L110: ST | M110: 40 | N110: STDD | O110: 40DD | P110: Open Ended Debt Fund | Q110: 10 | R110: Live | S110: 37781 | U110: LIC MF Low Duration Fund-Regular Plan-Daily IDCW | V110: Yes | W110: Yes | X110: Yes | Y110: Cluster 3 | Z110: RDD | AA110: Regular Plan - Daily IDCW Option | AB110: Erstwhile LIC MF Savings Fund, Erstwhile LIC MF Savings Plus Fund
A111: LIC40 | B111: =F111&I111 -> LDSAPFRWD | C111: =O111 -> 40WD | D111: 111675 | E111: INF767K01AP2INF767K01AQ0 | F111: LDSAPF | G111: LIC MF Low Duration Fund | H111: Debt | I111: RWD | J111: Regular Plan Weekly IDCW Option | K111: Regular | L111: ST | M111: 40 | N111: STWD | O111: 40WD | P111: Open Ended Debt Fund | Q111: 10 | R111: Live | S111: 37781 | U111: LIC MF Low Duration Fund-Regular Plan-Weekly IDCW | V111: Yes | W111: Yes | X111: Yes | Y111: Cluster 3 | Z111: RDW | AA111: Regular Plan - Weekly IDCW Option | AB111: Erstwhile LIC MF Savings Fund, Erstwhile LIC MF Savings Plus Fund
A112: LIC40 | B112: =F112&I112 -> LDSAPFRMD | C112: =O112 -> 40DP | D112: 101829 | E112: INF767K01AM9INF767K01AN7 | F112: LDSAPF | G112: LIC MF Low Duration Fund | H112: Debt | I112: RMD | J112: Regular Plan Monthly IDCW Option | K112: Regular | L112: ST | M112: 40 | N112: STDP | O112: 40DP | P112: Open Ended Debt Fund | Q112: 10 | R112: Live | S112: 37781 | U112: LIC MF Low Duration Fund-Regular Plan-Monthly IDCW | V112: Yes | W112: Yes | X112: Yes | Y112: Cluster 3 | Z112: RDM | AA112: Regular Plan - Monthly IDCW Option | AB112: Erstwhile LIC MF Savings Fund, Erstwhile LIC MF Savings Plus Fund
... A124: LIC72 | B124: =F124&I124 -> LDINPFMDP | C124: =O124 -> 72M1 | D124: 120339 | E124: INF767K01GK0INF767K01GN4 | F124: LDINPF | G124: LIC MF Banking & PSU Fund | H124: Debt | I124: MDP | J124: Direct Plan Monthly IDCW Option | K124: Direct | L124: LP | M124: 72 | N124: LPM1 | O124: 72M1 | P124: Open Ended Debt Fund | Q124: 10 | R124: Live | S124: 41275 | U124: LIC MF Banking & PSU Fund-Direct Plan-Monthly IDCW | V124: Yes | W124: Yes | X124: Yes | Y124: Cluster 3 | Z124: DDM | AA124: Direct Plan - Monthly IDCW Option | AB124: Erstwhile LIC MF Banking & PSU Debt Fund, Erstwhile LIC MF Income Plus Fund
A125: LIC72 | B125: =F125&I125 -> LDINPFNA | C125: =O125 -> NA | D125: 115202 | F125: LDINPF | G125: LIC MF Banking & PSU Fund | H125: Debt | I125: NA | J125: NA | K125: NA | L125: LP | M125: 72 | N125: NA | O125: NA | P125: Open Ended Debt Fund | Q125: 10 | R125: Not in use | S125: 39233 | U125: LIC NOMURA MF INCOME PLUS FUND | V125: Yes | W125: Yes | X125: Yes | Y125: Cluster 3 | Z125: NA | AA125: NA | AB125: Erstwhile LIC MF Banking & PSU Debt Fund, Erstwhile LIC MF Income Plus Fund
A126: LIC86 | B126: =F126&I126 -> LEINFARG | C126: =O126 -> 86GP | D126: 107763 | E126: INF767K01501 | F126: LEINFA | G126: LIC MF Infrastructure Fund | H126: Equity | I126: RG | J126: Regular Plan Growth Option | K126: Regular | L126: IR | M126: 86 | N126: IRGP | O126: 86GP | P126: Open Ended Equity Fund | Q126: 10 | R126: Live | S126: 39531 | U126: LIC MF Infrastructure Fund-Regular Plan-Growth | V126: Yes | W126: Yes | X126: Yes | Y126: Cluster 2 | Z126: RG | AA126: Regular Plan - Growth Option
A127: LIC86 | B127: =F127&I127 -> LEINFARD | C127: =O127 -> 86DP | D127: 107764 | E127: INF767K01485INF767K01493 | F127: LEINFA | G127: LIC MF Infrastructure Fund | H127: Equity | I127: RD | J127: Regular Plan IDCW Option | K127: Regular | L127: IR | M127: 86 | N127: IRDP | O127: 86DP | P127: Open Ended Equity Fund | Q127: 10 | R127: Live | S127: 39531 | U127: LIC MF Infrastructure Fund-Regular Plan-IDCW | V127: Yes | W127: Yes | X127: Yes | Y127: Cluster 2 | Z127: RD | AA127: Regular Plan - IDCW Option
A128: LIC86 | B128: =F128&I128 -> LEINFAGDP | C128: =O128 -> 86G1 | D128: 120351 | E128: INF767K01GW5 | F128: LEINFA | G128: LIC MF Infrastructure Fund | H128: Equity | I128: GDP | J128: Direct Plan Growth Option | K128: Direct | L128: IR | M128: 86 | N128: IRG1 | O128: 86G1 | P128: Open Ended Equity Fund | Q128: 10 | R128: Live | S128: 41275 | U128: LIC MF Infrastructure Fund-Direct Plan-Growth | V128: Yes | W128: Yes | X128: Yes | Y128: Cluster 2 | Z128: DG | AA128: Direct Plan - Growth Option
A129: LIC86 | B129: =F129&I129 -> LEINFADDP | C129: =O129 -> 86D1 | D129: 120350 | E129: INF767K01GV7INF767K01GX3 | F129: LEINFA | G129: LIC MF Infrastructure Fund | H129: Equity | I129: DDP | J129: Direct Plan IDCW Option | K129: Direct | L129: IR | M129: 86 | N129: IRD1 | O129: 86D1 | P129: Open Ended Equity Fund | Q129: 10 | R129: Live | S129: 41275 | U129: LIC MF Infrastructure Fund-Direct Plan-IDCW | V129: Yes | W129: Yes | X129: Yes | Y129: Cluster 2 | Z129: DD | AA129: Direct Plan - IDCW Option
A130: LIC142 | B130: =F130&I130 -> LDCPO2RG | C130: =O130 -> 142GP | D130: 126381 | F130: LDCPO2 | G130: LIC MF Capital Protection Oriented Fund - Series 2 | H130: FMP | I130: RG | J130: Growth Option | K130: Regular | L130: C2 | M130: 142 | N130: C2GP | O130: 142GP | P130: Close Ended Debt Fund | Q130: 10 | R130: Matured | S130: 41659 | T130: NA | V130: No | W130: No | X130: No | Y130: NA | Z130: RG | AA130: Regular Plan - Growth Option
A131: LIC142 | B131: =F131&I131 -> LDCPO2RD | C131: =O131 -> 142DP | D131: 126382 | F131: LDCPO2 | G131: LIC MF Capital Protection Oriented Fund - Series 2 | H131: FMP | I131: RD | J131: Dividend Option | K131: Regular | L131: C2 | M131: 142 | N131: C2DP | O131: 142DP | P131: Close Ended Debt Fund | Q131: 10 | R131: Matured | S131: 41659 | T131: NA | V131: No | W131: No | X131: No | Y131: NA | Z131: RD | AA131: Regular Plan - IDCW Option
A132: LIC142 | B132: =F132&I132 -> LDCPO2GDP | C132: =O132 -> 142G1 | D132: 126380 | F132: LDCPO2 | G132: LIC MF Capital Protection Oriented Fund - Series 2 | H132: FMP | I132: GDP | J132: Growth Option | K132: Direct | L132: C2 | M132: 142 | N132: C2G1 | O132: 142G1 | P132: Close Ended Debt Fund | Q132: 10 | R132: Matured | S132: 41659 | T132: NA | V132: No | W132: No | X132: No | Y132: NA | Z132: DG | AA132: Direct Plan - Growth Option
A133: LIC142 | B133: =F133&I133 -> LDCPO2DDP | C133: =O133 -> 142D1 | D133: 126239 | F133: LDCPO2 | G133: LIC MF Capital Protection Oriented Fund - Series 2 | H133: FMP | I133: DDP | J133: Dividend Option | K133: Direct | L133: C2 | M133: 142 | N133: C2D1 | O133: 142D1 | P133: Close Ended Debt Fund | Q133: 10 | R133: Matured | S133: 41659 | T133: NA | V133: No | W133: No | X133: No | Y133: NA | Z133: DD | AA133: Direct Plan - IDCW Option
A134: LIC168 | B134: =F134&I134 -> LDGETFG | C134: =O134 -> 168GP | D134: 133307 | E134: INF767K01MV5 | F134: LDGETF | G134: LIC MF Nifty 8-13 yr G-Sec ETF | H134: ETF | I134: G | J134: Growth Option | K134: Regular | L134: ET | M134: 168 | N134: ETGP | O134: 168GP | P134: Open Ended G-Sec ETF Debt Fund | Q134: 10 | R134: Live | S134: 41997 | U134: LIC MF Nifty 8-13 yr G-Sec ETF | V134: Yes | W134: Yes | X134: Yes | Y134: Cluster 4 | Z134: G | AA134: Growth Option | AB134: Erstwhile LIC MF G-Sec Long Term Exchange Traded Fund
A135: LIC170 | B135: =F135&I135 -> LEMIDFRG | C135: =O135 -> 170GP | D135: 133711 | E135: INF767K01NB5 | F135: LEMIDF | G135: LIC MF Large & Mid Cap Fund | H135: Equity | I135: RG | J135: Regular Plan Growth Option | K135: Regular | L135: MC | M135: 170 | N135: MCGP | O135: 170GP | P135: Open Ended Equity Fund | Q135: 10 | R135: Live | S135: 42060 | U135: LIC MF Large & Mid Cap Fund-Regular Plan-Growth | V135: Yes | W135: Yes | X135: Yes | Y135: Cluster 2 | Z135: RG | AA135: Regular Plan - Growth Option | AB135: Erstwhile LIC MF Midcap Fund
A136: LIC170 | B136: =F136&I136 -> LEMIDFRD | C136: =O136 -> 170DP | D136: 133712 | E136: INF767K01NA7INF767K01NC3 | F136: LEMIDF | G136: LIC MF Large & Mid Cap Fund | H136: Equity | I136: RD | J136: Regular Plan IDCW Option | K136: Regular | L136: MC | M136: 170 | N136: MCDP | O136: 170DP | P136: Open Ended Equity Fund | Q136: 10 | R136: Live | S136: 42060 | U136: LIC MF Large & Mid Cap Fund-Regular Plan-IDCW | V136: Yes | W136: Yes | X136: Yes | Y136: Cluster 2 | Z136: RD | AA136: Regular Plan - IDCW Option
A137: LIC170 | B137: =F137&I137 -> LEMIDFGDP | C137: =O137 -> 170G1 | D137: 133710 | E137: INF767K01NE9 | F137: LEMIDF | G137: LIC MF Large & Mid Cap Fund | H137: Equity | I137: GDP | J137: Direct Plan Growth Option | K137: Direct | L137: MC | M137: 170 | N137: MCG1 | O137: 170G1 | P137: Open Ended Equity Fund | Q137: 10 | R137: Live | S137: 42060 | U137: LIC MF Large & Mid Cap Fund-Direct Plan-Growth | V137: Yes | W137: Yes | X137: Yes | Y137: Cluster 2 | Z137: DG | AA137: Direct Plan - Growth Option
...

Sheet PHY rollback
A1: Concatenate | B1: SCHEME | C1: SCHCLASS | D1: TRAN_TYPE | E1: VALUE_DATE | F1: NAV | G1: TRADES_UNI | H1: TRADES_AMO | I1: LOAD | J1: UPR_AMT | K1: EQ_AMT | L1: TDS | M1: STTAMT | N1: TRANSFEE | O1: SCH_LOAD | P1: BCLOSEDT | Q1: CGS_TAX | R1: SGS_TAX | S1: IGS_TAX | T1: GAINAMT
A2: =INDEX('Scheme master'!B:B,MATCH(B2&C2,'Scheme master'!C:C,0),0) -> #N/A
A3: =INDEX('Scheme master'!B:B,MATCH(B3&C3,'Scheme master'!C:C,0),0) -> #N/A
A4: =INDEX('Scheme master'!B:B,MATCH(B4&C4,'Scheme master'!C:C,0),0) -> #N/A
A5: =INDEX('Scheme master'!B:B,MATCH(B5&C5,'Scheme master'!C:C,0),0) -> #N/A

Sheet PHY simnav
A2: Concatenate | B2: HY plan code | C2: Face value | D2: Unit capital | E2: Rollback | F2: Net asset | G2: NAV per unit | H2: Check | I2: Status | J2: Fund_ID_Share_Type | K2: Fund_ID | L2: Share_Type | M2: Outstanding_Units | N2: Plan_Level_Net_Assets | O2: Unrounded_NAV | P2: Total_Net_Assets | Q2: Net_Asset_Per_Units | R2: Nav_Date | S2: Amfi_Code | T2: RNT_Code | U2: RNT_Scheme_Code | V2: Press_Code | W2: Benchmark_Index | X2: Fund_Type | Y2: Sub_Price | Z2: Red_Price | AA2: Sec_ID | AB2: Fund_Desc | AC2: Share_Class_Desc | AD2: Per_Nav_Date | AE2: Net_Asset_Per_Unit_Pre_Rounded | AF2: Net_Asset_Per_Unit_Pre_UnRounded | AG2: Movement_Rounded_Nav | AH2: Per_Movement_rounded | AI2: Annual_Return_Rounded | AJ2: Movement_UnRounded_Nav | AK2: Per_Movement_UnRounded | AL2: Annualised_Return_Unrounded | AM2: IN_FA_FF_10 | AN2: IN_FA_FF_11 | AO2: IN_FA_FF_12 | AP2: IN_FA_FF_01 | AQ2: IN_FA_FF_02 | AR2: IN_FA_FF_03 | AS2: IN_FA_FF_09 | AT2: ClientID | AU2: AMC_Group
A3: =K3&B3 -> LEGFOFDG | B3: =VLOOKUP(J3,'Scheme master'!B:AA,25,0) -> DG | C3: =VLOOKUP(J3,'Scheme master'!B:Q,16,0) -> 10 | D3: =(M3+E3)*C3/10000000 -> 7.967057 | E3: =SUMIF('PHY rollback'!A:A,J3,'PHY rollback'!G:G) -> 0 | F3: =N3/10000000 -> 16.878716 | G3: =IF(M3<=0,0,Q3) -> 21.1856 | H3: =SUMIF(K:K,K3,F:F)-P3/10000000 -> 0 | I3: =VLOOKUP(K3,'Scheme master'!F:R,13,0) -> Live | J3: LEGFOFGDP | K3: LEGFOF | L3: GDP | M3: 7967057 | N3: 1.6878716e+08 | O3: 21.185634 | P3: 6.3792807e+08 | Q3: 21.1856 | R3: 45565 | S3: 151974 | T3: 194G1 | U3: 194 | W3: 10 | X3: EQTY | Y3: 21.1856 | Z3: 21.1856 | AA3: 159660 | AB3: LIC MF Gold ETF Fund of Fund | AC3: Direct Plan Growth Option | AD3: 45564 | AE3: 21.0265 | AF3: 21.026472 | AG3: 0.1591 | AH3: 0.75666421 | AI3: 276.1824 | AJ3: 0.15916259 | AK3: 0.7569629 | AL3: 276.2915 | AM3: LIC MF Gold ETF Fund of Fund | AN3: LIC194 | AP3: Direct | AT3: 30 | AU3: LIC
A4: =K4&B4 -> LEGFOFRG | B4: =VLOOKUP(J4,'Scheme master'!B:AA,25,0) -> RG | C4: =VLOOKUP(J4,'Scheme master'!B:Q,16,0) -> 10 | D4: =(M4+E4)*C4/10000000 -> 23.263639 | E4: =SUMIF('PHY rollback'!A:A,J4,'PHY rollback'!G:G) -> 0 | F4: =N4/10000000 -> 46.914091 | G4: =IF(M4<=0,0,Q4) -> 20.1663 | H4: =SUMIF(K:K,K4,F:F)-P4/10000000 -> 0 | I4: =VLOOKUP(K4,'Scheme master'!F:R,13,0) -> Live | J4: LEGFOFRG | K4: LEGFOF | L4: RG | M4: 23263639 | N4: 4.6914091e+08 | O4: 20.166273 | P4: 6.3792807e+08 | Q4: 20.1663 | R4: 45565 | S4: 151973 | T4: 194GP | U4: 194 | W4: 10 | X4: EQTY | Y4: 20.1663 | Z4: 20.1663 | AA4: 159659 | AB4: LIC MF Gold ETF Fund of Fund | AC4: Regular Plan Growth Option | AD4: 45564 | AE4: 20.015 | AF4: 20.014994 | AG4: 0.1513 | AH4: 0.75593305 | AI4: 275.9156 | AJ4: 0.1512798 | AK4: 0.75583236 | AL4: 275.8788 | AM4: LIC MF Gold ETF Fund of Fund | AN4: LIC194 | AP4: Regular | AT4: 30 | AU4: LIC
A5: =K5&B5 -> LEGROWDD | B5: =VLOOKUP(J5,'Scheme master'!B:AA,25,0) -> DD | C5: =VLOOKUP(J5,'Scheme master'!B:Q,16,0) -> 10 | D5: =(M5+E5)*C5/10000000 -> 0.62563213 | E5: =SUMIF('PHY rollback'!A:A,J5,'PHY rollback'!G:G) -> 0 | F5: =N5/10000000 -> 2.5920446 | G5: =IF(M5<=0,0,Q5) -> 41.4308 | H5: =SUMIF(K:K,K5,F:F)-P5/10000000 -> 0 | I5: =VLOOKUP(K5,'Scheme master'!F:R,13,0) -> Live | J5: LEGROWDDP | K5: LEGROW | L5: DDP | M5: 625632.13 | N5: 25920446 | O5: 41.430811 | P5: 1.5882787e+10 | Q5: 41.4308 | R5: 45565 | S5: 120268 | T5: 19D1 | U5: 19 | V5: LI174 | W5: 10 | X5: EQTY | Y5: 41.4308 | Z5: 41.0165 | AA5: 84352 | AB5: LIC MF Large Cap Fund | AC5: Direct Plan IDCW Option | AD5: 45564 | AE5: 41.9194 | AF5: 41.9194 | AG5: -0.4886 | AH5: -1.1655701 | AI5: -425.4331 | AJ5: -0.48858837 | AK5: -1.1655424 | AL5: -425.423 | AM5: LIC MF Large Cap Fund | AN5: LIC19 | AP5: Direct | AQ5: INF767K01EI9/INF767K01EK5 | AT5: 30 | AU5: LIC
A6: =K6&B6 -> LEMIDFRD | B6: =VLOOKUP(J6,'Scheme master'!B:AA,25,0) -> RD | C6: =VLOOKUP(J6,'Scheme master'!B:Q,16,0) -> 10 | D6: =(M6+E6)*C6/10000000 -> 10.407792 | E6: =SUMIF('PHY rollback'!A:A,J6,'PHY rollback'!G:G) -> 0 | F6: =N6/10000000 -> 34.113423 | G6: =IF(M6<=0,0,Q6) -> 32.7768 | H6: =SUMIF(K:K,K6,F:F)-P6/10000000 -> 0 | I6: =VLOOKUP(K6,'Scheme master'!F:R,13,0) -> Live | J6: LEMIDFRD | K6: LEMIDF | L6: RD | M6: 10407792 | N6: 3.4113423e+08 | O6: 32.77681 | P6: 3.234879e+10 | Q6: 32.7768 | R6: 45565 | S6: 133712 | T6: 170DP | U6: 170 | V6: LI416 | W6: 10 | X6: EQTY | Y6: 32.7768 | Z6: 32.449 | AA6: 84335 | AB6: LIC MF Large & Mid Cap Fund | AC6: Regular Plan IDCW Option | AD6: 45564 | AE6: 32.9902 | AF6: 32.990178 | AG6: -0.2134 | AH6: -0.64685876 | AI6: -236.1034 | AJ6: -0.21336724 | AK6: -0.64675991 | AL6: -236.0674 | AM6: LIC MF Large & Mid Cap Fund | AN6: LIC170 | AP6: Regular | AQ6: INF767K01NA7/INF767K01NC3 | AT6: 30 | AU6: LIC
A7: =K7&B7 -> LEMIDFRG | B7: =VLOOKUP(J7,'Scheme master'!B:AA,25,0) -> RG | C7: =VLOOKUP(J7,'Scheme master'!B:Q,16,0) -> 10 | D7: =(M7+E7)*C7/10000000 -> 631.89897 | E7: =SUMIF('PHY rollback'!A:A,J7,'PHY rollback'!G:G) -> 0 | F7: =N7/10000000 -> 2558.091 | G7: =IF(M7<=0,0,Q7) -> 40.4826 | H7: =SUMIF(K:K,K7,F:F)-P7/10000000 -> 0 | I7: =VLOOKUP(K7,'Scheme master'!F:R,13,0) -> Live | J7: LEMIDFRG | K7: LEMIDF | L7: RG | M7: 6.3189897e+08 | N7: 2.558091e+10 | O7: 40.482594 | P7: 3.234879e+10 | Q7: 40.4826 | R7: 45565 | S7: 133711 | T7: 170GP | U7: 170 | V7: LI417 | W7: 10 | X7: EQTY | Y7: 40.4826 | Z7: 40.0778 | AA7: 84336 | AB7: LIC MF Large & Mid Cap Fund | AC7: Regular Plan Growth Option | AD7: 45564 | AE7: 40.7461 | AF7: 40.746124 | AG7: -0.2635 | AH7: -0.64668766 | AI7: -236.041 | AJ7: -0.26352938 | AK7: -0.64675938 | AL7: -236.0672 | AM7: LIC MF Large & Mid Cap Fund | AN7: LIC170 | AP7: Regular | AQ7: INF767K01NB5 | AT7: 30 | AU7: LIC
A8: =K8&B8 -> LEMUCFDD | B8: =VLOOKUP(J8,'Scheme master'!B:AA,25,0) -> DD | C8: =VLOOKUP(J8,'Scheme master'!B:Q,16,0) -> 10 | D8: =(M8+E8)*C8/10000000 -> 0.19832353 | E8: =SUMIF('PHY rollback'!A:A,J8,'PHY rollback'!G:G) -> 0 | F8: =N8/10000000 -> 0.36114485 | G8: =IF(M8<=0,0,Q8) -> 18.2099 | H8: =SUMIF(K:K,K8,F:F)-P8/10000000 -> 0 | I8: =VLOOKUP(K8,'Scheme master'!F:R,13,0) -> Live | J8: LEMUCFDDP | K8: LEMUCF | L8: DDP | M8: 198323.53 | N8: 3611448.5 | O8: 18.209884 | P8: 1.4039425e+10 | Q8: 18.2099 | R8: 45565 | S8: 150660 | T8: 184D1 | U8: 184 | W8: 10 | X8: EQTY | Y8: 18.2099 | Z8: 18.2099 | AA8: 149559 | AB8: LIC MF Multi Cap Fund | AC8: Direct Plan IDCW Option | AD8: 45564 | AE8: 18.2184 | AF8: 18.218438 | AG8: -0.0085 | AH8: -0.046656128 | AI8: -17.0295 | AJ8: -0.0085542042 | AK8: -0.046953555 | AL8: -17.138 | AM8: LIC MF Multi Cap Fund | AN8: LIC184 | AP8: Direct | AT8: 30 | AU8: LIC
A9: =K9&B9 -> LEMUCFDG | B9: =VLOOKUP(J9,'Scheme master'!B:AA,25,0) -> DG | C9: =VLOOKUP(J9,'Scheme master'!B:Q,16,0) -> 10 | D9: =(M9+E9)*C9/10000000 -> 60.67191 | E9: =SUMIF('PHY rollback'!A:A,J9,'PHY rollback'!G:G) -> 0 | F9: =N9/10000000 -> 110.48277 | G9: =IF(M9<=0,0,Q9) -> 18.2099 | H9: =SUMIF(K:K,K9,F:F)-P9/10000000 -> 0 | I9: =VLOOKUP(K9,'Scheme master'!F:R,13,0) -> Live | J9: LEMUCFGDP | K9: LEMUCF | L9: GDP | M9: 60671910 | N9: 1.1048277e+09 | O9: 18.209873 | P9: 1.4039425e+10 | Q9: 18.2099 | R9: 45565 | S9: 150659 | T9: 184G1 | U9: 184 | W9: 10 | X9: EQTY | Y9: 18.2099 | Z9: 18.2099 | AA9: 149560 | AB9: LIC MF Multi Cap Fund | AC9: Direct Plan Growth Option | AD9: 45564 | AE9: 18.2184 | AF9: 18.218423 | AG9: -0.0085 | AH9: -0.046656128 | AI9: -17.0295 | AJ9: -0.0085501505 | AK9: -0.046931343 | AL9: -17.1299 | AM9: LIC MF Multi Cap Fund | AN9: LIC184 | AP9: Direct | AT9: 30 | AU9: LIC
A10: =K10&B10 -> LEMUCFRD | B10: =VLOOKUP(J10,'Scheme master'!B:AA,25,0) -> RD | C10: =VLOOKUP(J10,'Scheme master'!B:Q,16,0) -> 10 | D10: =(M10+E10)*C10/10000000 -> 2.0805469 | E10: =SUMIF('PHY rollback'!A:A,J10,'PHY rollback'!G:G) -> 0 | F10: =N10/10000000 -> 3.6663788 | G10: =IF(M10<=0,0,Q10) -> 17.6222 | H10: =SUMIF(K:K,K10,F:F)-P10/10000000 -> 0 | I10: =VLOOKUP(K10,'Scheme master'!F:R,13,0) -> Live | J10: LEMUCFRD | K10: LEMUCF | L10: RD | M10: 2080546.9 | N10: 36663788 | O10: 17.622188 | P10: 1.4039425e+10 | Q10: 17.6222 | R10: 45565 | S10: 150662 | T10: 184DP | U10: 184 | W10: 10 | X10: EQTY | Y10: 17.6222 | Z10: 17.6222 | AA10: 149557 | AB10: LIC MF Multi Cap Fund | AC10: Regular Plan IDCW Option | AD10: 45564 | AE10: 17.6314 | AF10: 17.631363 | AG10: -0.0092 | AH10: -0.052179634 | AI10: -19.0456 | AJ10: -0.0091751657 | AK10: -0.05203889 | AL10: -18.9942 | AM10: LIC MF Multi Cap Fund | AN10: LIC184 | AP10: Regular | AT10: 30 | AU10: LIC
A11: =K11&B11 -> LEMUCFRG | B11: =VLOOKUP(J11,'Scheme master'!B:AA,25,0) -> RG | C11: =VLOOKUP(J11,'Scheme master'!B:Q,16,0) -> 10 | D11: =(M11+E11)*C11/10000000 -> 731.70703 | E11: =SUMIF('PHY rollback'!A:A,J11,'PHY rollback'!G:G) -> 0 | F11: =N11/10000000 -> 1289.4322 | G11: =IF(M11<=0,0,Q11) -> 17.6222 | H11: =SUMIF(K:K,K11,F:F)-P11/10000000 -> 0 | I11: =VLOOKUP(K11,'Scheme master'!F:R,13,0) -> Live | J11: LEMUCFRG | K11: LEMUCF | L11: RG | M11: 7.3170703e+08 | N11: 1.2894322e+10 | O11: 17.622248 | P11: 1.4039425e+10 | Q11: 17.6222 | R11: 45565 | S11: 150661 | T11: 184GP | U11: 184 | W11: 10 | X11: EQTY | Y11: 17.6222 | Z11: 17.6222 | AA11: 149558 | AB11: LIC MF Multi Cap Fund | AC11: Regular Plan Growth Option | AD11: 45564 | AE11: 17.6313 | AF11: 17.631322 | AG11: -0.0091 | AH11: -0.051612757 | AI11: -18.8387 | AJ11: -0.0090746759 | AK11: -0.051469061 | AL11: -18.7862 | AM11: LIC MF Multi Cap Fund | AN11: LIC184 | AP11: Regular | AT11: 30 | AU11: LIC
A12: =K12&B12 -> LENI50DD | B12: =VLOOKUP(J12,'Scheme master'!B:AA,25,0) -> DD | C12: =VLOOKUP(J12,'Scheme master'!B:Q,16,0) -> 10 | D12: =(M12+E12)*C12/10000000 -> 0.20693607 | E12: =SUMIF('PHY rollback'!A:A,J12,'PHY rollback'!G:G) -> 0 | F12: =N12/10000000 -> 1.2902941 | G12: =IF(M12<=0,0,Q12) -> 62.3523 | H12: =SUMIF(K:K,K12,F:F)-P12/10000000 -> 0 | I12: =VLOOKUP(K12,'Scheme master'!F:R,13,0) -> Live | J12: LENI50DDP | K12: LENI50 | L12: DDP | M12: 206936.07 | N12: 12902941 | O12: 62.352305 | P12: 1.014782e+09 | Q12: 62.3523 | R12: 45565 | S12: 151938 | T12: 192D1 | U12: 192 | W12: 10 | X12: EQTY | Y12: 62.3523 | Z12: 62.3523 | AA12: 159653 | AB12: LIC MF Nifty Next 50 Index Fund | AC12: Direct Plan IDCW Option | AD12: 45564 | AE12: 62.9292 | AF12: 62.929162 | AG12: -0.5769 | AH12: -0.91674453 | AI12: -334.6118 | AJ12: -0.57685742 | AK12: -0.91667742 | AL12: -334.5873 | AM12: LIC MF Nifty Next 50 Index Fund | AN12: LIC192 | AP12: Direct | AT12: 30 | AU12: LIC
A13: =K13&B13 -> LENI50DG | B13: =VLOOKUP(J13,'Scheme master'!B:AA,25,0) -> DG | C13: =VLOOKUP(J13,'Scheme master'!B:Q,16,0) -> 10 | D13: =(M13+E13)*C13/10000000 -> 5.2645455 | E13: =SUMIF('PHY rollback'!A:A,J13,'PHY rollback'!G:G) -> 0 | F13: =N13/10000000 -> 32.825697 | G13: =IF(M13<=0,0,Q13) -> 62.3524 | H13: =SUMIF(K:K,K13,F:F)-P13/10000000 -> 0 | I13: =VLOOKUP(K13,'Scheme master'!F:R,13,0) -> Live | J13: LENI50GDP | K13: LENI50 | L13: GDP | M13: 5264545.5 | N13: 3.2825697e+08 | O13: 62.352387 | P13: 1.014782e+09 | Q13: 62.3524 | R13: 45565 | S13: 151937 | T13: 192G1 | U13: 192 | W13: 10 | X13: EQTY | Y13: 62.3524 | Z13: 62.3524 | AA13: 159654 | AB13: LIC MF Nifty Next 50 Index Fund | AC13: Direct Plan Growth Option | AD13: 45564 | AE13: 62.9292 | AF13: 62.929245 | AG13: -0.5768 | AH13: -0.91658562 | AI13: -334.5538 | AJ13: -0.57685813 | AK13: -0.91667734 | AL13: -334.5872 | AM13: LIC MF Nifty Next 50 Index Fund | AN13: LIC192 | AP13: Direct | AT13: 30 | AU13: LIC
A14: =K14&B14 -> LENI50RD | B14: =VLOOKUP(J14,'Scheme master'!B:AA,25,0) -> RD | C14: =VLOOKUP(J14,'Scheme master'!B:Q,16,0) -> 10 | D14: =(M14+E14)*C14/10000000 -> 1.0997206 | E14: =SUMIF('PHY rollback'!A:A,J14,'PHY rollback'!G:G) -> 0 | F14: =N14/10000000 -> 6.2794262 | G14: =IF(M14<=0,0,Q14) -> 57.1002 | H14: =SUMIF(K:K,K14,F:F)-P14/10000000 -> 0 | I14: =VLOOKUP(K14,'Scheme master'!F:R,13,0) -> Live | J14: LENI50RD | K14: LENI50 | L14: RD | M14: 1099720.6 | N14: 62794262 | O14: 57.100197 | P14: 1.014782e+09 | Q14: 57.1002 | R14: 45565 | S14: 151936 | T14: 192DP | U14: 192 | W14: 10 | X14: EQTY | Y14: 57.1002 | Z14: 57.1002 | AA14: 159651 | AB14: LIC MF Nifty Next 50 Index Fund | AC14: Regular Plan IDCW Option | AD14: 45564 | AE14: 57.6294 | AF14: 57.62938 | AG14: -0.5292 | AH14: -0.91828129 | AI14: -335.1727 | AJ14: -0.52918281 | AK14: -0.91825178 | AL14: -335.1619 | AM14: LIC MF Nifty Next 50 Index Fund | AN14: LIC192 | AP14: Regular | AT14: 30 | AU14: LIC
A15: =K15&B15 -> LENI50RG | B15: =VLOOKUP(J15,'Scheme master'!B:AA,25,0) -> RG | C15: =VLOOKUP(J15,'Scheme master'!B:Q,16,0) -> 10 | D15: =(M15+E15)*C15/10000000 -> 10.697474 | E15: =SUMIF('PHY rollback'!A:A,J15,'PHY rollback'!G:G) -> 0 | F15: =N15/10000000 -> 61.082785 | G15: =IF(M15<=0,0,Q15) -> 57.1002 | H15: =SUMIF(K:K,K15,F:F)-P15/10000000 -> 0 | I15: =VLOOKUP(K15,'Scheme master'!F:R,13,0) -> Live | J15: LENI50RG | K15: LENI50 | L15: RG | M15: 10697474 | N15: 6.1082785e+08 | O15: 57.100194 | P15: 1.014782e+09 | Q15: 57.1002 | R15: 45565 | S15: 151935 | T15: 192GP | U15: 192 | W15: 10 | X15: EQTY | Y15: 57.1002 | Z15: 57.1002 | AA15: 159652 | AB15: LIC MF Nifty Next 50 Index Fund | AC15: Regular Plan Growth Option | AD15: 45564 | AE15: 57.6294 | AF15: 57.629376 | AG15: -0.5292 | AH15: -0.91828129 | AI15: -335.1727 | AJ15: -0.52918263 | AK15: -0.91825153 | AL15: -335.1618 | AM15: LIC MF Nifty Next 50 Index Fund | AN15: LIC192 | AP15: Regular | AT15: 30 | AU15: LIC
A16: =K16&B16 -> LET100G | B16: =VLOOKUP(J16,'Scheme master'!B:AA,25,0) -> G | C16: =VLOOKUP(J16,'Scheme master'!B:Q,16,0) -> 10 | D16: =(M16+E16)*C16/10000000 -> 26.644242 | E16: =SUMIF('PHY rollback'!A:A,J16,'PHY rollback'!G:G) -> 0 | F16: =N16/10000000 -> 772.62752 | G16: =IF(M16<=0,0,Q16) -> 289.9792 | H16: =SUMIF(K:K,K16,F:F)-P16/10000000 -> 0 | I16: =VLOOKUP(K16,'Scheme master'!F:R,13,0) -> Live | J16: LET100G | K16: LET100 | L16: G | M16: 26644242 | N16: 7.7262752e+09 | O16: 289.97917 | P16: 7.7262752e+09 | Q16: 289.9792 | R16: 45565 | S16: 136473 | T16: 177GP | U16: 177 | V16: LI438 | W16: 10 | X16: EQTY | Y16: 289.9792 | Z16: 289.9792 | AA16: 84345 | AB16: LIC MF Nifty 100 ETF | AC16: Growth Option | AD16: 45564 | AE16: 293.891 | AF16: 293.89103 | AG16: -3.9118 | AH16: -1.3310377 | AI16: -485.8288 | AJ16: -3.911859 | AK16: -1.3310576 | AL16: -485.836 | AM16: LIC MF Nifty 100 ETF | AN16: LIC177 | AP16: Growth | AQ16: INF767K01PC8 | AR16: 539784 | AS16: LICNFNHGP | AT16: 30 | AU16: LIC
A17: =K17&B17 -> LETAXPDD | B17: =VLOOKUP(J17,'Scheme master'!B:AA,25,0) -> DD | C17: =VLOOKUP(J17,'Scheme master'!B:Q,16,0) -> 10 | D17: =(M17+E17)*C17/10000000 -> 1.2801316 | E17: =SUMIF('PHY rollback'!A:A,J17,'PHY rollback'!G:G) -> 0 | F17: =N17/10000000 -> 5.0779278 | G17: =IF(M17<=0,0,Q17) -> 39.6672 | H17: =SUMIF(K:K,K17,F:F)-P17/10000000 -> 0 | I17: =VLOOKUP(K17,'Scheme master'!F:R,13,0) -> Live | J17: LETAXPDDP | K17: LETAXP | L17: DDP | M17: 1280131.6 | N17: 50779278 | O17: 39.667232 | P17: 1.2094387e+10 | Q17: 39.6672 | R17: 45565 | S17: 120269 | T17: 28D1 | U17: 28 | V17: LI180 | W17: 10 | X17: EQTY | Y17: 39.6672 | Z17: 39.6672 | AA17: 84348 | AB17: LIC MF ELSS Tax Saver | AC17: Direct Plan IDCW Option | AD17: 45564 | AE17: 39.9964 | AF17: 39.996354 | AG17: -0.3292 | AH17: -0.82307408 | AI17: -300.422 | AJ17: -0.32912208 | AK17: -0.8228802 | AL17: -300.3513 | AM17: LIC MF ELSS Tax Saver | AN17: LIC28 | AP17: Direct | AQ17: INF767K01EL3/INF767K01EN9 | AT17: 30 | AU17: LIC
A18: =K18&B18 -> LETAXPDG | B18: =VLOOKUP(J18,'Scheme master'!B:AA,25,0) -> DG | C18: =VLOOKUP(J18,'Scheme master'!B:Q,16,0) -> 10 | D18: =(M18+E18)*C18/10000000 -> 6.0804269 | E18: =SUMIF('PHY rollback'!A:A,J18,'PHY rollback'!G:G) -> 0 | F18: =N18/10000000 -> 109.19895 | G18: =IF(M18<=0,0,Q18) -> 179.5909 | H18: =SUMIF(K:K,K18,F:F)-P18/10000000 -> 0 | I18: =VLOOKUP(K18,'Scheme master'!F:R,13,0) -> Live | J18: LETAXPGDP | K18: LETAXP | L18: GDP | M18: 6080426.9 | N18: 1.0919895e+09 | O18: 179.59093 | P18: 1.2094387e+10 | Q18: 179.5909 | R18: 45565 | S18: 120270 | T18: 28G1 | U18: 28 | V18: LI181 | W18: 10 | X18: EQTY | Y18: 179.5909 | Z18: 179.5909 | AA18: 84349 | AB18: LIC MF ELSS Tax Saver | AC18: Direct Plan Growth Option | AD18: 45564 | AE18: 181.0809 | AF18: 181.08093 | AG18: -1.49 | AH18: -0.82283664 | AI18: -300.3354 | AJ18: -1.4899985 | AK18: -0.82283566 | AL18: -300.335 | AM18: LIC MF ELSS Tax Saver | AN18: LIC28 | AP18: Direct | AQ18: INF767K01EM1 | AT18: 30 | AU18: LIC
A19: =K19&B19 -> LETAXPRD | B19: =VLOOKUP(J19,'Scheme master'!B:AA,25,0) -> RD | C19: =VLOOKUP(J19,'Scheme master'!B:Q,16,0) -> 10 | D19: =(M19+E19)*C19/10000000 -> 22.411779 | E19: =SUMIF('PHY rollback'!A:A,J19,'PHY rollback'!G:G) -> 0 | F19: =N19/10000000 -> 74.504396 | G19: =IF(M19<=0,0,Q19) -> 33.2434 | H19: =SUMIF(K:K,K19,F:F)-P19/10000000 -> 0 | I19: =VLOOKUP(K19,'Scheme master'!F:R,13,0) -> Live | J19: LETAXPRD | K19: LETAXP | L19: RD | M19: 22411779 | N19: 7.4504396e+08 | O19: 33.24341 | P19: 1.2094387e+10 | Q19: 33.2434 | R19: 45565 | S19: 100864 | T19: 28DP | U19: 28 | V19: LI031 | W19: 10 | X19: EQTY | Y19: 33.2434 | Z19: 33.2434 | AA19: 84346 | AB19: LIC MF ELSS Tax Saver | AC19: Regular Plan IDCW Option | AD19: 45564 | AE19: 33.5203 | AF19: 33.520298 | AG19: -0.2769 | AH19: -0.82606659 | AI19: -301.5143 | AJ19: -0.27688838 | AK19: -0.82603198 | AL19: -301.5017 | AM19: LIC MF ELSS Tax Saver | AN19: LIC28 | AP19: Regular | AQ19: INF767K01931/INF767K01949 | AT19: 30 | AU19: LIC
A20: =K20&B20 -> LETAXPRG | B20: =VLOOKUP(J20,'Scheme master'!B:AA,25,0) -> RG | C20: =VLOOKUP(J20,'Scheme master'!B:Q,16,0) -> 10 | D20: =(M20+E20)*C20/10000000 -> 64.273552 | E20: =SUMIF('PHY rollback'!A:A,J20,'PHY rollback'!G:G) -> 0 | F20: =N20/10000000 -> 1020.6574 | G20: =IF(M20<=0,0,Q20) -> 158.799 | H20: =SUMIF(K:K,K20,F:F)-P20/10000000 -> 0 | I20: =VLOOKUP(K20,'Scheme master'!F:R,13,0) -> Live | J20: LETAXPRG | K20: LETAXP | L20: RG | M20: 64273552 | N20: 1.0206574e+10 | O20: 158.79898 | P20: 1.2094387e+10 | Q20: 158.799 | R20: 45565 | S20: 100865 | T20: 28GP | U20: 28 | V20: LI007 | W20: 10 | X20: EQTY | Y20: 158.799 | Z20: 158.799 | AA20: 84347 | AB20: LIC MF ELSS Tax Saver | AC20: Regular Plan Growth Option | AD20: 45564 | AE20: 160.1216 | AF20: 160.12163 | AG20: -1.3226 | AH20: -0.82599724 | AI20: -301.489 | AJ20: -1.322656 | AK20: -0.82603204 | AL20: -301.5017 | AM20: LIC MF ELSS Tax Saver | AN20: LIC28 | AP20: Regular | AQ20: INF767K01956 | AT20: 30 | AU20: LIC
A21: =K21&B21 -> LETF50G | B21: =VLOOKUP(J21,'Scheme master'!B:AA,25,0) -> G | C21: =VLOOKUP(J21,'Scheme master'!B:Q,16,0) -> 10 | D21: =(M21+E21)*C21/10000000 -> 31.085671 | E21: =SUMIF('PHY rollback'!A:A,J21,'PHY rollback'!G:G) -> 0 | F21: =N21/10000000 -> 881.59282 | G21: =IF(M21<=0,0,Q21) -> 283.601 | H21: =SUMIF(K:K,K21,F:F)-P21/10000000 -> 0 | I21: =VLOOKUP(K21,'Scheme master'!F:R,13,0) -> Live | J21: LETF50G | K21: LETF50 | L21: G | M21: 31085671 | N21: 8.8159282e+09 | O21: 283.60103 | P21: 8.8159282e+09 | Q21: 283.601 | R21: 45565 | S21: 135607 | T21: 175GP | U21: 175 | V21: LI436 | W21: 10 | X21: EQTY | Y21: 283.601 | Z21: 283.601 | AA21: 84343 | AB21: LIC MF Nifty 50 ETF | AC21: Growth Option | AD21: 45564 | AE21: 287.6132 | AF21: 287.61316 | AG21: -4.0122 | AH21: -1.3949986 | AI21: -509.1745 | AJ21: -4.0121314 | AK21: -1.3949749 | AL21: -509.1658 | AM21: LIC MF Nifty 50 ETF | AN21: LIC175 | AP21: Growth | AQ21: INF767K01OS7 | AR21: 539480 | AS21: LICNETFN50 | AT21: 30 | AU21: LIC
A22: =K22&B22 -> LETFSXG | B22: =VLOOKUP(J22,'Scheme master'!B:AA,25,0) -> G | C22: =VLOOKUP(J22,'Scheme master'!B:Q,16,0) -> 10 | D22: =(M22+E22)*C22/10000000 -> 9.366151 | E22: =SUMIF('PHY rollback'!A:A,J22,'PHY rollback'!G:G) -> 0 | F22: =N22/10000000 -> 874.60998 | G22: =IF(M22<=0,0,Q22) -> 933.7987 | H22: =SUMIF(K:K,K22,F:F)-P22/10000000 -> 0 | I22: =VLOOKUP(K22,'Scheme master'!F:R,13,0) -> Live | J22: LETFSXG | K22: LETFSX | L22: G | M22: 9366151 | N22: 8.7460998e+09 | O22: 933.79871 | P22: 8.7460998e+09 | Q22: 933.7987 | R22: 45565 | S22: 135672 | T22: 176GP | U22: 176 | V22: LI437 | W22: 10 | X22: EQTY | Y22: 933.7987 | Z22: 933.7987 | AA22: 84344 | AB22: LIC MF BSE Sensex ETF | AC22: Growth Option | AD22: 45564 | AE22: 947.855 | AF22: 947.85503 | AG22: -14.0563 | AH22: -1.4829589 | AI22: -541.28 | AJ22: -14.056313 | AK22: -1.4829603 | AL22: -541.2805 | AM22: LIC MF S & P BSE Sensex ETF | AN22: LIC176 | AP22: Growth | AQ22: INF767K01OT5 | AR22: 539487 | AS22: LICNETFSEN | AT22: 30 | AU22: LIC
A23: =K23&B23 -> LEULISDD | B23: =VLOOKUP(J23,'Scheme master'!B:AA,25,0) -> DD | C23: =VLOOKUP(J23,'Scheme master'!B:Q,16,0) -> 10 | D23: =(M23+E23)*C23/10000000 -> 4.940142 | E23: =SUMIF('PHY rollback'!A:A,J23,'PHY rollback'!G:G) -> 0 | F23: =N23/10000000 -> 20.313164 | G23: =IF(M23<=0,0,Q23) -> 41.1186 | H23: =SUMIF(K:K,K23,F:F)-P23/10000000 -> 0 | I23: =VLOOKUP(K23,'Scheme master'!F:R,13,0) -> Live | J23: LEULISDDP | K23: LEULIS | L23: DDP | M23: 4940142 | N23: 2.0313164e+08 | O23: 41.118583 | P23: 5.247387e+09 | Q23: 41.1186 | R23: 45565 | S23: 120259 | T23: 02V4 | U23: 2 | V23: LI182 | W23: 10 | X23: EQTY | Y23: 41.1186 | Z23: 41.1186 | AA23: 84318 | AB23: LIC MF Unit Linked Insurance Sch(ULIS) | AC23: Direct Plan IDCW Option | AD23: 45564 | AE23: 41.5073 | AF23: 41.507318 | AG23: -0.3887 | AH23: -0.93646178 | AI23: -341.8085 | AJ23: -0.38873487 | AK23: -0.93654539 | AL23: -341.8391 | AM23: LIC MF Unit Linked Insurance Scheme | AN23: LIC02 | AP23: Direct | AQ23: INF767K01DO9 | AT23: 30 | AU23: LIC
A24: =K24&B24 -> LEULISRD | B24: =VLOOKUP(J24,'Scheme master'!B:AA,25,0) -> RD | C24: =VLOOKUP(J24,'Scheme master'!B:Q,16,0) -> 10 | D24: =(M24+E24)*C24/10000000 -> 135.26165 | E24: =SUMIF('PHY rollback'!A:A,J24,'PHY rollback'!G:G) -> 0 | F24: =N24/10000000 -> 504.42554 | G24: =IF(M24<=0,0,Q24) -> 37.2926 | H24: =SUMIF(K:K,K24,F:F)-P24/10000000 -> 0 | I24: =VLOOKUP(K24,'Scheme master'!F:R,13,0) -> Live | J24: LEULISRD | K24: LEULIS | L24: RD | M24: 1.3526165e+08 | N24: 5.0442554e+09 | O24: 37.292576 | P24: 5.247387e+09 | Q24: 37.2926 | R24: 45565 | S24: 100325 | T24: 02VS | U24: 2 | V24: LI008 | W24: 10 | X24: EQTY | Y24: 37.2926 | Z24: 37.2926 | AA24: 84317 | AB24: LIC MF Unit Linked Insurance Sch(ULIS) | AC24: Regular Plan IDCW Option | AD24: 45564 | AE24: 37.6461 | AF24: 37.646088 | AG24: -0.3535 | AH24: -0.93900829 | AI24: -342.738 | AJ24: -0.35351288 | AK24: -0.93904279 | AL24: -342.7506 | AM24: LIC MF Unit Linked Insurance Scheme | AN24: LIC02 | AP24: Regular | AQ24: INF767K01964 | AT24: 30 | AU24: LIC
A25: =K25&B25 -> LLIQDFDDD | B25: =VLOOKUP(J25,'Scheme master'!B:AA,25,0) -> DDD | C25: =VLOOKUP(J25,'Scheme master'!B:Q,16,0) -> 1000 | D25: =(M25+E25)*C25/10000000 -> 90.749025 | E25: =SUMIF('PHY rollback'!A:A,J25,'PHY rollback'!G:G) -> 0 | F25: =N25/10000000 -> 93.777546 | G25: =IF(M25<=0,0,Q25) -> 1033.3725 | H25: =SUMIF(K:K,K25,F:F)-P25/10000000 -> 0 | I25: =VLOOKUP(K25,'Scheme master'!F:R,13,0) -> Live | J25: LLIQDFDDP | K25: LLIQDF | L25: DDP | M25: 907490.25 | N25: 9.3777546e+08 | O25: 1033.3725 | P25: 8.924064e+10 | Q25: 1033.3725 | R25: 45565 | S25: 120248 | T25: 36D1 | U25: 36 | V25: LI186 | W25: 1000 | X25: LIQD | Y25: 1033.3725 | Z25: 1033.3725 | AA25: 84376 | AB25: LIC MF Liquid Fund | AC25: Direct Plan IDCW Option | AD25: 45564 | AE25: 1033.3725 | AF25: 1033.3725 | AG25: 0 | AH25: 0 | AI25: 0 | AJ25: 8.16301e-09 | AK25: 7.89938e-10 | AL25: 0 | AM25: LIC MF Liquid Fund | AN25: LIC36 | AP25: Direct | AQ25: INF767K01DL5/INF767K01DM3 | AT25: 30 | AU25: LIC
A26: =K26&B26 -> LLIQDFDG | B26: =VLOOKUP(J26,'Scheme master'!B:AA,25,0) -> DG | C26: =VLOOKUP(J26,'Scheme master'!B:Q,16,0) -> 1000 | D26: =(M26+E26)*C26/10000000 -> 1705.7956 | E26: =SUMIF('PHY rollback'!A:A,J26,'PHY rollback'!G:G) -> 0 | F26: =N26/10000000 -> 7753.187 | G26: =IF(M26<=0,0,Q26) -> 4545.2029 | H26: =SUMIF(K:K,K26,F:F)-P26/10000000 -> 0 | I26: =VLOOKUP(K26,'Scheme master'!F:R,13,0) -> Live | J26: LLIQDFGDP | K26: LLIQDF | L26: GDP | M26: 17057956 | N26: 7.753187e+10 | O26: 4545.2029 | P26: 8.924064e+10 | Q26: 4545.2029 | R26: 45565 | S26: 120249 | T26: 36G1 | U26: 36 | V26: LI187 | W26: 1000 | X26: LIQD | Y26: 4545.2029 | Z26: 4545.2029 | AA26: 84377 | AB26: LIC MF Liquid Fund | AC26: Direct Plan Growth Option | AD26: 45564 | AE26: 4543.7332 | AF26: 4543.7332 | AG26: 1.4697 | AH26: 0.032345649 | AI26: 11.8062 | AJ26: 1.4696985 | AK26: 0.032345617 | AL26: 11.8062 | AM26: LIC MF Liquid Fund | AN26: LIC36 | AP26: Direct | AQ26: INF767K01DN1 | AT26: 30 | AU26: LIC
A27: =K27&B27 -> LLIQDFDDM | B27: =VLOOKUP(J27,'Scheme master'!B:AA,25,0) -> DDM | C27: =VLOOKUP(J27,'Scheme master'!B:Q,16,0) -> 1000 | D27: =(M27+E27)*C27/10000000 -> 0.1906715 | E27: =SUMIF('PHY rollback'!A:A,J27,'PHY rollback'!G:G) -> 0 | F27: =N27/10000000 -> 0.21037544 | G27: =IF(M27<=0,0,Q27) -> 1103.3397 | H27: =SUMIF(K:K,K27,F:F)-P27/10000000 -> 0 | I27: =VLOOKUP(K27,'Scheme master'!F:R,13,0) -> Live | J27: LLIQDFMDP | K27: LLIQDF | L27: MDP | M27: 1906.715 | N27: 2103754.4 | O27: 1103.3397 | P27: 8.924064e+10 | Q27: 1103.3397 | R27: 45565 | S27: 151930 | T27: 36M1 | U27: 36 | W27: 1000 | X27: LIQD | Y27: 1103.3397 | Z27: 1103.3397 | AA27: 160170 | AB27: LIC MF Liquid Fund | AC27: Direct Plan Monthly IDCW Option | AD27: 45564 | AE27: 1102.983 | AF27: 1102.983 | AG27: 0.3567 | AH27: 0.032339574 | AI27: 11.8039 | AJ27: 0.3567497 | AK27: 0.03234408 | AL27: 11.8056 | AM27: LIC MF Liquid Fund | AN27: LIC36 | AP27: Direct | AT27: 30 | AU27: LIC
A28: =K28&B28 -> LLIQDFRDD | B28: =VLOOKUP(J28,'Scheme master'!B:AA,25,0) -> RDD | C28: =VLOOKUP(J28,'Scheme master'!B:Q,16,0) -> 1000 | D28: =(M28+E28)*C28/10000000 -> 6.705978 | E28: =SUMIF('PHY rollback'!A:A,J28,'PHY rollback'!G:G) -> 0 | F28: =N28/10000000 -> 6.7071522 | G28: =IF(M28<=0,0,Q28) -> 1000.1751 | H28: =SUMIF(K:K,K28,F:F)-P28/10000000 -> 0 | I28: =VLOOKUP(K28,'Scheme master'!F:R,13,0) -> Live | J28: LLIQDFRDD | K28: LLIQDF | L28: RDD | M28: 67059.78 | N28: 67071522 | O28: 1000.1751 | P28: 8.924064e+10 | Q28: 1000.1751 | R28: 45565 | S28: 101184 | T28: 36DP | U28: 36 | V28: LI013 | W28: 1000 | X28: LIQD | Y28: 1000.1751 | Z28: 1000.1751 | AA28: 84374 | AB28: LIC MF Liquid Fund | AC28: Regular Daily IDCW Option | AD28: 45564 | AE28: 1000.1751 | AF28: 1000.1751 | AG28: 0 | AH28: 0 | AI28: 0 | AJ28: -1.193783e-07 | AK28: -1.193574e-08 | AL28: 0 | AM28: LIC MF Liquid Fund | AN28: LIC36 | AP28: Regular | AQ28: INF767K01IQ3/INF767K01IR1 | AT28: 30 | AU28: LIC
A29: =K29&B29 -> LLIQDFRG | B29: =VLOOKUP(J29,'Scheme master'!B:AA,25,0) -> RG | C29: =VLOOKUP(J29,'Scheme master'!B:Q,16,0) -> 1000 | D29: =(M29+E29)*C29/10000000 -> 238.34414 | E29: =SUMIF('PHY rollback'!A:A,J29,'PHY rollback'!G:G) -> 0 | F29: =N29/10000000 -> 1069.1098 | G29: =IF(M29<=0,0,Q29) -> 4485.5719 | H29: =SUMIF(K:K,K29,F:F)-P29/10000000 -> 0 | I29: =VLOOKUP(K29,'Scheme master'!F:R,13,0) -> Live | J29: LLIQDFRG | K29: LLIQDF | L29: RG | M29: 2383441.4 | N29: 1.0691098e+10 | O29: 4485.5719 | P29: 8.924064e+10 | Q29: 4485.5719 | R29: 45565 | S29: 101185 | T29: 36GP | U29: 36 | V29: LI014 | W29: 1000 | X29: LIQD | Y29: 4485.5719 | Z29: 4485.5719 | AA29: 84375 | AB29: LIC MF Liquid Fund | AC29: Regular Plan Growth Option | AD29: 45564 | AE29: 4484.1277 | AF29: 4484.1277 | AG29: 1.4442 | AH29: 0.032206933 | AI29: 11.7555 | AJ29: 1.4441924 | AK29: 0.032206763 | AL29: 11.7555 | AM29: LIC MF Liquid Fund | AN29: LIC36 | AP29: Regular | AQ29: INF767K01IS9 | AT29: 30 | AU29: LIC
A30: =K30&B30 -> LLIQDFRDM | B30: =VLOOKUP(J30,'Scheme master'!B:AA,25,0) -> RDM | C30: =VLOOKUP(J30,'Scheme master'!B:Q,16,0) -> 1000 | D30: =(M30+E30)*C30/10000000 -> 0.0867492 | E30: =SUMIF('PHY rollback'!A:A,J30,'PHY rollback'!G:G) -> 0 | F30: =N30/10000000 -> 0.094269094 | G30: =IF(M30<=0,0,Q30) -> 1086.6855 | H30: =SUMIF(K:K,K30,F:F)-P30/10000000 -> 0 | I30: =VLOOKUP(K30,'Scheme master'!F:R,13,0) -> Live | J30: LLIQDFRMD | K30: LLIQDF | L30: RMD | M30: 867.492 | N30: 942690.94 | O30: 1086.6855 | P30: 8.924064e+10 | Q30: 1086.6855 | R30: 45565 | S30: 151928 | T30: 36MD | U30: 36 | W30: 1000 | X30: LIQD | Y30: 1086.6855 | Z30: 1086.6855 | AA30: 160169 | AB30: LIC MF Liquid Fund | AC30: Regular Plan Monthly IDCW Option | AD30: 45564 | AE30: 1086.3356 | AF30: 1086.3356 | AG30: 0.3499 | AH30: 0.032209199 | AI30: 11.7564 | AJ30: 0.34986289 | AK30: 0.032205784 | AL30: 11.7551 | AM30: LIC MF Liquid Fund | AN30: LIC36 | AP30: Regular | AT30: 30 | AU30: LIC
A31: =K31&B31 -> LLIQDFRDW | B31: =VLOOKUP(J31,'Scheme master'!B:AA,25,0) -> RDW | C31: =VLOOKUP(J31,'Scheme master'!B:Q,16,0) -> 1000 | D31: =(M31+E31)*C31/10000000 -> 0.8503612 | E31: =SUMIF('PHY rollback'!A:A,J31,'PHY rollback'!G:G) -> 0 | F31: =N31/10000000 -> 0.85213093 | G31: =IF(M31<=0,0,Q31) -> 1002.0811 | H31: =SUMIF(K:K,K31,F:F)-P31/10000000 -> 0 | I31: =VLOOKUP(K31,'Scheme master'!F:R,13,0) -> Live | J31: LLIQDFRWD | K31: LLIQDF | L31: RWD | M31: 8503.612 | N31: 8521309.3 | O31: 1002.0811 | P31: 8.924064e+10 | Q31: 1002.0811 | R31: 45565 | S31: 151927 | T31: 36WD | U31: 36 | W31: 1000 | X31: LIQD | Y31: 1002.0811 | Z31: 1002.0811 | AA31: 160167 | AB31: LIC MF Liquid Fund | AC31: Regular Plan Weekly IDCW Option | AD31: 45564 | AE31: 1001.7585 | AF31: 1001.7585 | AG31: 0.3226 | AH31: 0.03220337 | AI31: 11.7542 | AJ31: 0.32263349 | AK31: 0.032206713 | AL31: 11.7555 | AM31: LIC MF Liquid Fund | AN31: LIC36 | AP31: Regular | AT31: 30 | AU31: LIC
A32: =K32&B32 -> LLIQDFDDW | B32: =VLOOKUP(J32,'Scheme master'!B:AA,25,0) -> DDW | C32: =VLOOKUP(J32,'Scheme master'!B:Q,16,0) -> 1000 | D32: =(M32+E32)*C32/10000000 -> 0.1236994 | E32: =SUMIF('PHY rollback'!A:A,J32,'PHY rollback'!G:G) -> 0 | F32: =N32/10000000 -> 0.12570836 | G32: =IF(M32<=0,0,Q32) -> 1016.2407 | H32: =SUMIF(K:K,K32,F:F)-P32/10000000 -> 0 | I32: =VLOOKUP(K32,'Scheme master'!F:R,13,0) -> Live | J32: LLIQDFWDP | K32: LLIQDF | L32: WDP | M32: 1236.994 | N32: 1257083.6 | O32: 1016.2407 | P32: 8.924064e+10 | Q32: 1016.2407 | R32: 45565 | S32: 151932 | T32: 36W1 | U32: 36 | W32: 1000 | X32: LIQD | Y32: 1016.2407 | Z32: 1016.2407 | AA32: 160168 | AB32: LIC MF Liquid Fund | AC32: Direct Plan Weekly IDCW Option | AD32: 45564 | AE32: 1015.9121 | AF32: 1015.9121 | AG32: 0.3286 | AH32: 0.032345318 | AI32: 11.806 | AJ32: 0.3285788 | AK32: 0.032343232 | AL32: 11.8053 | AM32: LIC MF Liquid Fund | AN32: LIC36 | AP32: Direct | AT32: 30 | AU32: LIC
A33: =K33&B33 -> LEGOLDG | B33: =VLOOKUP(J33,'Scheme master'!B:AA,25,0) -> G | C33: =VLOOKUP(J33,'Scheme master'!B:Q,16,0) -> 100 | D33: =(M33+E33)*C33/10000000 -> 2.18976 | E33: =SUMIF('PHY rollback'!A:A,J33,'PHY rollback'!G:G) -> 0 | F33: =N33/10000000 -> 150.51937 | G33: =IF(M33<=0,0,Q33) -> 6873.7838 | H33: =SUMIF(K:K,K33,F:F)-P33/10000000 -> 0 | I33: =VLOOKUP(K33,'Scheme master'!F:R,13,0) -> Live | J33: LEGOLDG | K33: LEGOLD | L33: G | M33: 218976 | N33: 1.5051937e+09 | O33: 6873.7838 | P33: 1.5051937e+09 | Q33: 6873.7838 | R33: 45565 | S33: 151961 | T33: 193GP | U33: 193 | V33: 0 | W33: 1000 | X33: EQTY | Y33: 0 | Z33: 0 | AA33: 0 | AB33: LIC MF Gold Exchange Traded Fund | AC33: Growth Option | AD33: 45564 | AE33: 6889.9049 | AF33: 6889.9049 | AG33: 0 | AH33: 0 | AI33: 0 | AJ33: 0 | AK33: 0 | AL33: 0 | AM33: LIC MF Gold Exchange Traded Fund | AP33: Regular | AR33: 0 | AS33: 0 | AU33: LIC
A34: =K34&B34 -> LEDDYFDD | B34: =VLOOKUP(J34,'Scheme master'!B:AA,25,0) -> DD | C34: =VLOOKUP(J34,'Scheme master'!B:Q,16,0) -> 10 | D34: =(M34+E34)*C34/10000000 -> 0.62955268 | E34: =SUMIF('PHY rollback'!A:A,J34,'PHY rollback'!G:G) -> 0 | F34: =N34/10000000 -> 2.19594 | G34: =IF(M34<=0,0,Q34) -> 34.881 | H34: =SUMIF(K:K,K34,F:F)-P34/10000000 -> 0 | I34: =VLOOKUP(K34,'Scheme master'!F:R,13,0) -> Live | J34: LEDDYFDDP | K34: LEDDYF | L34: DDP | M34: 629552.68 | N34: 21959400 | O34: 34.880957 | P34: 4.361081e+09 | Q34: 34.881 | R34: 45565 | S34: 152021 | T34: 185D1 | U34: 185 | W34: 10 | X34: EQTY | Y34: 34.881 | Z34: 34.881 | AA34: 159545 | AB34: LIC MF Dividend Yield Fund | AC34: Direct Plan IDCW Option | AD34: 45564 | AE34: 34.9952 | AF34: 34.995211 | AG34: -0.1142 | AH34: -0.32633047 | AI34: -119.1106 | AJ34: -0.11425485 | AK34: -0.32648711 | AL34: -119.1678 | AM34: LIC MF Dividend Yield Fund | AN34: LIC185 | AP34: Direct | AT34: 30 | AU34: LIC
A35: =K35&B35 -> LEDDYFDG | B35: =VLOOKUP(J35,'Scheme master'!B:AA,25,0) -> DG | C35: =VLOOKUP(J35,'Scheme master'!B:Q,16,0) -> 10 | D35: =(M35+E35)*C35/10000000 -> 9.4002252 | E35: =SUMIF('PHY rollback'!A:A,J35,'PHY rollback'!G:G) -> 0 | F35: =N35/10000000 -> 32.799283 | G35: =IF(M35<=0,0,Q35) -> 34.892 | H35: =SUMIF(K:K,K35,F:F)-P35/10000000 -> 0 | I35: =VLOOKUP(K35,'Scheme master'!F:R,13,0) -> Live | J35: LEDDYFGDP | K35: LEDDYF | L35: GDP | M35: 9400225.2 | N35: 3.2799283e+08 | O35: 34.892018 | P35: 4.361081e+09 | Q35: 34.892 | R35: 45565 | S35: 152022 | T35: 185G1 | U35: 185 | W35: 10 | X35: EQTY | Y35: 34.892 | Z35: 34.892 | AA35: 159546 | AB35: LIC MF Dividend Yield Fund | AC35: Direct Plan Growth Option | AD35: 45564 | AE35: 35.0063 | AF35: 35.006299 | AG35: -0.1143 | AH35: -0.32651266 | AI35: -119.1771 | AJ35: -0.11428138 | AK35: -0.32645948 | AL35: -119.1577 | AM35: LIC MF Dividend Yield Fund | AN35: LIC185 | AP35: Direct | AT35: 30 | AU35: LIC
A36: =K36&B36 -> LEDDYFRD | B36: =VLOOKUP(J36,'Scheme master'!B:AA,25,0) -> RD | C36: =VLOOKUP(J36,'Scheme master'!B:Q,16,0) -> 10 | D36: =(M36+E36)*C36/10000000 -> 2.5761768 | E36: =SUMIF('PHY rollback'!A:A,J36,'PHY rollback'!G:G) -> 0 | F36: =N36/10000000 -> 8.3976508 | G36: =IF(M36<=0,0,Q36) -> 32.5973 | H36: =SUMIF(K:K,K36,F:F)-P36/10000000 -> 0 | I36: =VLOOKUP(K36,'Scheme master'!F:R,13,0) -> Live | J36: LEDDYFRD | K36: LEDDYF | L36: RD | M36: 2576176.8 | N36: 83976508 | O36: 32.597338 | P36: 4.361081e+09 | Q36: 32.5973 | R36: 45565 | S36: 152020 | T36: 185DP | U36: 185 | W36: 10 | X36: EQTY | Y36: 32.5973 | Z36: 32.5973 | AA36: 159543 | AB36: LIC MF Dividend Yield Fund | AC36: Regular Plan IDCW Option | AD36: 45564 | AE36: 32.705 | AF36: 32.705036 | AG36: -0.1077 | AH36: -0.32930745 | AI36: -120.1972 | AJ36: -0.10769757 | AK36: -0.32929966 | AL36: -120.1944 | AM36: LIC MF Dividend Yield Fund | AN36: LIC185 | AP36: Regular | AT36: 30 | AU36: LIC
A37: =K37&B37 -> LEDDYFRG | B37: =VLOOKUP(J37,'Scheme master'!B:AA,25,0) -> RG | C37: =VLOOKUP(J37,'Scheme master'!B:Q,16,0) -> 10 | D37: =(M37+E37)*C37/10000000 -> 120.47266 | E37: =SUMIF('PHY rollback'!A:A,J37,'PHY rollback'!G:G) -> 0 | F37: =N37/10000000 -> 392.71522 | G37: =IF(M37<=0,0,Q37) -> 32.5979 | H37: =SUMIF(K:K,K37,F:F)-P37/10000000 -> 0 | I37: =VLOOKUP(K37,'Scheme master'!F:R,13,0) -> Live | J37: LEDDYFRG | K37: LEDDYF | L37: RG | M37: 1.2047266e+08 | N37: 3.9271522e+09 | O37: 32.597871 | P37: 4.361081e+09 | Q37: 32.5979 | R37: 45565 | S37: 152019 | T37: 185GP | U37: 185 | W37: 10 | X37: EQTY | Y37: 32.5979 | Z37: 32.5979 | AA37: 159544 | AB37: LIC MF Dividend Yield Fund | AC37: Regular Plan Growth Option | AD37: 45564 | AE37: 32.7056 | AF37: 32.705568 | AG37: -0.1077 | AH37: -0.3293014 | AI37: -120.195 | AJ37: -0.10769662 | AK37: -0.32929138 | AL37: -120.1914 | AM37: LIC MF Dividend Yield Fund | AN37: LIC185 | AP37: Regular | AT37: 30 | AU37: LIC
A38: =K38&B38 -> LEDHCFDD | B38: =VLOOKUP(J38,'Scheme master'!B:AA,25,0) -> DD | C38: =VLOOKUP(J38,'Scheme master'!B:Q,16,0) -> 10 | D38: =(M38+E38)*C38/10000000 -> 0.19563611 | E38: =SUMIF('PHY rollback'!A:A,J38,'PHY rollback'!G:G) -> 0 | F38: =N38/10000000 -> 0.62629184 | G38: =IF(M38<=0,0,Q38) -> 32.0131 | H38: =SUMIF(K:K,K38,F:F)-P38/10000000 -> 0 | I38: =VLOOKUP(K38,'Scheme master'!F:R,13,0) -> Live | J38: LEDHCFDDP | K38: LEDHCF | L38: DDP | M38: 195636.11 | N38: 6262918.4 | O38: 32.013101 | P38: 7.5049484e+08 | Q38: 32.0131 | R38: 45565 | S38: 152023 | T38: 188D1 | U38: 188 | W38: 10 | X38: EQTY | Y38: 32.0131 | Z38: 32.0131 | AA38: 159571 | AB38: LIC MF Healthcare Fund | AC38: Direct Plan IDCW Option | AD38: 45564 | AE38: 32.1276 | AF38: 32.1276 | AG38: -0.1145 | AH38: -0.35639139 | AI38: -130.0829 | AJ38: -0.11449972 | AK38: -0.35639052 | AL38: -130.0825 | AM38: LIC MF Healthcare Fund | AN38: LIC188 | AP38: Direct | AT38: 30 | AU38: LIC
A39: =K39&B39 -> LEDHCFDG | B39: =VLOOKUP(J39,'Scheme master'!B:AA,25,0) -> DG | C39: =VLOOKUP(J39,'Scheme master'!B:Q,16,0) -> 10 | D39: =(M39+E39)*C39/10000000 -> 3.0234514 | E39: =SUMIF('PHY rollback'!A:A,J39,'PHY rollback'!G:G) -> 0 | F39: =N39/10000000 -> 9.6805126 | G39: =IF(M39<=0,0,Q39) -> 32.0181 | H39: =SUMIF(K:K,K39,F:F)-P39/10000000 -> 0 | I39: =VLOOKUP(K39,'Scheme master'!F:R,13,0) -> Live | J39: LEDHCFGDP | K39: LEDHCF | L39: GDP | M39: 3023451.4 | N39: 96805126 | O39: 32.018086 | P39: 7.5049484e+08 | Q39: 32.0181 | R39: 45565 | S39: 152024 | T39: 188G1 | U39: 188 | W39: 10 | X39: EQTY | Y39: 32.0181 | Z39: 32.0181 | AA39: 159572 | AB39: LIC MF Healthcare Fund | AC39: Direct Plan Growth Option | AD39: 45564 | AE39: 32.1326 | AF39: 32.132593 | AG39: -0.1145 | AH39: -0.35633593 | AI39: -130.0626 | AJ39: -0.11450745 | AK39: -0.3563592 | AL39: -130.0711 | AM39: LIC MF Healthcare Fund | AN39: LIC188 | AP39: Direct | AT39: 30 | AU39: LIC
A40: =K40&B40 -> LEDHCFRD | B40: =VLOOKUP(J40,'Scheme master'!B:AA,25,0) -> RD | C40: =VLOOKUP(J40,'Scheme master'!B:Q,16,0) -> 10 | D40: =(M40+E40)*C40/10000000 -> 0.42158225 | E40: =SUMIF('PHY rollback'!A:A,J40,'PHY rollback'!G:G) -> 0 | F40: =N40/10000000 -> 1.2488574 | G40: =IF(M40<=0,0,Q40) -> 29.6231 | H40: =SUMIF(K:K,K40,F:F)-P40/10000000 -> 0 | I40: =VLOOKUP(K40,'Scheme master'!F:R,13,0) -> Live | J40: LEDHCFRD | K40: LEDHCF | L40: RD | M40: 421582.25 | N40: 12488574 | O40: 29.623101 | P40: 7.5049484e+08 | Q40: 29.6231 | R40: 45565 | S40: 152026 | T40: 188DP | U40: 188 | W40: 10 | X40: EQTY | Y40: 29.6231 | Z40: 29.6231 | AA40: 159569 | AB40: LIC MF Healthcare Fund | AC40: Regular Plan IDCW Option | AD40: 45564 | AE40: 29.73 | AF40: 29.730046 | AG40: -0.1069 | AH40: -0.35956946 | AI40: -131.2429 | AJ40: -0.10694511 | AK40: -0.35972063 | AL40: -131.298 | AM40: LIC MF Healthcare Fund | AN40: LIC188 | AP40: Regular | AT40: 30 | AU40: LIC
A41: =K41&B41 -> LEDHCFRG | B41: =VLOOKUP(J41,'Scheme master'!B:AA,25,0) -> RG | C41: =VLOOKUP(J41,'Scheme master'!B:Q,16,0) -> 10 | D41: =(M41+E41)*C41/10000000 -> 21.434172 | E41: =SUMIF('PHY rollback'!A:A,J41,'PHY rollback'!G:G) -> 0 | F41: =N41/10000000 -> 63.493822 | G41: =IF(M41<=0,0,Q41) -> 29.6227 | H41: =SUMIF(K:K,K41,F:F)-P41/10000000 -> 0 | I41: =VLOOKUP(K41,'Scheme master'!F:R,13,0) -> Live | J41: LEDHCFRG | K41: LEDHCF | L41: RG | M41: 21434172 | N41: 6.3493822e+08 | O41: 29.622708 | P41: 7.5049484e+08 | Q41: 29.6227 | R41: 45565 | S41: 152025 | T41: 188GP | U41: 188 | W41: 10 | X41: EQTY | Y41: 29.6227 | Z41: 29.6227 | AA41: 159570 | AB41: LIC MF Healthcare Fund | AC41: Regular Plan Growth Option | AD41: 45564 | AE41: 29.7297 | AF41: 29.729652 | AG41: -0.107 | AH41: -0.35990945 | AI41: -131.3669 | AJ41: -0.1069437 | AK41: -0.35972066 | AL41: -131.298 | AM41: LIC MF Healthcare Fund | AN41: LIC188 | AP41: Regular | AT41: 30 | AU41: LIC
A42: =K42&B42 -> LEEMCFDD | B42: =VLOOKUP(J42,'Scheme master'!B:AA,25,0) -> DD | C42: =VLOOKUP(J42,'Scheme master'!B:Q,16,0) -> 10 | D42: =(M42+E42)*C42/10000000 -> 0.55809931 | E42: =SUMIF('PHY rollback'!A:A,J42,'PHY rollback'!G:G) -> 0 | F42: =N42/10000000 -> 1.8077945 | G42: =IF(M42<=0,0,Q42) -> 32.392 | H42: =SUMIF(K:K,K42,F:F)-P42/10000000 -> 0 | I42: =VLOOKUP(K42,'Scheme master'!F:R,13,0) -> Live | J42: LEEMCFDDP | K42: LEEMCF | L42: DDP | M42: 558099.31 | N42: 18077945 | O42: 32.391985 | P42: 3.343309e+09 | Q42: 32.392 | R42: 45565 | S42: 151999 | T42: 187D1 | U42: 187 | W42: 10 | X42: EQTY | Y42: 32.392 | Z42: 32.392 | AA42: 159575 | AB42: LIC MF Mid cap Fund | AC42: Direct Plan IDCW Option | AD42: 45564 | AE42: 32.4721 | AF42: 32.472077 | AG42: -0.0801 | AH42: -0.2466733 | AI42: -90.0358 | AJ42: -0.080091714 | AK42: -0.24664795 | AL42: -90.0265 | AM42: LIC MF Mid cap Fund | AN42: LIC187 | AP42: Direct | AT42: 30 | AU42: LIC
A43: =K43&B43 -> LEEMCFDG | B43: =VLOOKUP(J43,'Scheme master'!B:AA,25,0) -> DG | C43: =VLOOKUP(J43,'Scheme master'!B:Q,16,0) -> 10 | D43: =(M43+E43)*C43/10000000 -> 5.0178284 | E43: =SUMIF('PHY rollback'!A:A,J43,'PHY rollback'!G:G) -> 0 | F43: =N43/10000000 -> 17.29331 | G43: =IF(M43<=0,0,Q43) -> 34.4637 | H43: =SUMIF(K:K,K43,F:F)-P43/10000000 -> 0 | I43: =VLOOKUP(K43,'Scheme master'!F:R,13,0) -> Live | J43: LEEMCFGDP | K43: LEEMCF | L43: GDP | M43: 5017828.4 | N43: 1.729331e+08 | O43: 34.463734 | P43: 3.343309e+09 | Q43: 34.4637 | R43: 45565 | S43: 152002 | T43: 187G1 | U43: 187 | W43: 10 | X43: EQTY | Y43: 34.4637 | Z43: 34.4637 | AA43: 159576 | AB43: LIC MF Mid cap Fund | AC43: Direct Plan Growth Option | AD43: 45564 | AE43: 34.5489 | AF43: 34.548915 | AG43: -0.0852 | AH43: -0.24660698 | AI43: -90.0115 | AJ43: -0.085180922 | AK43: -0.24655166 | AL43: -89.9914 | AM43: LIC MF Mid cap Fund | AN43: LIC187 | AP43: Direct | AT43: 30 | AU43: LIC
A44: =K44&B44 -> LEEMCFRD | B44: =VLOOKUP(J44,'Scheme master'!B:AA,25,0) -> RD | C44: =VLOOKUP(J44,'Scheme master'!B:Q,16,0) -> 10 | D44: =(M44+E44)*C44/10000000 -> 2.3164523 | E44: =SUMIF('PHY rollback'!A:A,J44,'PHY rollback'!G:G) -> 0 | F44: =N44/10000000 -> 6.7606114 | G44: =IF(M44<=0,0,Q44) -> 29.1852 | H44: =SUMIF(K:K,K44,F:F)-P44/10000000 -> 0 | I44: =VLOOKUP(K44,'Scheme master'!F:R,13,0) -> Live | J44: LEEMCFRD | K44: LEEMCF | L44: RD | M44: 2316452.3 | N44: 67606114 | O44: 29.185196 | P44: 3.343309e+09 | Q44: 29.1852 | R44: 45565 | S44: 152000 | T44: 187DP | U44: 187 | W44: 10 | X44: EQTY | Y44: 29.1852 | Z44: 29.1852 | AA44: 159573 | AB44: LIC MF Mid cap Fund | AC44: Regular Plan IDCW Option | AD44: 45564 | AE44: 29.2581 | AF44: 29.258072 | AG44: -0.0729 | AH44: -0.24916177 | AI44: -90.944 | AJ44: -0.07287607 | AK44: -0.24908022 | AL44: -90.9143 | AM44: LIC MF Mid cap Fund | AN44: LIC187 | AP44: Regular | AT44: 30 | AU44: LIC
A45: =K45&B45 -> LEEMCFRG | B45: =VLOOKUP(J45,'Scheme master'!B:AA,25,0) -> RG | C45: =VLOOKUP(J45,'Scheme master'!B:Q,16,0) -> 10 | D45: =(M45+E45)*C45/10000000 -> 99.195739 | E45: =SUMIF('PHY rollback'!A:A,J45,'PHY rollback'!G:G) -> 0 | F45: =N45/10000000 -> 308.46919 | G45: =IF(M45<=0,0,Q45) -> 31.097 | H45: =SUMIF(K:K,K45,F:F)-P45/10000000 -> 0 | I45: =VLOOKUP(K45,'Scheme master'!F:R,13,0) -> Live | J45: LEEMCFRG | K45: LEEMCF | L45: RG | M45: 99195739 | N45: 3.0846919e+09 | O45: 31.09702 | P45: 3.343309e+09 | Q45: 31.097 | R45: 45565 | S45: 152001 | T45: 187GP | U45: 187 | W45: 10 | X45: EQTY | Y45: 31.097 | Z45: 31.097 | AA45: 159574 | AB45: LIC MF Mid cap Fund | AC45: Regular Plan Growth Option | AD45: 45564 | AE45: 31.1747 | AF45: 31.174669 | AG45: -0.0777 | AH45: -0.24924057 | AI45: -90.9728 | AJ45: -0.077649579 | AK45: -0.24907908 | AL45: -90.9139 | AM45: LIC MF Mid cap Fund | AN45: LIC187 | AP45: Regular | AT45: 30 | AU45: LIC
... A51: =K51&B51 -> LEEQSFRDQ | B51: =VLOOKUP(J51,'Scheme master'!B:AA,25,0) -> RDQ | C51: =VLOOKUP(J51,'Scheme master'!B:Q,16,0) -> 10 | D51: =(M51+E51)*C51/10000000 -> 0.63436172 | E51: =SUMIF('PHY rollback'!A:A,J51,'PHY rollback'!G:G) -> 0 | F51: =N51/10000000 -> 1.2475984 | G51: =IF(M51<=0,0,Q51) -> 19.667 | H51: =SUMIF(K:K,K51,F:F)-P51/10000000 -> 0 | I51: =VLOOKUP(K51,'Scheme master'!F:R,13,0) -> Live | J51: LEEQSFRQD | K51: LEEQSF | L51: RQD | M51: 634361.72 | N51: 12475984 | O51: 19.666987 | P51: 2.1680484e+08 | Q51: 19.667 | R51: 45565 | S51: 151951 | T51: 191QD | U51: 191 | W51: 10 | X51: EQTY | Y51: 19.667 | Z51: 19.667 | AA51: 159556 | AB51: LIC MF Equity Savings Fund | AC51: Regular Quarterly IDCW Option | AD51: 45564 | AE51: 19.6982 | AF51: 19.698182 | AG51: -0.0312 | AH51: -0.15839011 | AI51: -57.8124 | AJ51: -0.031194836 | AK51: -0.15836403 | AL51: -57.8029 | AM51: LIC MF Equity Savings Fund | AN51: LIC191 | AP51: Regular | AT51: 30 | AU51: LIC
A52: =K52&B52 -> LEEQTFDD | B52: =VLOOKUP(J52,'Scheme master'!B:AA,25,0) -> DD | C52: =VLOOKUP(J52,'Scheme master'!B:Q,16,0) -> 10 | D52: =(M52+E52)*C52/10000000 -> 0.63215979 | E52: =SUMIF('PHY rollback'!A:A,J52,'PHY rollback'!G:G) -> 0 | F52: =N52/10000000 -> 2.4839841 | G52: =IF(M52<=0,0,Q52) -> 39.2936 | H52: =SUMIF(K:K,K52,F:F)-P52/10000000 -> 0 | I52: =VLOOKUP(K52,'Scheme master'!F:R,13,0) -> Live | J52: LEEQTFDDP | K52: LEEQTF | L52: DDP | M52: 632159.79 | N52: 24839842 | O52: 39.293612 | P52: 1.1347908e+10 | Q52: 39.2936 | R52: 45565 | S52: 120263 | T52: 17D1 | U52: 17 | V52: LI176 | W52: 10 | X52: EQTY | Y52: 39.2936 | Z52: 38.9007 | AA52: 84333 | AB52: LIC MF Flexi Cap Fund | AC52: Direct Plan IDCW Option | AD52: 45564 | AE52: 39.5205 | AF52: 39.52052 | AG52: -0.2269 | AH52: -0.57413241 | AI52: -209.5583 | AJ52: -0.22690856 | AK52: -0.57415378 | AL52: -209.5661 | AM52: LIC MF Flexi Cap Fund | AN52: LIC17 | AP52: Direct | AQ52: INF767K01EF5/INF767K01EH1 | AT52: 30 | AU52: LIC
A53: =K53&B53 -> LEEQTFDG | B53: =VLOOKUP(J53,'Scheme master'!B:AA,25,0) -> DG | C53: =VLOOKUP(J53,'Scheme master'!B:Q,16,0) -> 10 | D53: =(M53+E53)*C53/10000000 -> 6.5406153 | E53: =SUMIF('PHY rollback'!A:A,J53,'PHY rollback'!G:G) -> 0 | F53: =N53/10000000 -> 76.351511 | G53: =IF(M53<=0,0,Q53) -> 116.7344 | H53: =SUMIF(K:K,K53,F:F)-P53/10000000 -> 0 | I53: =VLOOKUP(K53,'Scheme master'!F:R,13,0) -> Live | J53: LEEQTFGDP | K53: LEEQTF | L53: GDP | M53: 6540615.3 | N53: 7.6351511e+08 | O53: 116.73445 | P53: 1.1347908e+10 | Q53: 116.7344 | R53: 45565 | S53: 120264 | T53: 17G1 | U53: 17 | V53: LI177 | W53: 10 | X53: EQTY | Y53: 116.7344 | Z53: 115.5671 | AA53: 84334 | AB53: LIC MF Flexi Cap Fund | AC53: Direct Plan Growth Option | AD53: 45564 | AE53: 117.4085 | AF53: 117.40846 | AG53: -0.6741 | AH53: -0.57414923 | AI53: -209.5645 | AJ53: -0.67401155 | AK53: -0.57407409 | AL53: -209.537 | AM53: LIC MF Flexi Cap Fund | AN53: LIC17 | AP53: Direct | AQ53: INF767K01EG3 | AT53: 30 | AU53: LIC
A54: =K54&B54 -> LEEQTFRD | B54: =VLOOKUP(J54,'Scheme master'!B:AA,25,0) -> RD | C54: =VLOOKUP(J54,'Scheme master'!B:Q,16,0) -> 10 | D54: =(M54+E54)*C54/10000000 -> 13.937665 | E54: =SUMIF('PHY rollback'!A:A,J54,'PHY rollback'!G:G) -> 0 | F54: =N54/10000000 -> 46.975274 | G54: =IF(M54<=0,0,Q54) -> 33.7038 | H54: =SUMIF(K:K,K54,F:F)-P54/10000000 -> 0 | I54: =VLOOKUP(K54,'Scheme master'!F:R,13,0) -> Live | J54: LEEQTFRD | K54: LEEQTF | L54: RD | M54: 13937665 | N54: 4.6975274e+08 | O54: 33.703834 | P54: 1.1347908e+10 | Q54: 33.7038 | R54: 45565 | S54: 100312 | T54: 17DP | U54: 17 | V54: LI030 | W54: 10 | X54: EQTY | Y54: 33.7038 | Z54: 33.3668 | AA54: 84331 | AB54: LIC MF Flexi Cap Fund | AC54: Regular Plan IDCW Option | AD54: 45564 | AE54: 33.8992 | AF54: 33.899243 | AG54: -0.1954 | AH54: -0.57641478 | AI54: -210.3914 | AJ54: -0.19540941 | AK54: -0.5764418 | AL54: -210.4013 | AM54: LIC MF Flexi Cap Fund | AN54: LIC17 | AP54: Regular | AQ54: INF767K01063/INF767K01055 | AT54: 30 | AU54: LIC
A55: =K55&B55 -> LEEQTFRG | B55: =VLOOKUP(J55,'Scheme master'!B:AA,25,0) -> RG | C55: =VLOOKUP(J55,'Scheme master'!B:Q,16,0) -> 10 | D55: =(M55+E55)*C55/10000000 -> 94.468686 | E55: =SUMIF('PHY rollback'!A:A,J55,'PHY rollback'!G:G) -> 0 | F55: =N55/10000000 -> 1008.98 | G55: =IF(M55<=0,0,Q55) -> 106.8058 | H55: =SUMIF(K:K,K55,F:F)-P55/10000000 -> 0 | I55: =VLOOKUP(K55,'Scheme master'!F:R,13,0) -> Live | J55: LEEQTFRG | K55: LEEQTF | L55: RG | M55: 94468686 | N55: 1.00898e+10 | O55: 106.80576 | P55: 1.1347908e+10 | Q55: 106.8058 | R55: 45565 | S55: 100313 | T55: 17GP | U55: 17 | V55: LI004 | W55: 10 | X55: EQTY | Y55: 106.8058 | Z55: 105.7377 | AA55: 84332 | AB55: LIC MF Flexi Cap Fund | AC55: Regular Plan Growth Option | AD55: 45564 | AE55: 107.425 | AF55: 107.42501 | AG55: -0.6192 | AH55: -0.57640214 | AI55: -210.3868 | AJ55: -0.61924262 | AK55: -0.57644179 | AL55: -210.4013 | AM55: LIC MF Flexi Cap Fund | AN55: LIC17 | AP55: Regular | AQ55: INF767K01071 | AT55: 30 | AU55: LIC
A56: =K56&B56 -> LEESCFDD | B56: =VLOOKUP(J56,'Scheme master'!B:AA,25,0) -> DD | C56: =VLOOKUP(J56,'Scheme master'!B:Q,16,0) -> 10 | D56: =(M56+E56)*C56/10000000 -> 0.80008045 | E56: =SUMIF('PHY rollback'!A:A,J56,'PHY rollback'!G:G) -> 0 | F56: =N56/10000000 -> 3.0089157 | G56: =IF(M56<=0,0,Q56) -> 37.6077 | H56: =SUMIF(K:K,K56,F:F)-P56/10000000 -> 0 | I56: =VLOOKUP(K56,'Scheme master'!F:R,13,0) -> Live | J56: LEESCFDDP | K56: LEESCF | L56: DDP | M56: 800080.45 | N56: 30089157 | O56: 37.607664 | P56: 3.7018215e+09 | Q56: 37.6077 | R56: 45565 | S56: 152005 | T56: 189D1 | U56: 189 | W56: 10 | X56: EQTY | Y56: 37.61 | Z56: 37.6077 | AA56: 159580 | AB56: LIC MF Small Cap Fund | AC56: Direct Plan IDCW Option | AD56: 45564 | AE56: 37.5041 | AF56: 37.504112 | AG56: 0.1036 | AH56: 0.27623646 | AI56: 100.8263 | AJ56: 0.10355162 | AK56: 0.27610739 | AL56: 100.7792 | AM56: LIC MF Small Cap Fund | AN56: LIC189 | AP56: Direct | AT56: 30 | AU56: LIC
A57: =K57&B57 -> LEESCFDG | B57: =VLOOKUP(J57,'Scheme master'!B:AA,25,0) -> DG | C57: =VLOOKUP(J57,'Scheme master'!B:Q,16,0) -> 10 | D57: =(M57+E57)*C57/10000000 -> 14.441714 | E57: =SUMIF('PHY rollback'!A:A,J57,'PHY rollback'!G:G) -> 0 | F57: =N57/10000000 -> 54.318473 | G57: =IF(M57<=0,0,Q57) -> 37.6122 | H57: =SUMIF(K:K,K57,F:F)-P57/10000000 -> 0 | I57: =VLOOKUP(K57,'Scheme master'!F:R,13,0) -> Live | J57: LEESCFGDP | K57: LEESCF | L57: GDP | M57: 14441714 | N57: 5.4318473e+08 | O57: 37.612206 | P57: 3.7018215e+09 | Q57: 37.6122 | R57: 45565 | S57: 152004 | T57: 189G1 | U57: 189 | W57: 10 | X57: EQTY | Y57: 37.61 | Z57: 37.6122 | AA57: 159581 | AB57: LIC MF Small Cap Fund | AC57: Direct Plan Growth Option | AD57: 45564 | AE57: 37.5086 | AF57: 37.508632 | AG57: 0.1036 | AH57: 0.27620332 | AI57: 100.8142 | AJ57: 0.10357369 | AK57: 0.27613294 | AL57: 100.7885 | AM57: LIC MF Small Cap Fund | AN57: LIC189 | AP57: Direct | AT57: 30 | AU57: LIC
A58: =K58&B58 -> LEESCFRD | B58: =VLOOKUP(J58,'Scheme master'!B:AA,25,0) -> RD | C58: =VLOOKUP(J58,'Scheme master'!B:Q,16,0) -> 10 | D58: =(M58+E58)*C58/10000000 -> 1.8891881 | E58: =SUMIF('PHY rollback'!A:A,J58,'PHY rollback'!G:G) -> 0 | F58: =N58/10000000 -> 6.4180943 | G58: =IF(M58<=0,0,Q58) -> 33.9728 | H58: =SUMIF(K:K,K58,F:F)-P58/10000000 -> 0 | I58: =VLOOKUP(K58,'Scheme master'!F:R,13,0) -> Live | J58: LEESCFRD | K58: LEESCF | L58: RD | M58: 1889188.1 | N58: 64180944 | O58: 33.972764 | P58: 3.7018215e+09 | Q58: 33.9728 | R58: 45565 | S58: 152006 | T58: 189DP | U58: 189 | W58: 10 | X58: EQTY | Y58: 33.97 | Z58: 33.9728 | AA58: 159578 | AB58: LIC MF Small Cap Fund | AC58: Regular Plan IDCW Option | AD58: 45564 | AE58: 33.8801 | AF58: 33.880112 | AG58: 0.0927 | AH58: 0.27361194 | AI58: 99.8684 | AJ58: 0.09265199 | AK58: 0.27347014 | AL58: 99.8166 | AM58: LIC MF Small Cap Fund | AN58: LIC189 | AP58: Regular | AT58: 30 | AU58: LIC
A59: =K59&B59 -> LEESCFRG | B59: =VLOOKUP(J59,'Scheme master'!B:AA,25,0) -> RG | C59: =VLOOKUP(J59,'Scheme master'!B:Q,16,0) -> 10 | D59: =(M59+E59)*C59/10000000 -> 90.200332 | E59: =SUMIF('PHY rollback'!A:A,J59,'PHY rollback'!G:G) -> 0 | F59: =N59/10000000 -> 306.43667 | G59: =IF(M59<=0,0,Q59) -> 33.9729 | H59: =SUMIF(K:K,K59,F:F)-P59/10000000 -> 0 | I59: =VLOOKUP(K59,'Scheme master'!F:R,13,0) -> Live | J59: LEESCFRG | K59: LEESCF | L59: RG | M59: 90200332 | N59: 3.0643667e+09 | O59: 33.972898 | P59: 3.7018215e+09 | Q59: 33.9729 | R59: 45565 | S59: 152003 | T59: 189GP | U59: 189 | W59: 10 | X59: EQTY | Y59: 33.97 | Z59: 33.9729 | AA59: 159579 | AB59: LIC MF Small Cap Fund | AC59: Regular Plan Growth Option | AD59: 45564 | AE59: 33.8802 | AF59: 33.880245 | AG59: 0.0927 | AH59: 0.27361114 | AI59: 99.8681 | AJ59: 0.092653376 | AK59: 0.27347316 | AL59: 99.8177 | AM59: LIC MF Small Cap Fund | AN59: LIC189 | AP59: Regular | AT59: 30 | AU59: LIC
A60: =K60&B60 -> LEFE30DD | B60: =VLOOKUP(J60,'Scheme master'!B:AA,25,0) -> DD | C60: =VLOOKUP(J60,'Scheme master'!B:Q,16,0) -> 10 | D60: =(M60+E60)*C60/10000000 -> 0.19771446 | E60: =SUMIF('PHY rollback'!A:A,J60,'PHY rollback'!G:G) -> 0 | F60: =N60/10000000 -> 0.49100597 | G60: =IF(M60<=0,0,Q60) -> 24.8341 | H60: =SUMIF(K:K,K60,F:F)-P60/10000000 -> 0 | I60: =VLOOKUP(K60,'Scheme master'!F:R,13,0) -> Live | J60: LEFE30DDP | K60: LEFE30 | L60: DDP | M60: 197714.46 | N60: 4910059.7 | O60: 24.834095 | P60: 1.5421889e+09 | Q60: 24.8341 | R60: 45565 | S60: 152008 | T60: 186D1 | U60: 186 | W60: 10 | X60: EQTY | Y60: 24.8341 | Z60: 24.8341 | AA60: 159565 | AB60: LIC MF Focused Fund | AC60: Direct Plan IDCW Option | AD60: 45564 | AE60: 25.1183 | AF60: 25.118297 | AG60: -0.2842 | AH60: -1.131446 | AI60: -412.9778 | AJ60: -0.28420218 | AK60: -1.1314548 | AL60: -412.981 | AM60: LIC MF Focused 30 Equity Fund | AN60: LIC186 | AP60: Direct | AT60: 30 | AU60: LIC
A61: =K61&B61 -> LEFE30DG | B61: =VLOOKUP(J61,'Scheme master'!B:AA,25,0) -> DG | C61: =VLOOKUP(J61,'Scheme master'!B:Q,16,0) -> 10 | D61: =(M61+E61)*C61/10000000 -> 2.7891995 | E61: =SUMIF('PHY rollback'!A:A,J61,'PHY rollback'!G:G) -> 0 | F61: =N61/10000000 -> 6.9299559 | G61: =IF(M61<=0,0,Q61) -> 24.8457 | H61: =SUMIF(K:K,K61,F:F)-P61/10000000 -> 0 | I61: =VLOOKUP(K61,'Scheme master'!F:R,13,0) -> Live | J61: LEFE30GDP | K61: LEFE30 | L61: GDP | M61: 2789199.5 | N61: 69299559 | O61: 24.84568 | P61: 1.5421889e+09 | Q61: 24.8457 | R61: 45565 | S61: 152010 | T61: 186G1 | U61: 186 | W61: 10 | X61: EQTY | Y61: 24.8457 | Z61: 24.8457 | AA61: 159566 | AB61: LIC MF Focused Fund | AC61: Direct Plan Growth Option | AD61: 45564 | AE61: 25.13 | AF61: 25.129983 | AG61: -0.2843 | AH61: -1.1313172 | AI61: -412.9308 | AJ61: -0.28430216 | AK61: -1.1313265 | AL61: -412.9342 | AM61: LIC MF Focused 30 Equity Fund | AN61: LIC186 | AP61: Direct | AT61: 30 | AU61: LIC
A62: =K62&B62 -> LEFE30RD | B62: =VLOOKUP(J62,'Scheme master'!B:AA,25,0) -> RD | C62: =VLOOKUP(J62,'Scheme master'!B:Q,16,0) -> 10 | D62: =(M62+E62)*C62/10000000 -> 1.9214881 | E62: =SUMIF('PHY rollback'!A:A,J62,'PHY rollback'!G:G) -> 0 | F62: =N62/10000000 -> 4.3778519 | G62: =IF(M62<=0,0,Q62) -> 22.7837 | H62: =SUMIF(K:K,K62,F:F)-P62/10000000 -> 0 | I62: =VLOOKUP(K62,'Scheme master'!F:R,13,0) -> Live | J62: LEFE30RD | K62: LEFE30 | L62: RD | M62: 1921488.1 | N62: 43778519 | O62: 22.783654 | P62: 1.5421889e+09 | Q62: 22.7837 | R62: 45565 | S62: 152007 | T62: 186DP | U62: 186 | W62: 10 | X62: EQTY | Y62: 22.7837 | Z62: 22.7837 | AA62: 159563 | AB62: LIC MF Focused Fund | AC62: Regular Plan IDCW Option | AD62: 45564 | AE62: 23.045 | AF62: 23.044959 | AG62: -0.2613 | AH62: -1.1338685 | AI62: -413.862 | AJ62: -0.26130501 | AK62: -1.1338923 | AL62: -413.8707 | AM62: LIC MF Focused 30 Equity Fund | AN62: LIC186 | AP62: Regular | AT62: 30 | AU62: LIC
A63: =K63&B63 -> LEFE30RG | B63: =VLOOKUP(J63,'Scheme master'!B:AA,25,0) -> RG | C63: =VLOOKUP(J63,'Scheme master'!B:Q,16,0) -> 10 | D63: =(M63+E63)*C63/10000000 -> 62.509151 | E63: =SUMIF('PHY rollback'!A:A,J63,'PHY rollback'!G:G) -> 0 | F63: =N63/10000000 -> 142.42007 | G63: =IF(M63<=0,0,Q63) -> 22.7839 | H63: =SUMIF(K:K,K63,F:F)-P63/10000000 -> 0 | I63: =VLOOKUP(K63,'Scheme master'!F:R,13,0) -> Live | J63: LEFE30RG | K63: LEFE30 | L63: RG | M63: 62509151 | N63: 1.4242007e+09 | O63: 22.783876 | P63: 1.5421889e+09 | Q63: 22.7839 | R63: 45565 | S63: 152009 | T63: 186GP | U63: 186 | W63: 10 | X63: EQTY | Y63: 22.7839 | Z63: 22.7839 | AA63: 159564 | AB63: LIC MF Focused Fund | AC63: Regular Plan Growth Option | AD63: 45564 | AE63: 23.0452 | AF63: 23.045184 | AG63: -0.2613 | AH63: -1.1338587 | AI63: -413.8584 | AJ63: -0.26130757 | AK63: -1.1338923 | AL63: -413.8707 | AM63: LIC MF Focused 30 Equity Fund | AN63: LIC186 | AP63: Regular | AT63: 30 | AU63: LIC
A64: =K64&B64 -> LDSAPFDDD | B64: =VLOOKUP(J64,'Scheme master'!B:AA,25,0) -> DDD | C64: =VLOOKUP(J64,'Scheme master'!B:Q,16,0) -> 10 | D64: =(M64+E64)*C64/10000000 -> 0.62494666 | E64: =SUMIF('PHY rollback'!A:A,J64,'PHY rollback'!G:G) -> 0 | F64: =N64/10000000 -> 0.6280714 | G64: =IF(M64<=0,0,Q64) -> 10.05 | H64: =SUMIF(K:K,K64,F:F)-P64/10000000 -> 0 | I64: =VLOOKUP(K64,'Scheme master'!F:R,13,0) -> Live | J64: LDSAPFDPD | K64: LDSAPF | L64: DPD | M64: 624946.66 | N64: 6280714 | O64: 10.05 | P64: 1.4941333e+10 | Q64: 10.05 | R64: 45565 | S64: 120316 | T64: 40D1 | U64: 40 | V64: LI200 | W64: 10 | X64: DEBT | Y64: 10.05 | Z64: 10.05 | AA64: 84282 | AB64: LIC MF Low Duration Fund | AC64: Direct Plan Daily IDCW Option | AD64: 45564 | AE64: 10.0539 | AF64: 10.053895 | AG64: -0.0039 | AH64: -0.038790917 | AI64: -14.1587 | AJ64: -0.0038952284 | AK64: -0.038743475 | AL64: -14.1414 | AM64: LIC MF Low Duration Fund | AN64: LIC40 | AP64: Direct | AQ64: INF767K01FL0/INF767K01FN6 | AT64: 30 | AU64: LIC
A65: =K65&B65 -> LDSAPFDG | B65: =VLOOKUP(J65,'Scheme master'!B:AA,25,0) -> DG | C65: =VLOOKUP(J65,'Scheme master'!B:Q,16,0) -> 10 | D65: =(M65+E65)*C65/10000000 -> 273.98828 | E65: =SUMIF('PHY rollback'!A:A,J65,'PHY rollback'!G:G) -> 0 | F65: =N65/10000000 -> 1107.2295 | G65: =IF(M65<=0,0,Q65) -> 40.4116 | H65: =SUMIF(K:K,K65,F:F)-P65/10000000 -> 0 | I65: =VLOOKUP(K65,'Scheme master'!F:R,13,0) -> Live | J65: LDSAPFGDP | K65: LDSAPF | L65: GDP | M65: 2.7398828e+08 | N65: 1.1072295e+10 | O65: 40.411565 | P65: 1.4941333e+10 | Q65: 40.4116 | R65: 45565 | S65: 120315 | T65: 40G1 | U65: 40 | V65: LI199 | W65: 10 | X65: DEBT | Y65: 40.4116 | Z65: 40.4116 | AA65: 84285 | AB65: LIC MF Low Duration Fund | AC65: Direct Plan Growth Option | AD65: 45564 | AE65: 40.3963 | AF65: 40.396291 | AG65: 0.0153 | AH65: 0.037874756 | AI65: 13.8243 | AJ65: 0.015274814 | AK65: 0.037812418 | AL65: 13.8015 | AM65: LIC MF Low Duration Fund | AN65: LIC40 | AP65: Direct | AQ65: INF767K01FM8 | AT65: 30 | AU65: LIC
A66: =K66&B66 -> LDSAPFDDM | B66: =VLOOKUP(J66,'Scheme master'!B:AA,25,0) -> DDM | C66: =VLOOKUP(J66,'Scheme master'!B:Q,16,0) -> 10 | D66: =(M66+E66)*C66/10000000 -> 0.18724056 | E66: =SUMIF('PHY rollback'!A:A,J66,'PHY rollback'!G:G) -> 0 | F66: =N66/10000000 -> 0.39520827 | G66: =IF(M66<=0,0,Q66) -> 21.107 | H66: =SUMIF(K:K,K66,F:F)-P66/10000000 -> 0 | I66: =VLOOKUP(K66,'Scheme master'!F:R,13,0) -> Live | J66: LDSAPFMDP | K66: LDSAPF | L66: MDP | M66: 187240.56 | N66: 3952082.8 | O66: 21.10698 | P66: 1.4941333e+10 | Q66: 21.107 | R66: 45565 | S66: 120317 | T66: 40M1 | U66: 40 | V66: LI198 | W66: 10 | X66: DEBT | Y66: 21.107 | Z66: 21.107 | AA66: 84284 | AB66: LIC MF Low Duration Fund | AC66: Direct Plan Monthly IDCW Option | AD66: 45564 | AE66: 21.099 | AF66: 21.099006 | AG66: 0.008 | AH66: 0.037916489 | AI66: 13.8395 | AJ66: 0.0079733257 | AK66: 0.037790053 | AL66: 13.7934 | AM66: LIC MF Low Duration Fund | AN66: LIC40 | AP66: Direct | AQ66: INF767K01FP1/INF767K01FO4 | AT66: 30 | AU66: LIC
A67: =K67&B67 -> LDSAPFRDD | B67: =VLOOKUP(J67,'Scheme master'!B:AA,25,0) -> RDD | C67: =VLOOKUP(J67,'Scheme master'!B:Q,16,0) -> 10 | D67: =(M67+E67)*C67/10000000 -> 17.139547 | E67: =SUMIF('PHY rollback'!A:A,J67,'PHY rollback'!G:G) -> 0 | F67: =N67/10000000 -> 18.297495 | G67: =IF(M67<=0,0,Q67) -> 10.6756 | H67: =SUMIF(K:K,K67,F:F)-P67/10000000 -> 0 | I67: =VLOOKUP(K67,'Scheme master'!F:R,13,0) -> Live | J67: LDSAPFRDD | K67: LDSAPF | L67: RDD | M67: 17139547 | N67: 1.8297495e+08 | O67: 10.6756 | P67: 1.4941333e+10 | Q67: 10.6756 | R67: 45565 | S67: 111676 | T67: 40DD | U67: 40 | V67: LI152 | W67: 10 | X67: DEBT | Y67: 10.6756 | Z67: 10.6756 | AA67: 84278 | AB67: LIC MF Low Duration Fund | AC67: Regular Daily IDCW Option | AD67: 45564 | AE67: 10.6793 | AF67: 10.67934 | AG67: -0.0037 | AH67: -0.034646466 | AI67: -12.646 | AJ67: -0.0037397565 | AK67: -0.035018612 | AL67: -12.7818 | AM67: LIC MF Low Duration Fund | AN67: LIC40 | AP67: Regular | AQ67: INF767K01AK3/INF767K01AL1 | AT67: 30 | AU67: LIC
A68: =K68&B68 -> LDSAPFRG | B68: =VLOOKUP(J68,'Scheme master'!B:AA,25,0) -> RG | C68: =VLOOKUP(J68,'Scheme master'!B:Q,16,0) -> 10 | D68: =(M68+E68)*C68/10000000 -> 97.742086 | E68: =SUMIF('PHY rollback'!A:A,J68,'PHY rollback'!G:G) -> 0 | F68: =N68/10000000 -> 366.20992 | G68: =IF(M68<=0,0,Q68) -> 37.467 | H68: =SUMIF(K:K,K68,F:F)-P68/10000000 -> 0 | I68: =VLOOKUP(K68,'Scheme master'!F:R,13,0) -> Live | J68: LDSAPFRG | K68: LDSAPF | L68: RG | M68: 97742086 | N68: 3.6620992e+09 | O68: 37.466964 | P68: 1.4941333e+10 | Q68: 37.467 | R68: 45565 | S68: 101830 | T68: 40GP | U68: 40 | V68: LI022 | W68: 10 | X68: DEBT | Y68: 37.467 | Z68: 37.467 | AA68: 84281 | AB68: LIC MF Low Duration Fund | AC68: Regular Plan Growth Option | AD68: 45564 | AE68: 37.4535 | AF68: 37.45349 | AG68: 0.0135 | AH68: 0.036044695 | AI68: 13.1563 | AJ68: 0.013474477 | AK68: 0.035976559 | AL68: 13.1314 | AM68: LIC MF Low Duration Fund | AN68: LIC40 | AP68: Regular | AQ68: INF767K01AO5 | AT68: 30 | AU68: LIC
A69: =K69&B69 -> LDSAPFRDM | B69: =VLOOKUP(J69,'Scheme master'!B:AA,25,0) -> RDM | C69: =VLOOKUP(J69,'Scheme master'!B:Q,16,0) -> 10 | D69: =(M69+E69)*C69/10000000 -> 0.66652588 | E69: =SUMIF('PHY rollback'!A:A,J69,'PHY rollback'!G:G) -> 0 | F69: =N69/10000000 -> 0.86111668 | G69: =IF(M69<=0,0,Q69) -> 12.9195 | H69: =SUMIF(K:K,K69,F:F)-P69/10000000 -> 0 | I69: =VLOOKUP(K69,'Scheme master'!F:R,13,0) -> Live | J69: LDSAPFRMD | K69: LDSAPF | L69: RMD | M69: 666525.88 | N69: 8611166.8 | O69: 12.919479 | P69: 1.4941333e+10 | Q69: 12.9195 | R69: 45565 | S69: 101829 | T69: 40DP | U69: 40 | V69: LI021 | W69: 10 | X69: DEBT | Y69: 12.9195 | Z69: 12.9195 | AA69: 84280 | AB69: LIC MF Low Duration Fund | AC69: Regular Plan Monthly IDCW Option | AD69: 45564 | AE69: 12.9148 | AF69: 12.914839 | AG69: 0.0047 | AH69: 0.036392356 | AI69: 13.2832 | AJ69: 0.0046397298 | AK69: 0.035925573 | AL69: 13.1128 | AM69: LIC MF Low Duration Fund | AN69: LIC40 | AP69: Regular | AQ69: INF767K01AM9/INF767K01AN7 | AT69: 30 | AU69: LIC
A70: =K70&B70 -> LDSAPFRDW | B70: =VLOOKUP(J70,'Scheme master'!B:AA,25,0) -> RDW | C70: =VLOOKUP(J70,'Scheme master'!B:Q,16,0) -> 10 | D70: =(M70+E70)*C70/10000000 -> 0.38203284 | E70: =SUMIF('PHY rollback'!A:A,J70,'PHY rollback'!G:G) -> 0 | F70: =N70/10000000 -> 0.49145892 | G70: =IF(M70<=0,0,Q70) -> 12.8643 | H70: =SUMIF(K:K,K70,F:F)-P70/10000000 -> 0 | I70: =VLOOKUP(K70,'Scheme master'!F:R,13,0) -> Live | J70: LDSAPFRWD | K70: LDSAPF | L70: RWD | M70: 382032.84 | N70: 4914589.2 | O70: 12.864311 | P70: 1.4941333e+10 | Q70: 12.8643 | R70: 45565 | S70: 111675 | T70: 40WD | U70: 40 | V70: LI153 | W70: 10 | X70: DEBT | Y70: 12.8643 | Z70: 12.8643 | AA70: 84279 | AB70: LIC MF Low Duration Fund | AC70: Regular Plan Weekly IDCW Option | AD70: 45564 | AE70: 12.8597 | AF70: 12.859691 | AG70: 0.0046 | AH70: 0.035770663 | AI70: 13.0563 | AJ70: 0.004619917 | AK70: 0.035925567 | AL70: 13.1128 | AM70: LIC MF Low Duration Fund | AN70: LIC40 | AP70: Regular | AQ70: INF767K01AP2/INF767K01AQ0 | AT70: 30 | AU70: LIC
A71: =K71&B71 -> LDSAPFDDW | B71: =VLOOKUP(J71,'Scheme master'!B:AA,25,0) -> DDW | C71: =VLOOKUP(J71,'Scheme master'!B:Q,16,0) -> 10 | D71: =(M71+E71)*C71/10000000 -> 0.014566118 | E71: =SUMIF('PHY rollback'!A:A,J71,'PHY rollback'!G:G) -> 0 | F71: =N71/10000000 -> 0.02050644 | G71: =IF(M71<=0,0,Q71) -> 14.0782 | H71: =SUMIF(K:K,K71,F:F)-P71/10000000 -> 0 | I71: =VLOOKUP(K71,'Scheme master'!F:R,13,0) -> Live | J71: LDSAPFWDP | K71: LDSAPF | L71: WDP | M71: 14566.118 | N71: 205064.4 | O71: 14.078178 | P71: 1.4941333e+10 | Q71: 14.0782 | R71: 45565 | S71: 120318 | T71: 40W1 | U71: 40 | V71: LI201 | W71: 10 | X71: DEBT | Y71: 14.0782 | Z71: 14.0782 | AA71: 84283 | AB71: LIC MF Low Duration Fund | AC71: Direct Plan Weekly IDCW Option | AD71: 45564 | AE71: 14.0729 | AF71: 14.072861 | AG71: 0.0053 | AH71: 0.037661036 | AI71: 13.7463 | AJ71: 0.0053164474 | AK71: 0.037778013 | AL71: 13.789 | AM71: LIC MF Low Duration Fund | AN71: LIC40 | AP71: Direct | AQ71: INF767K01JJ6/INF767K01JK4 | AT71: 30 | AU71: LIC
A72: =K72&B72 -> LDSTDFDD | B72: =VLOOKUP(J72,'Scheme master'!B:AA,25,0) -> DD | C72: =VLOOKUP(J72,'Scheme master'!B:Q,16,0) -> 10 | D72: =(M72+E72)*C72/10000000 -> 0.033440696 | E72: =SUMIF('PHY rollback'!A:A,J72,'PHY rollback'!G:G) -> 0 | F72: =N72/10000000 -> 0.048825069 | G72: =IF(M72<=0,0,Q72) -> 14.6005 | H72: =SUMIF(K:K,K72,F:F)-P72/10000000 -> 0 | I72: =VLOOKUP(K72,'Scheme master'!F:R,13,0) -> Live | J72: LDSTDFDDP | K72: LDSTDF | L72: DDP | M72: 33440.696 | N72: 488250.69 | O72: 14.600494 | P72: 1.1132662e+09 | Q72: 14.6005 | R72: 45565 | S72: 145953 | T72: 179D1 | U72: 179 | W72: 10 | X72: DEBT | Y72: 14.6005 | Z72: 14.6005 | AA72: 102833 | AB72: LIC MF Short Duration Fund | AC72: Direct Plan IDCW Option | AD72: 45564 | AE72: 14.5924 | AF72: 14.592357 | AG72: 0.0081 | AH72: 0.055508347 | AI72: 20.2605 | AJ72: 0.0081367924 | AK72: 0.055760643 | AL72: 20.3526 | AM72: LIC MF Short Duration Fund | AN72: LIC179 | AP72: Direct | AT72: 30 | AU72: LIC
A73: =K73&B73 -> LDSTDFDG | B73: =VLOOKUP(J73,'Scheme master'!B:AA,25,0) -> DG | C73: =VLOOKUP(J73,'Scheme master'!B:Q,16,0) -> 10 | D73: =(M73+E73)*C73/10000000 -> 22.210235 | E73: =SUMIF('PHY rollback'!A:A,J73,'PHY rollback'!G:G) -> 0 | F73: =N73/10000000 -> 32.428077 | G73: =IF(M73<=0,0,Q73) -> 14.6005 | H73: =SUMIF(K:K,K73,F:F)-P73/10000000 -> 0 | I73: =VLOOKUP(K73,'Scheme master'!F:R,13,0) -> Live | J73: LDSTDFGDP | K73: LDSTDF | L73: GDP | M73: 22210235 | N73: 3.2428077e+08 | O73: 14.600511 | P73: 1.1132662e+09 | Q73: 14.6005 | R73: 45565 | S73: 145954 | T73: 179G1 | U73: 179 | W73: 10 | X73: DEBT | Y73: 14.6005 | Z73: 14.6005 | AA73: 102834 | AB73: LIC MF Short Duration Fund | AC73: Direct Plan Growth Option | AD73: 45564 | AE73: 14.5924 | AF73: 14.592371 | AG73: 0.0081 | AH73: 0.055508347 | AI73: 20.2605 | AJ73: 0.0081394404 | AK73: 0.055778737 | AL73: 20.3592 | AM73: LIC MF Short Duration Fund | AN73: LIC179 | AP73: Direct | AT73: 30 | AU73: LIC
A74: =K74&B74 -> LDSTDFDDM | B74: =VLOOKUP(J74,'Scheme master'!B:AA,25,0) -> DDM | C74: =VLOOKUP(J74,'Scheme master'!B:Q,16,0) -> 10 | D74: =(M74+E74)*C74/10000000 -> 0.026708746 | E74: =SUMIF('PHY rollback'!A:A,J74,'PHY rollback'!G:G) -> 0 | F74: =N74/10000000 -> 0.038993613 | G74: =IF(M74<=0,0,Q74) -> 14.5996 | H74: =SUMIF(K:K,K74,F:F)-P74/10000000 -> 0 | I74: =VLOOKUP(K74,'Scheme master'!F:R,13,0) -> Live | J74: LDSTDFMDP | K74: LDSTDF | L74: MDP | M74: 26708.746 | N74: 389936.13 | O74: 14.599567 | P74: 1.1132662e+09 | Q74: 14.5996 | R74: 45565 | S74: 151959 | T74: 179M1 | U74: 179 | W74: 10 | X74: DEBT | Y74: 14.5996 | Z74: 14.5996 | AA74: 160176 | AB74: LIC MF Short Duration Fund | AC74: Direct Plan Monthly IDCW Option | AD74: 45564 | AE74: 14.5914 | AF74: 14.59143 | AG74: 0.0082 | AH74: 0.056197486 | AI74: 20.5121 | AJ74: 0.0081366606 | AK74: 0.055763282 | AL74: 20.3536 | AM74: LIC MF Short Duration Fund | AN74: LIC179 | AP74: Direct | AT74: 30 | AU74: LIC
A75: =K75&B75 -> LDSTDFRD | B75: =VLOOKUP(J75,'Scheme master'!B:AA,25,0) -> RD | C75: =VLOOKUP(J75,'Scheme master'!B:Q,16,0) -> 10 | D75: =(M75+E75)*C75/10000000 -> 0.008539725 | E75: =SUMIF('PHY rollback'!A:A,J75,'PHY rollback'!G:G) -> 0 | F75: =N75/10000000 -> 0.011757622 | G75: =IF(M75<=0,0,Q75) -> 13.7682 | H75: =SUMIF(K:K,K75,F:F)-P75/10000000 -> 0 | I75: =VLOOKUP(K75,'Scheme master'!F:R,13,0) -> Live | J75: LDSTDFRD | K75: LDSTDF | L75: RD | M75: 8539.725 | N75: 117576.22 | O75: 13.768151 | P75: 1.1132662e+09 | Q75: 13.7682 | R75: 45565 | S75: 145951 | T75: 179DP | U75: 179 | W75: 10 | X75: DEBT | Y75: 13.7682 | Z75: 13.7682 | AA75: 102831 | AB75: LIC MF Short Duration Fund | AC75: Regular Plan IDCW Option | AD75: 45564 | AE75: 13.7609 | AF75: 13.760937 | AG75: 0.0073 | AH75: 0.053048856 | AI75: 19.3628 | AJ75: 0.007213347 | AK75: 0.05241901 | AL75: 19.1329 | AM75: LIC MF Short Duration Fund | AN75: LIC179 | AP75: Regular | AT75: 30 | AU75: LIC
A76: =K76&B76 -> LDSTDFRG | B76: =VLOOKUP(J76,'Scheme master'!B:AA,25,0) -> RG | C76: =VLOOKUP(J76,'Scheme master'!B:Q,16,0) -> 10 | D76: =(M76+E76)*C76/10000000 -> 52.098213 | E76: =SUMIF('PHY rollback'!A:A,J76,'PHY rollback'!G:G) -> 0 | F76: =N76/10000000 -> 71.729775 | G76: =IF(M76<=0,0,Q76) -> 13.7682 | H76: =SUMIF(K:K,K76,F:F)-P76/10000000 -> 0 | I76: =VLOOKUP(K76,'Scheme master'!F:R,13,0) -> Live | J76: LDSTDFRG | K76: LDSTDF | L76: RG | M76: 52098213 | N76: 7.1729775e+08 | O76: 13.768183 | P76: 1.1132662e+09 | Q76: 13.7682 | R76: 45565 | S76: 145952 | T76: 179GP | U76: 179 | W76: 10 | X76: DEBT | Y76: 13.7682 | Z76: 13.7682 | AA76: 102832 | AB76: LIC MF Short Duration Fund | AC76: Regular Plan Growth Option | AD76: 45564 | AE76: 13.7609 | AF76: 13.760871 | AG76: 0.0073 | AH76: 0.053048856 | AI76: 19.3628 | AJ76: 0.0073119188 | AK76: 0.05313558 | AL76: 19.3945 | AM76: LIC MF Short Duration Fund | AN76: LIC179 | AP76: Regular | AT76: 30 | AU76: LIC
A77: =K77&B77 -> LDSTDFRDM | B77: =VLOOKUP(J77,'Scheme master'!B:AA,25,0) -> RDM | C77: =VLOOKUP(J77,'Scheme master'!B:Q,16,0) -> 10 | D77: =(M77+E77)*C77/10000000 -> 0.20544066 | E77: =SUMIF('PHY rollback'!A:A,J77,'PHY rollback'!G:G) -> 0 | F77: =N77/10000000 -> 0.2828611 | G77: =IF(M77<=0,0,Q77) -> 13.7685 | H77: =SUMIF(K:K,K77,F:F)-P77/10000000 -> 0 | I77: =VLOOKUP(K77,'Scheme master'!F:R,13,0) -> Live | J77: LDSTDFRMD | K77: LDSTDF | L77: RMD | M77: 205440.66 | N77: 2828611 | O77: 13.768506 | P77: 1.1132662e+09 | Q77: 13.7685 | R77: 45565 | S77: 151955 | T77: 179MD | U77: 179 | W77: 10 | X77: DEBT | Y77: 13.7685 | Z77: 13.7685 | AA77: 160175 | AB77: LIC MF Short Duration Fund | AC77: Regular Plan Monthly IDCW Option | AD77: 45564 | AE77: 13.7612 | AF77: 13.761195 | AG77: 0.0073 | AH77: 0.053047699 | AI77: 19.3624 | AJ77: 0.0073116004 | AK77: 0.053132017 | AL77: 19.3932 | AM77: LIC MF Short Duration Fund | AN77: LIC179 | AP77: Regular | AT77: 30 | AU77: LIC
A78: =K78&B78 -> LDSTDFRDW | B78: =VLOOKUP(J78,'Scheme master'!B:AA,25,0) -> RDW | C78: =VLOOKUP(J78,'Scheme master'!B:Q,16,0) -> 10 | D78: =(M78+E78)*C78/10000000 -> 5.3370364 | E78: =SUMIF('PHY rollback'!A:A,J78,'PHY rollback'!G:G) -> 0 | F78: =N78/10000000 -> 6.7826432 | G78: =IF(M78<=0,0,Q78) -> 12.7086 | H78: =SUMIF(K:K,K78,F:F)-P78/10000000 -> 0 | I78: =VLOOKUP(K78,'Scheme master'!F:R,13,0) -> Live | J78: LDSTDFRWD | K78: LDSTDF | L78: RWD | M78: 5337036.4 | N78: 67826432 | O78: 12.708632 | P78: 1.1132662e+09 | Q78: 12.7086 | R78: 45565 | S78: 151956 | T78: 179WD | U78: 179 | W78: 10 | X78: DEBT | Y78: 12.7086 | Z78: 12.7086 | AA78: 160177 | AB78: LIC MF Short Duration Fund | AC78: Regular Plan Weekly IDCW Option | AD78: 45564 | AE78: 12.7019 | AF78: 12.701883 | AG78: 0.0067 | AH78: 0.052748014 | AI78: 19.253 | AJ78: 0.0067486836 | AK78: 0.053131362 | AL78: 19.3929 | AM78: LIC MF Short Duration Fund | AN78: LIC179 | AP78: Regular | AT78: 30 | AU78: LIC
A79: =K79&B79 -> LDBONDDD | B79: =VLOOKUP(J79,'Scheme master'!B:AA,25,0) -> DD | C79: =VLOOKUP(J79,'Scheme master'!B:Q,16,0) -> 10 | D79: =(M79+E79)*C79/10000000 -> 0.56366802 | E79: =SUMIF('PHY rollback'!A:A,J79,'PHY rollback'!G:G) -> 0 | F79: =N79/10000000 -> 0.99544246 | G79: =IF(M79<=0,0,Q79) -> 17.6601 | H79: =SUMIF(K:K,K79,F:F)-P79/10000000 -> 0 | I79: =VLOOKUP(K79,'Scheme master'!F:R,13,0) -> Live | J79: LDBONDDDP | K79: LDBOND | L79: DDP | M79: 563668.02 | N79: 9954424.6 | O79: 17.660084 | P79: 1.7806116e+09 | Q79: 17.6601 | R79: 45565 | S79: 120278 | T79: 33D1 | U79: 33 | V79: LI172 | W79: 10 | X79: DEBT | Y79: 17.6601 | Z79: 17.4835 | AA79: 84270 | AB79: LIC MF Medium to Long Duration Fund | AC79: Direct Plan IDCW Option | AD79: 45564 | AE79: 17.6612 | AF79: 17.661204 | AG79: -0.0011 | AH79: -0.0062283424 | AI79: -2.2733 | AJ79: -0.0011202693 | AK79: -0.0063431084 | AL79: -2.3152 | AM79: LIC MF Medium to Long Duration Bond Fund | AN79: LIC33 | AP79: Direct | AQ79: INF767K01EV2/INF767K01EX8 | AT79: 30 | AU79: LIC
A80: =K80&B80 -> LDBONDDG | B80: =VLOOKUP(J80,'Scheme master'!B:AA,25,0) -> DG | C80: =VLOOKUP(J80,'Scheme master'!B:Q,16,0) -> 10 | D80: =(M80+E80)*C80/10000000 -> 9.212355 | E80: =SUMIF('PHY rollback'!A:A,J80,'PHY rollback'!G:G) -> 0 | F80: =N80/10000000 -> 67.336152 | G80: =IF(M80<=0,0,Q80) -> 73.0933 | H80: =SUMIF(K:K,K80,F:F)-P80/10000000 -> 0 | I80: =VLOOKUP(K80,'Scheme master'!F:R,13,0) -> Live | J80: LDBONDGDP | K80: LDBOND | L80: GDP | M80: 9212355 | N80: 6.7336152e+08 | O80: 73.09331 | P80: 1.7806116e+09 | Q80: 73.0933 | R80: 45565 | S80: 120279 | T80: 33G1 | U80: 33 | V80: LI173 | W80: 10 | X80: DEBT | Y80: 73.0933 | Z80: 72.3624 | AA80: 84271 | AB80: LIC MF Medium to Long Duration Fund | AC80: Direct Plan Growth Option | AD80: 45564 | AE80: 73.0979 | AF80: 73.097944 | AG80: -0.0046 | AH80: -0.0062929304 | AI80: -2.2969 | AJ80: -0.0046339704 | AK80: -0.006339399 | AL80: -2.3139 | AM80: LIC MF Medium to Long Duration Bond Fund | AN80: LIC33 | AP80: Direct | AQ80: INF767K01EW0 | AT80: 30 | AU80: LIC
A81: =K81&B81 -> LDBONDDDQ | B81: =VLOOKUP(J81,'Scheme master'!B:AA,25,0) -> DDQ | C81: =VLOOKUP(J81,'Scheme master'!B:Q,16,0) -> 10 | D81: =(M81+E81)*C81/10000000 -> 0.50295558 | E81: =SUMIF('PHY rollback'!A:A,J81,'PHY rollback'!G:G) -> 0 | F81: =N81/10000000 -> 0.88822957 | G81: =IF(M81<=0,0,Q81) -> 17.6602 | H81: =SUMIF(K:K,K81,F:F)-P81/10000000 -> 0 | I81: =VLOOKUP(K81,'Scheme master'!F:R,13,0) -> Live | J81: LDBONDQDP | K81: LDBOND | L81: QDP | M81: 502955.58 | N81: 8882295.7 | O81: 17.660199 | P81: 1.7806116e+09 | Q81: 17.6602 | R81: 45565 | S81: 151988 | T81: 33Q1 | U81: 33 | W81: 10 | X81: DEBT | Y81: 17.6602 | Z81: 17.6602 | AA81: 160174 | AB81: LIC MF Medium to Long Duration Fund | AC81: Direct Plan Quarterly IDCW Option | AD81: 45564 | AE81: 17.6613 | AF81: 17.661319 | AG81: -0.0011 | AH81: -0.0062283071 | AI81: -2.2733 | AJ81: -0.001120258 | AK81: -0.0063430027 | AL81: -2.3152 | AM81: LIC MF Medium to Long Duration Bond Fund | AN81: LIC33 | AP81: Direct | AT81: 30 | AU81: LIC
A82: =K82&B82 -> LDBONDRDA | B82: =VLOOKUP(J82,'Scheme master'!B:AA,25,0) -> RDA | C82: =VLOOKUP(J82,'Scheme master'!B:Q,16,0) -> 10 | D82: =(M82+E82)*C82/10000000 -> 0.006592738 | E82: =SUMIF('PHY rollback'!A:A,J82,'PHY rollback'!G:G) -> 0 | F82: =N82/10000000 -> 0.009876342 | G82: =IF(M82<=0,0,Q82) -> 14.9806 | H82: =SUMIF(K:K,K82,F:F)-P82/10000000 -> 0 | I82: =VLOOKUP(K82,'Scheme master'!F:R,13,0) -> Live | J82: LDBONDRAD | K82: LDBOND | L82: RAD | M82: 6592.738 | N82: 98763.42 | O82: 14.980638 | P82: 1.7806116e+09 | Q82: 14.9806 | R82: 45565 | S82: 151989 | T82: 33AD | U82: 33 | W82: 10 | X82: DEBT | Y82: 14.9806 | Z82: 14.9806 | AA82: 160171 | AB82: LIC MF Medium to Long Duration Fund | AC82: Regular Annual IDCW Option | AD82: 45564 | AE82: 14.982 | AF82: 14.982004 | AG82: -0.0014 | AH82: -0.0093445468 | AI82: -3.4108 | AJ82: -0.0013666553 | AK82: -0.0091219787 | AL82: -3.3295 | AM82: LIC MF Medium to Long Duration Bond Fund | AN82: LIC33 | AP82: Regular | AT82: 30 | AU82: LIC
A83: =K83&B83 -> LDBONDRD | B83: =VLOOKUP(J83,'Scheme master'!B:AA,25,0) -> RD | C83: =VLOOKUP(J83,'Scheme master'!B:Q,16,0) -> 10 | D83: =(M83+E83)*C83/10000000 -> 2.88001 | E83: =SUMIF('PHY rollback'!A:A,J83,'PHY rollback'!G:G) -> 0 | F83: =N83/10000000 -> 4.3143855 | G83: =IF(M83<=0,0,Q83) -> 14.9805 | H83: =SUMIF(K:K,K83,F:F)-P83/10000000 -> 0 | I83: =VLOOKUP(K83,'Scheme master'!F:R,13,0) -> Live | J83: LDBONDRD | K83: LDBOND | L83: RD | M83: 2880010 | N83: 43143855 | O83: 14.980453 | P83: 1.7806116e+09 | Q83: 14.9805 | R83: 45565 | S83: 100314 | T83: 33DP | U83: 33 | V83: LI001 | W83: 10 | X83: DEBT | Y83: 14.9805 | Z83: 14.8307 | AA83: 84268 | AB83: LIC MF Medium to Long Duration Fund | AC83: Regular Plan IDCW Option | AD83: 45564 | AE83: 14.9818 | AF83: 14.981818 | AG83: -0.0013 | AH83: -0.008677195 | AI83: -3.1672 | AJ83: -0.0013648356 | AK83: -0.0091099461 | AL83: -3.3251 | AM83: LIC MF Medium to Long Duration Bond Fund | AN83: LIC33 | AP83: Regular | AQ83: INF767K01907/INF767K01915 | AT83: 30 | AU83: LIC
A84: =K84&B84 -> LDBONDRG | B84: =VLOOKUP(J84,'Scheme master'!B:AA,25,0) -> RG | C84: =VLOOKUP(J84,'Scheme master'!B:Q,16,0) -> 10 | D84: =(M84+E84)*C84/10000000 -> 15.235585 | E84: =SUMIF('PHY rollback'!A:A,J84,'PHY rollback'!G:G) -> 0 | F84: =N84/10000000 -> 104.12466 | G84: =IF(M84<=0,0,Q84) -> 68.3431 | H84: =SUMIF(K:K,K84,F:F)-P84/10000000 -> 0 | I84: =VLOOKUP(K84,'Scheme master'!F:R,13,0) -> Live | J84: LDBONDRG | K84: LDBOND | L84: RG | M84: 15235585 | N84: 1.0412466e+09 | O84: 68.343063 | P84: 1.7806116e+09 | Q84: 68.3431 | R84: 45565 | S84: 100315 | T84: 33GP | U84: 33 | V84: LI002 | W84: 10 | X84: DEBT | Y84: 68.3431 | Z84: 67.6597 | AA84: 84269 | AB84: LIC MF Medium to Long Duration Fund | AC84: Regular Plan Growth Option | AD84: 45564 | AE84: 68.3493 | AF84: 68.349296 | AG84: -0.0062 | AH84: -0.0090710512 | AI84: -3.3109 | AJ84: -0.0062328892 | AK84: -0.009119171 | AL84: -3.3285 | AM84: LIC MF Medium to Long Duration Bond Fund | AN84: LIC33 | AP84: Regular | AQ84: INF767K01923 | AT84: 30 | AU84: LIC
A85: =K85&B85 -> LDBONDRDQ | B85: =VLOOKUP(J85,'Scheme master'!B:AA,25,0) -> RDQ | C85: =VLOOKUP(J85,'Scheme master'!B:Q,16,0) -> 10 | D85: =(M85+E85)*C85/10000000 -> 0.085109244 | E85: =SUMIF('PHY rollback'!A:A,J85,'PHY rollback'!G:G) -> 0 | F85: =N85/10000000 -> 0.12749718 | G85: =IF(M85<=0,0,Q85) -> 14.9804 | H85: =SUMIF(K:K,K85,F:F)-P85/10000000 -> 0 | I85: =VLOOKUP(K85,'Scheme master'!F:R,13,0) -> Live | J85: LDBONDRQD | K85: LDBOND | L85: RQD | M85: 85109.244 | N85: 1274971.8 | O85: 14.980415 | P85: 1.7806116e+09 | Q85: 14.9804 | R85: 45565 | S85: 151986 | T85: 33QD | U85: 33 | W85: 10 | X85: DEBT | Y85: 14.9804 | Z85: 14.9804 | AA85: 160173 | AB85: LIC MF Medium to Long Duration Fund | AC85: Regular Quarterly IDCW Option | AD85: 45564 | AE85: 14.9818 | AF85: 14.98178 | AG85: -0.0014 | AH85: -0.0093446715 | AI85: -3.4108 | AJ85: -0.0013648341 | AK85: -0.0091099598 | AL85: -3.3251 | AM85: LIC MF Medium to Long Duration Bond Fund | AN85: LIC33 | AP85: Regular | AT85: 30 | AU85: LIC
A86: =K86&B86 -> LDBONDDDA | B86: =VLOOKUP(J86,'Scheme master'!B:AA,25,0) -> DDA | C86: =VLOOKUP(J86,'Scheme master'!B:Q,16,0) -> 10 | D86: =(M86+E86)*C86/10000000 -> 0.15001132 | E86: =SUMIF('PHY rollback'!A:A,J86,'PHY rollback'!G:G) -> 0 | F86: =N86/10000000 -> 0.26492057 | G86: =IF(M86<=0,0,Q86) -> 17.66 | H86: =SUMIF(K:K,K86,F:F)-P86/10000000 -> 0 | I86: =VLOOKUP(K86,'Scheme master'!F:R,13,0) -> Live | J86: LDBONDYDP | K86: LDBOND | L86: YDP | M86: 150011.32 | N86: 2649205.7 | O86: 17.660038 | P86: 1.7806116e+09 | Q86: 17.66 | R86: 45565 | S86: 151990 | T86: 33A1 | U86: 33 | W86: 10 | X86: DEBT | Y86: 17.66 | Z86: 17.66 | AA86: 160172 | AB86: LIC MF Medium to Long Duration Fund | AC86: Direct Plan Annual IDCW Option | AD86: 45564 | AE86: 17.6612 | AF86: 17.661158 | AG86: -0.0012 | AH86: -0.0067945553 | AI86: -2.48 | AJ86: -0.0011202488 | AK86: -0.0063430084 | AL86: -2.3152 | AM86: LIC MF Medium to Long Duration Bond Fund | AN86: LIC33 | AP86: Direct | AT86: 30 | AU86: LIC
A87: =K87&B87 -> LDGETFG | B87: =VLOOKUP(J87,'Scheme master'!B:AA,25,0) -> G | C87: =VLOOKUP(J87,'Scheme master'!B:Q,16,0) -> 10 | D87: =(M87+E87)*C87/10000000 -> 832.17351 | E87: =SUMIF('PHY rollback'!A:A,J87,'PHY rollback'!G:G) -> 0 | F87: =N87/10000000 -> 2200.0369 | G87: =IF(M87<=0,0,Q87) -> 26.4372 | H87: =SUMIF(K:K,K87,F:F)-P87/10000000 -> 0 | I87: =VLOOKUP(K87,'Scheme master'!F:R,13,0) -> Live | J87: LDGETFG | K87: LDGETF | L87: G | M87: 832173513 | N87: 2.2000369e+10 | O87: 26.437238 | P87: 2.2000369e+10 | Q87: 26.4372 | R87: 45565 | S87: 133307 | T87: 168GP | U87: 168 | V87: LI411 | W87: 10 | X87: DEBT | Y87: 26.4372 | Z87: 26.4372 | AA87: 84247 | AB87: LIC MF Nifty 8-13 yr G-Sec ETF | AC87: Growth Option | AD87: 45564 | AE87: 26.4154 | AF87: 26.415381 | AG87: 0.0218 | AH87: 0.082527616 | AI87: 30.1226 | AJ87: 0.021856999 | AK87: 0.082743457 | AL87: 30.2014 | AM87: LIC MF Nifty 8-13 yr G-Sec ETF | AN87: LIC168 | AP87: Growth | AQ87: INF767K01MV5 | AS87: LICNETFGSC | AT87: 30 | AU87: LIC
A88: =K88&B88 -> LDGSECDD | B88: =VLOOKUP(J88,'Scheme master'!B:AA,25,0) -> DD | C88: =VLOOKUP(J88,'Scheme master'!B:Q,16,0) -> 10 | D88: =(M88+E88)*C88/10000000 -> 0.035212422 | E88: =SUMIF('PHY rollback'!A:A,J88,'PHY rollback'!G:G) -> 0 | F88: =N88/10000000 -> 0.063784274 | G88: =IF(M88<=0,0,Q88) -> 18.1141 | H88: =SUMIF(K:K,K88,F:F)-P88/10000000 -> 0 | I88: =VLOOKUP(K88,'Scheme master'!F:R,13,0) -> Live | J88: LDGSECDDP | K88: LDGSEC | L88: DDP | M88: 35212.422 | N88: 637842.74 | O88: 18.11414 | P88: 8.8892747e+08 | Q88: 18.1141 | R88: 45565 | S88: 120283 | T88: 34D1 | U88: 34 | V88: LI178 | W88: 10 | X88: DEBT | Y88: 18.1141 | Z88: 18.0688 | AA88: 84274 | AB88: LIC MF Gilt Fund | AC88: Direct Plan IDCW Option | AD88: 45564 | AE88: 18.0997 | AF88: 18.099683 | AG88: 0.0144 | AH88: 0.07955933 | AI88: 29.0392 | AJ88: 0.014457114 | AK88: 0.079874958 | AL88: 29.1544 | AM88: LIC MF Gilt Fund | AN88: LIC34 | AP88: Direct | AQ88: INF767K01EY6/INF767K01FA3 | AT88: 30 | AU88: LIC
A89: =K89&B89 -> LDGSECDG | B89: =VLOOKUP(J89,'Scheme master'!B:AA,25,0) -> DG | C89: =VLOOKUP(J89,'Scheme master'!B:Q,16,0) -> 10 | D89: =(M89+E89)*C89/10000000 -> 8.0470425 | E89: =SUMIF('PHY rollback'!A:A,J89,'PHY rollback'!G:G) -> 0 | F89: =N89/10000000 -> 50.586607 | G89: =IF(M89<=0,0,Q89) -> 62.8636 | H89: =SUMIF(K:K,K89,F:F)-P89/10000000 -> 0 | I89: =VLOOKUP(K89,'Scheme master'!F:R,13,0) -> Live | J89: LDGSECGDP | K89: LDGSEC | L89: GDP | M89: 8047042.5 | N89: 5.0586607e+08 | O89: 62.863602 | P89: 8.8892747e+08 | Q89: 62.8636 | R89: 45565 | S89: 120282 | T89: 34G1 | U89: 34 | V89: LI179 | W89: 10 | X89: DEBT | Y89: 62.8636 | Z89: 62.7064 | AA89: 84275 | AB89: LIC MF Gilt Fund | AC89: Direct Plan Growth Option | AD89: 45564 | AE89: 62.8134 | AF89: 62.813419 | AG89: 0.0502 | AH89: 0.079919253 | AI89: 29.1705 | AJ89: 0.05018345 | AK89: 0.079892882 | AL89: 29.1609 | AM89: LIC MF Gilt Fund | AN89: LIC34 | AP89: Direct | AQ89: INF767K01EZ3 | AT89: 30 | AU89: LIC
A90: =K90&B90 -> LDGSECPD | B90: =VLOOKUP(J90,'Scheme master'!B:AA,25,0) -> PD | C90: =VLOOKUP(J90,'Scheme master'!B:Q,16,0) -> 10 | D90: =(M90+E90)*C90/10000000 -> 0.33637474 | E90: =SUMIF('PHY rollback'!A:A,J90,'PHY rollback'!G:G) -> 0 | F90: =N90/10000000 -> 0.7212053 | G90: =IF(M90<=0,0,Q90) -> 21.4405 | H90: =SUMIF(K:K,K90,F:F)-P90/10000000 -> 0 | I90: =VLOOKUP(K90,'Scheme master'!F:R,13,0) -> Live | J90: LDGSECPFD | K90: LDGSEC | L90: PFD | M90: 336374.74 | N90: 7212053 | O90: 21.440531 | P90: 8.8892747e+08 | Q90: 21.4405 | R90: 45565 | S90: 100318 | T90: 34PD | U90: 34 | V90: LI024 | W90: 10 | X90: DEBT | Y90: 21.4405 | Z90: 21.3869 | AA90: 84276 | AB90: LIC MF Gilt Fund | AC90: PF Plan-IDCW | AD90: 45564 | AE90: 21.4238 | AF90: 21.423843 | AG90: 0.0167 | AH90: 0.07795069 | AI90: 28.452 | AJ90: 0.016687965 | AK90: 0.07789436 | AL90: 28.4314 | AM90: LIC MF Gilt Fund | AN90: LIC34 | AP90: PF | AQ90: INF767K01717/INF767K01725 | AT90: 30 | AU90: LIC
A91: =K91&B91 -> LDGSECPG | B91: =VLOOKUP(J91,'Scheme master'!B:AA,25,0) -> PG | C91: =VLOOKUP(J91,'Scheme master'!B:Q,16,0) -> 10 | D91: =(M91+E91)*C91/10000000 -> 1.7441124 | E91: =SUMIF('PHY rollback'!A:A,J91,'PHY rollback'!G:G) -> 0 | F91: =N91/10000000 -> 5.7787951 | G91: =IF(M91<=0,0,Q91) -> 33.1332 | H91: =SUMIF(K:K,K91,F:F)-P91/10000000 -> 0 | I91: =VLOOKUP(K91,'Scheme master'!F:R,13,0) -> Live | J91: LDGSECPFG | K91: LDGSEC | L91: PFG | M91: 1744112.4 | N91: 57787951 | O91: 33.133157 | P91: 8.8892747e+08 | Q91: 33.1332 | R91: 45565 | S91: 100319 | T91: 34PG | U91: 34 | V91: LI025 | W91: 10 | X91: DEBT | Y91: 33.1332 | Z91: 33.0504 | AA91: 84277 | AB91: LIC MF Gilt Fund | AC91: PF Plan-Growth | AD91: 45564 | AE91: 33.1074 | AF91: 33.107368 | AG91: 0.0258 | AH91: 0.077928197 | AI91: 28.4438 | AJ91: 0.02578879 | AK91: 0.077894413 | AL91: 28.4315 | AM91: LIC MF Gilt Fund | AN91: LIC34 | AP91: PF | AQ91: INF767K01733 | AT91: 30 | AU91: LIC
A92: =K92&B92 -> LDGSECRD | B92: =VLOOKUP(J92,'Scheme master'!B:AA,25,0) -> RD | C92: =VLOOKUP(J92,'Scheme master'!B:Q,16,0) -> 10 | D92: =(M92+E92)*C92/10000000 -> 1.0521857 | E92: =SUMIF('PHY rollback'!A:A,J92,'PHY rollback'!G:G) -> 0 | F92: =N92/10000000 -> 1.7399016 | G92: =IF(M92<=0,0,Q92) -> 16.5361 | H92: =SUMIF(K:K,K92,F:F)-P92/10000000 -> 0 | I92: =VLOOKUP(K92,'Scheme master'!F:R,13,0) -> Live | J92: LDGSECRD | K92: LDGSEC | L92: RD | M92: 1052185.7 | N92: 17399016 | O92: 16.536069 | P92: 8.8892747e+08 | Q92: 16.5361 | R92: 45565 | S92: 100316 | T92: 34DP | U92: 34 | V92: LI005 | W92: 10 | X92: DEBT | Y92: 16.5361 | Z92: 16.4948 | AA92: 84272 | AB92: LIC MF Gilt Fund | AC92: Regular Plan IDCW Option | AD92: 45564 | AE92: 16.5232 | AF92: 16.523199 | AG92: 0.0129 | AH92: 0.078072044 | AI92: 28.4963 | AJ92: 0.012870655 | AK92: 0.077894455 | AL92: 28.4315 | AM92: LIC MF Gilt Fund | AN92: LIC34 | AP92: Regular | AQ92: INF767K01683/INF767K01691 | AT92: 30 | AU92: LIC
A93: =K93&B93 -> LDSTDFDDW | B93: =VLOOKUP(J93,'Scheme master'!B:AA,25,0) -> DDW | C93: =VLOOKUP(J93,'Scheme master'!B:Q,16,0) -> 10 | D93: =(M93+E93)*C93/10000000 -> 0.002523215 | E93: =SUMIF('PHY rollback'!A:A,J93,'PHY rollback'!G:G) -> 0 | F93: =N93/10000000 -> 0.003683668 | G93: =IF(M93<=0,0,Q93) -> 14.5991 | H93: =SUMIF(K:K,K93,F:F)-P93/10000000 -> 0 | I93: =VLOOKUP(K93,'Scheme master'!F:R,13,0) -> Live | J93: LDSTDFWDP | K93: LDSTDF | L93: WDP | M93: 2523.215 | N93: 36836.68 | O93: 14.599105 | P93: 1.1132662e+09 | Q93: 14.5991 | R93: 45565 | S93: 151960 | T93: 179W1 | U93: 179 | W93: 10 | X93: DEBT | Y93: 14.5991 | Z93: 14.5991 | AA93: 160178 | AB93: LIC MF Short Duration Fund | AC93: Direct Plan Weekly IDCW Option | AD93: 45564 | AE93: 14.591 | AF93: 14.590972 | AG93: 0.0081 | AH93: 0.055513673 | AI93: 20.2625 | AJ93: 0.0081324818 | AK93: 0.055736394 | AL93: 20.3438 | AM93: LIC MF Short Duration Fund | AN93: LIC179 | AP93: Direct | AT93: 30 | AU93: LIC
A94: =K94&B94 -> LDUSTFDDD | B94: =VLOOKUP(J94,'Scheme master'!B:AA,25,0) -> DDD | C94: =VLOOKUP(J94,'Scheme master'!B:Q,16,0) -> 1000 | D94: =(M94+E94)*C94/10000000 -> 0.5554308 | E94: =SUMIF('PHY rollback'!A:A,J94,'PHY rollback'!G:G) -> 0 | F94: =N94/10000000 -> 0.61215789 | G94: =IF(M94<=0,0,Q94) -> 1102.1317 | H94: =SUMIF(K:K,K94,F:F)-P94/10000000 -> 0 | I94: =VLOOKUP(K94,'Scheme master'!F:R,13,0) -> Live | J94: LDUSTFDPD | K94: LDUSTF | L94: DPD | M94: 5554.308 | N94: 6121578.9 | O94: 1102.1317 | P94: 2.5904505e+09 | Q94: 1102.1317 | R94: 45565 | S94: 147771 | T94: 181D1 | U94: 181 | W94: 1000 | X94: DEBT | Y94: 1102.1317 | Z94: 1102.1317 | AA94: 113198 | AB94: LIC MF Ultra Short Duration Fund | AC94: Direct Plan Daily IDCW Option | AD94: 45564 | AE94: 1102.5685 | AF94: 1102.5685 | AG94: -0.4368 | AH94: -0.039616586 | AI94: -14.4601 | AJ94: -0.43676728 | AK94: -0.03961362 | AL94: -14.459 | AM94: LIC MF Ultra Short Duration Fund | AN94: LIC181 | AP94: Direct | AT94: 30 | AU94: LIC
A95: =K95&B95 -> LDUSTFDG | B95: =VLOOKUP(J95,'Scheme master'!B:AA,25,0) -> DG | C95: =VLOOKUP(J95,'Scheme master'!B:Q,16,0) -> 1000 | D95: =(M95+E95)*C95/10000000 -> 99.180394 | E95: =SUMIF('PHY rollback'!A:A,J95,'PHY rollback'!G:G) -> 0 | F95: =N95/10000000 -> 126.61237 | G95: =IF(M95<=0,0,Q95) -> 1276.5867 | H95: =SUMIF(K:K,K95,F:F)-P95/10000000 -> 0 | I95: =VLOOKUP(K95,'Scheme master'!F:R,13,0) -> Live | J95: LDUSTFGDP | K95: LDUSTF | L95: GDP | M95: 991803.94 | N95: 1.2661237e+09 | O95: 1276.5867 | P95: 2.5904505e+09 | Q95: 1276.5867 | R95: 45565 | S95: 147772 | T95: 181G1 | U95: 181 | W95: 1000 | X95: DEBT | Y95: 1276.5867 | Z95: 1276.5867 | AA95: 113196 | AB95: LIC MF Ultra Short Duration Fund | AC95: Direct Plan Growth Option | AD95: 45564 | AE95: 1276.0261 | AF95: 1276.0261 | AG95: 0.5606 | AH95: 0.043933271 | AI95: 16.0356 | AJ95: 0.56061262 | AK95: 0.04393426 | AL95: 16.036 | AM95: LIC MF Ultra Short Duration Fund | AN95: LIC181 | AP95: Direct | AT95: 30 | AU95: LIC
A96: =K96&B96 -> LDUSTFDDM | B96: =VLOOKUP(J96,'Scheme master'!B:AA,25,0) -> DDM | C96: =VLOOKUP(J96,'Scheme master'!B:Q,16,0) -> 1000 | D96: =(M96+E96)*C96/10000000 -> 0.1065543 | E96: =SUMIF('PHY rollback'!A:A,J96,'PHY rollback'!G:G) -> 0 | F96: =N96/10000000 -> 0.13603394 | G96: =IF(M96<=0,0,Q96) -> 1276.6631 | H96: =SUMIF(K:K,K96,F:F)-P96/10000000 -> 0 | I96: =VLOOKUP(K96,'Scheme master'!F:R,13,0) -> Live | J96: LDUSTFMDP | K96: LDUSTF | L96: MDP | M96: 1065.543 | N96: 1360339.4 | O96: 1276.6631 | P96: 2.5904505e+09 | Q96: 1276.6631 | R96: 45565 | S96: 147773 | T96: 181M1 | U96: 181 | W96: 1000 | X96: DEBT | Y96: 1276.6631 | Z96: 1276.6631 | AA96: 113199 | AB96: LIC MF Ultra Short Duration Fund | AC96: Direct Plan Monthly IDCW Option | AD96: 45564 | AE96: 1276.1024 | AF96: 1276.1024 | AG96: 0.5607 | AH96: 0.04393848 | AI96: 16.0375 | AJ96: 0.56061557 | AK96: 0.043931863 | AL96: 16.0351 | AM96: LIC MF Ultra Short Duration Fund | AN96: LIC181 | AP96: Direct | AT96: 30 | AU96: LIC
A97: =K97&B97 -> LDUSTFRDD | B97: =VLOOKUP(J97,'Scheme master'!B:AA,25,0) -> RDD | C97: =VLOOKUP(J97,'Scheme master'!B:Q,16,0) -> 1000 | D97: =(M97+E97)*C97/10000000 -> 2.4629553 | E97: =SUMIF('PHY rollback'!A:A,J97,'PHY rollback'!G:G) -> 0 | F97: =N97/10000000 -> 2.6930239 | G97: =IF(M97<=0,0,Q97) -> 1093.4116 | H97: =SUMIF(K:K,K97,F:F)-P97/10000000 -> 0 | I97: =VLOOKUP(K97,'Scheme master'!F:R,13,0) -> Live | J97: LDUSTFRDD | K97: LDUSTF | L97: RDD | M97: 24629.553 | N97: 26930239 | O97: 1093.4116 | P97: 2.5904505e+09 | Q97: 1093.4116 | R97: 45565 | S97: 147766 | T97: 181DD | U97: 181 | W97: 1000 | X97: DEBT | Y97: 1093.4116 | Z97: 1093.4116 | AA97: 113194 | AB97: LIC MF Ultra Short Duration Fund | AC97: Regular Daily IDCW Option | AD97: 45564 | AE97: 1093.8033 | AF97: 1093.8033 | AG97: -0.3917 | AH97: -0.035810826 | AI97: -13.071 | AJ97: -0.39165226 | AK97: -0.035806463 | AL97: -13.0694 | AM97: LIC MF Ultra Short Duration Fund | AN97: LIC181 | AP97: Regular | AT97: 30 | AU97: LIC
A98: =K98&B98 -> LDUSTFRG | B98: =VLOOKUP(J98,'Scheme master'!B:AA,25,0) -> RG | C98: =VLOOKUP(J98,'Scheme master'!B:Q,16,0) -> 1000 | D98: =(M98+E98)*C98/10000000 -> 101.79556 | E98: =SUMIF('PHY rollback'!A:A,J98,'PHY rollback'!G:G) -> 0 | F98: =N98/10000000 -> 127.8661 | G98: =IF(M98<=0,0,Q98) -> 1256.1068 | H98: =SUMIF(K:K,K98,F:F)-P98/10000000 -> 0 | I98: =VLOOKUP(K98,'Scheme master'!F:R,13,0) -> Live | J98: LDUSTFRG | K98: LDUSTF | L98: RG | M98: 1017955.6 | N98: 1.278661e+09 | O98: 1256.1068 | P98: 2.5904505e+09 | Q98: 1256.1068 | R98: 45565 | S98: 147770 | T98: 181GP | U98: 181 | W98: 1000 | X98: DEBT | Y98: 1256.1068 | Z98: 1256.1068 | AA98: 113192 | AB98: LIC MF Ultra Short Duration Fund | AC98: Regular Plan Growth Option | AD98: 45564 | AE98: 1255.5798 | AF98: 1255.5798 | AG98: 0.527 | AH98: 0.041972641 | AI98: 15.32 | AJ98: 0.52696275 | AK98: 0.041969674 | AL98: 15.3189 | AM98: LIC MF Ultra Short Duration Fund | AN98: LIC181 | AP98: Regular | AT98: 30 | AU98: LIC
A99: =K99&B99 -> LDUSTFRDM | B99: =VLOOKUP(J99,'Scheme master'!B:AA,25,0) -> RDM | C99: =VLOOKUP(J99,'Scheme master'!B:Q,16,0) -> 1000 | D99: =(M99+E99)*C99/10000000 -> 0.843984 | E99: =SUMIF('PHY rollback'!A:A,J99,'PHY rollback'!G:G) -> 0 | F99: =N99/10000000 -> 1.0603022 | G99: =IF(M99<=0,0,Q99) -> 1256.306 | H99: =SUMIF(K:K,K99,F:F)-P99/10000000 -> 0 | I99: =VLOOKUP(K99,'Scheme master'!F:R,13,0) -> Live | J99: LDUSTFRMD | K99: LDUSTF | L99: RMD | M99: 8439.84 | N99: 10603022 | O99: 1256.306 | P99: 2.5904505e+09 | Q99: 1256.306 | R99: 45565 | S99: 147768 | T99: 181MD | U99: 181 | W99: 1000 | X99: DEBT | Y99: 1256.306 | Z99: 1256.306 | AA99: 113195 | AB99: LIC MF Ultra Short Duration Fund | AC99: Regular Plan Monthly IDCW Option | AD99: 45564 | AE99: 1255.7784 | AF99: 1255.7784 | AG99: 0.5276 | AH99: 0.042013782 | AI99: 15.335 | AJ99: 0.52759768 | AK99: 0.042013597 | AL99: 15.335 | AM99: LIC MF Ultra Short Duration Fund | AN99: LIC181 | AP99: Regular | AT99: 30 | AU99: LIC
A100: =K100&B100 -> LDUSTFRDW | B100: =VLOOKUP(J100,'Scheme master'!B:AA,25,0) -> RDW | C100: =VLOOKUP(J100,'Scheme master'!B:Q,16,0) -> 1000 | D100: =(M100+E100)*C100/10000000 -> 0.0562535 | E100: =SUMIF('PHY rollback'!A:A,J100,'PHY rollback'!G:G) -> 0 | F100: =N100/10000000 -> 0.058024504 | G100: =IF(M100<=0,0,Q100) -> 1031.4826 | H100: =SUMIF(K:K,K100,F:F)-P100/10000000 -> 0 | I100: =VLOOKUP(K100,'Scheme master'!F:R,13,0) -> Live | J100: LDUSTFRWD | K100: LDUSTF | L100: RWD | M100: 562.535 | N100: 580245.04 | O100: 1031.4826 | P100: 2.5904505e+09 | Q100: 1031.4826 | R100: 45565 | S100: 147767 | T100: 181WD | U100: 181 | W100: 1000 | X100: DEBT | Y100: 1031.4826 | Z100: 1031.4826 | AA100: 113193 | AB100: LIC MF Ultra Short Duration Fund | AC100: Regular Plan Weekly IDCW Option | AD100: 45564 | AE100: 1031.0494 | AF100: 1031.0494 | AG100: 0.4332 | AH100: 0.042015446 | AI100: 15.3356 | AJ100: 0.43316416 | AK100: 0.04201197 | AL100: 15.3344 | AM100: LIC MF Ultra Short Duration Fund | AN100: LIC181 | AP100: Regular | AT100: 30 | AU100: LIC
A101: =K101&B101 -> LDUSTFDDW | B101: =VLOOKUP(J101,'Scheme master'!B:AA,25,0) -> DDW | C101: =VLOOKUP(J101,'Scheme master'!B:Q,16,0) -> 1000 | D101: =(M101+E101)*C101/10000000 -> 0.0063745 | E101: =SUMIF('PHY rollback'!A:A,J101,'PHY rollback'!G:G) -> 0 | F101: =N101/10000000 -> 0.007032948 | G101: =IF(M101<=0,0,Q101) -> 1103.2941 | H101: =SUMIF(K:K,K101,F:F)-P101/10000000 -> 0 | I101: =VLOOKUP(K101,'Scheme master'!F:R,13,0) -> Live | J101: LDUSTFWDP | K101: LDUSTF | L101: WDP | M101: 63.745 | N101: 70329.48 | O101: 1103.2941 | P101: 2.5904505e+09 | Q101: 1103.2941 | R101: 45565 | S101: 147769 | T101: 181W1 | U101: 181 | W101: 1000 | X101: DEBT | Y101: 1103.2941 | Z101: 1103.2941 | AA101: 113197 | AB101: LIC MF Ultra Short Duration Fund | AC101: Direct Plan Weekly IDCW Option | AD101: 45564 | AE101: 1102.8095 | AF101: 1102.8095 | AG101: 0.4846 | AH101: 0.043942313 | AI101: 16.0389 | AJ101: 0.48458703 | AK101: 0.043941137 | AL101: 16.0385 | AM101: LIC MF Ultra Short Duration Fund | AN101: LIC181 | AP101: Direct | AT101: 30 | AU101: LIC
A102: =K102&B102 -> LEARBFDG | B102: =VLOOKUP(J102,'Scheme master'!B:AA,25,0) -> DG | C102: =VLOOKUP(J102,'Scheme master'!B:Q,16,0) -> 10 | D102: =(M102+E102)*C102/10000000 -> 84.891498 | E102: =SUMIF('PHY rollback'!A:A,J102,'PHY rollback'!G:G) -> 0 | F102: =N102/10000000 -> 116.18151 | G102: =IF(M102<=0,0,Q102) -> 13.6859 | H102: =SUMIF(K:K,K102,F:F)-P102/10000000 -> 0 | I102: =VLOOKUP(K102,'Scheme master'!F:R,13,0) -> Live | J102: LEARBFGDP | K102: LEARBF | L102: GDP | M102: 84891498 | N102: 1.1618151e+09 | O102: 13.685883 | P102: 1.3644332e+09 | Q102: 13.6859 | R102: 45565 | S102: 145895 | T102: 178G1 | U102: 178 | W102: 10 | X102: EQTY | Y102: 13.6859 | Z102: 13.6859 | AA102: 102466 | AB102: LIC MF Arbitrage Fund | AC102: Direct Plan Growth Option | AD102: 45564 | AE102: 13.6766 | AF102: 13.676629 | AG102: 0.0093 | AH102: 0.067999357 | AI102: 24.8198 | AJ102: 0.0092540648 | AK102: 0.067663344 | AL102: 24.6971 | AM102: LIC MF Arbitrage Fund | AN102: LIC178 | AP102: Direct | AT102: 30 | AU102: LIC
A103: =K103&B103 -> LEARBFDDM | B103: =VLOOKUP(J103,'Scheme master'!B:AA,25,0) -> DDM | C103: =VLOOKUP(J103,'Scheme master'!B:Q,16,0) -> 10 | D103: =(M103+E103)*C103/10000000 -> 0.012816195 | E103: =SUMIF('PHY rollback'!A:A,J103,'PHY rollback'!G:G) -> 0 | F103: =N103/10000000 -> 0.015946393 | G103: =IF(M103<=0,0,Q103) -> 12.4424 | H103: =SUMIF(K:K,K103,F:F)-P103/10000000 -> 0 | I103: =VLOOKUP(K103,'Scheme master'!F:R,13,0) -> Live | J103: LEARBFMDP | K103: LEARBF | L103: MDP | M103: 12816.195 | N103: 159463.93 | O103: 12.442377 | P103: 1.3644332e+09 | Q103: 12.4424 | R103: 45565 | S103: 145894 | T103: 178M1 | U103: 178 | W103: 10 | X103: EQTY | Y103: 12.4424 | Z103: 12.4424 | AA103: 102465 | AB103: LIC MF Arbitrage Fund | AC103: Direct Plan Monthly IDCW Option | AD103: 45564 | AE103: 12.434 | AF103: 12.433963 | AG103: 0.0084 | AH103: 0.067556699 | AI103: 24.6582 | AJ103: 0.0084143539 | AK103: 0.067672343 | AL103: 24.7004 | AM103: LIC MF Arbitrage Fund | AN103: LIC178 | AP103: Direct | AT103: 30 | AU103: LIC
A104: =K104&B104 -> LEARBFRG | B104: =VLOOKUP(J104,'Scheme master'!B:AA,25,0) -> RG | C104: =VLOOKUP(J104,'Scheme master'!B:Q,16,0) -> 10 | D104: =(M104+E104)*C104/10000000 -> 15.292442 | E104: =SUMIF('PHY rollback'!A:A,J104,'PHY rollback'!G:G) -> 0 | F104: =N104/10000000 -> 20.119506 | G104: =IF(M104<=0,0,Q104) -> 13.1565 | H104: =SUMIF(K:K,K104,F:F)-P104/10000000 -> 0 | I104: =VLOOKUP(K104,'Scheme master'!F:R,13,0) -> Live | J104: LEARBFRG | K104: LEARBF | L104: RG | M104: 15292442 | N104: 2.0119506e+08 | O104: 13.156503 | P104: 1.3644332e+09 | Q104: 13.1565 | R104: 45565 | S104: 145890 | T104: 178GP | U104: 178 | W104: 10 | X104: EQTY | Y104: 13.1565 | Z104: 13.1565 | AA104: 102463 | AB104: LIC MF Arbitrage Fund | AC104: Regular Plan Growth Option | AD104: 45564 | AE104: 13.1478 | AF104: 13.147845 | AG104: 0.0087 | AH104: 0.066170766 | AI104: 24.1523 | AJ104: 0.0086584022 | AK104: 0.065854157 | AL104: 24.0368 | AM104: LIC MF Arbitrage Fund | AN104: LIC178 | AP104: Regular | AT104: 30 | AU104: LIC
... A107: =K107&B107 -> LEARBFDDW | B107: =VLOOKUP(J107,'Scheme master'!B:AA,25,0) -> DDW | C107: =VLOOKUP(J107,'Scheme master'!B:Q,16,0) -> 10 | D107: =(M107+E107)*C107/10000000 -> 0.004360865 | E107: =SUMIF('PHY rollback'!A:A,J107,'PHY rollback'!G:G) -> 0 | F107: =N107/10000000 -> 0.005608271 | G107: =IF(M107<=0,0,Q107) -> 12.8605 | H107: =SUMIF(K:K,K107,F:F)-P107/10000000 -> 0 | I107: =VLOOKUP(K107,'Scheme master'!F:R,13,0) -> Live | J107: LEARBFWDP | K107: LEARBF | L107: WDP | M107: 4360.865 | N107: 56082.71 | O107: 12.860455 | P107: 1.3644332e+09 | Q107: 12.8605 | R107: 45565 | S107: 145891 | T107: 178W1 | U107: 178 | W107: 10 | X107: EQTY | Y107: 12.8605 | Z107: 12.8605 | AA107: 102464 | AB107: LIC MF Arbitrage Fund | AC107: Direct Plan Weekly IDCW Option | AD107: 45564 | AE107: 12.8518 | AF107: 12.85176 | AG107: 0.0087 | AH107: 0.067694798 | AI107: 24.7086 | AJ107: 0.0086955226 | AK107: 0.06766017 | AL107: 24.696 | AM107: LIC MF Arbitrage Fund | AN107: LIC178 | AP107: Direct | AT107: 30 | AU107: LIC
A108: =K108&B108 -> LEBADFDD | B108: =VLOOKUP(J108,'Scheme master'!B:AA,25,0) -> DD | C108: =VLOOKUP(J108,'Scheme master'!B:Q,16,0) -> 10 | D108: =(M108+E108)*C108/10000000 -> 0.41078074 | E108: =SUMIF('PHY rollback'!A:A,J108,'PHY rollback'!G:G) -> 0 | F108: =N108/10000000 -> 0.53852947 | G108: =IF(M108<=0,0,Q108) -> 13.1099 | H108: =SUMIF(K:K,K108,F:F)-P108/10000000 -> 0 | I108: =VLOOKUP(K108,'Scheme master'!F:R,13,0) -> Live | J108: LEBADFDDP | K108: LEBADF | L108: DDP | M108: 410780.74 | N108: 5385294.7 | O108: 13.109901 | P108: 8.4468579e+09 | Q108: 13.1099 | R108: 45565 | S108: 149260 | T108: 182D1 | U108: 182 | W108: 10 | X108: EQTY | Y108: 13.1099 | Z108: 13.1099 | AA108: 137391 | AB108: LIC MF Balanced Advantage Fund | AC108: Direct Plan IDCW Option | AD108: 45564 | AE108: 13.1458 | AF108: 13.145834 | AG108: -0.0359 | AH108: -0.27309103 | AI108: -99.6782 | AJ108: -0.035933404 | AK108: -0.27334442 | AL108: -99.7707 | AM108: LIC MF Balanced Advantage Fund | AN108: LIC182 | AP108: Direct | AQ108: INF767K01QZ7/INF767K01RA8 | AT108: 30 | AU108: LIC
...

Sheet CHY rollback
A1: Concatenate | B1: SCHEME | C1: SCHCLASS | D1: TRAN_TYPE | E1: VALUE_DATE | F1: NAV | G1: TRADES_UNI | H1: TRADES_AMO | I1: LOAD | J1: UPR_AMT | K1: EQ_AMT | L1: TDS | M1: STTAMT | N1: TRANSFEE | O1: SCH_LOAD | P1: BCLOSEDT | Q1: CGS_TAX | R1: SGS_TAX | S1: IGS_TAX | T1: GAINAMT
A2: =INDEX('Scheme master'!B:B,MATCH(B2&C2,'Scheme master'!C:C,0),0) -> #N/A
A3: =INDEX('Scheme master'!B:B,MATCH(B3&C3,'Scheme master'!C:C,0),0) -> #N/A
A4: =INDEX('Scheme master'!B:B,MATCH(B4&C4,'Scheme master'!C:C,0),0) -> #N/A
A5: =INDEX('Scheme master'!B:B,MATCH(B5&C5,'Scheme master'!C:C,0),0) -> #N/A

Sheet CHY simnav
A2: Concatenate | B2: HY plan code | C2: Face value | D2: Unit capital | E2: Rollback | F2: Net asset | G2: NAV per unit | H2: Check | I2: TB AUM | J2: Difference | K2: Status | L2: Fund_ID_Share_Type | M2: Fund_ID | N2: Share_Type | O2: Outstanding_Units | P2: Plan_Level_Net_Assets | Q2: Unrounded_NAV | R2: Total_Net_Assets | S2: Net_Asset_Per_Units | T2: Nav_Date | U2: Amfi_Code | V2: RNT_Code | W2: RNT_Scheme_Code | X2: Press_Code | Y2: Benchmark_Index | Z2: Fund_Type | AA2: Sub_Price | AB2: Red_Price | AC2: Sec_ID | AD2: Fund_Desc | AE2: Share_Class_Desc | AF2: Per_Nav_Date | AG2: Net_Asset_Per_Unit_Pre_Rounded | AH2: Net_Asset_Per_Unit_Pre_UnRounded | AI2: Movement_Rounded_Nav | AJ2: Per_Movement_rounded | AK2: Annual_Return_Rounded | AL2: Movement_UnRounded_Nav | AM2: Per_Movement_UnRounded | AN2: Annualised_Return_Unrounded | AO2: IN_FA_FF_10 | AP2: IN_FA_FF_11 | AQ2: IN_FA_FF_12 | AR2: IN_FA_FF_01 | AS2: IN_FA_FF_02 | AT2: IN_FA_FF_03 | AU2: IN_FA_FF_09 | AV2: ClientID | AW2: AMC_Group
A3: =M3&B3 -> LEGOLDG | B3: =VLOOKUP(L3,'Scheme master'!B:AA,25,0) -> G | C3: =VLOOKUP(L3,'Scheme master'!B:Q,16,0) -> 100 | D3: =(O3+E3)*C3/10000000 -> 3.57976 | E3: =SUMIF('CHY rollback'!A:A,L3,'CHY rollback'!G:G) -> 0 | F3: =P3/10000000 -> 293.64122 | G3: =IF(O3<=0,0,S3) -> 8202.8187 | H3: =SUMIF(M:M,M3,F:F)-R3/10000000 -> 0 | I3: =SUMIFS(TB!E:E,TB!H:H,M3,TB!F:F,"AUM") -> -293.64122 | J3: =(SUMIF(M:M,M3,F:F)+I3)*10000000 -> 0.16000115 | K3: =VLOOKUP(M3,'Scheme master'!F:R,13,0) -> Live | L3: LEGOLDG | M3: LEGOLD | N3: G | O3: 357976 | P3: 2.9364122e+09 | Q3: 8202.8187 | R3: 2.9364122e+09 | S3: 8202.8187 | T3: 45747 | U3: 151961 | V3: 193GP | W3: 193 | X3: 0 | Y3: 1000 | Z3: EQTY | AA3: 0 | AB3: 0 | AC3: 0 | AD3: LIC MF Gold Exchange Traded Fund | AE3: Growth Option | AF3: 45746 | AG3: 8080.6502 | AH3: 8080.6502 | AI3: 0 | AJ3: 0 | AK3: 0 | AL3: 0 | AM3: 0 | AN3: 0 | AO3: LIC MF Gold Exchange Traded Fund | AP3: LIC193 | AR3: Regular | AS3: INF397L01554 | AT3: 533719 | AU3: LICMFGOLD | AW3: LIC
A4: =M4&B4 -> LDBONDDD | B4: =VLOOKUP(L4,'Scheme master'!B:AA,25,0) -> DD | C4: =VLOOKUP(L4,'Scheme master'!B:Q,16,0) -> 10 | D4: =(O4+E4)*C4/10000000 -> 0.55938323 | E4: =SUMIF('CHY rollback'!A:A,L4,'CHY rollback'!G:G) -> 0 | F4: =P4/10000000 -> 1.0305399 | G4: =IF(O4<=0,0,S4) -> 18.4228 | H4: =SUMIF(M:M,M4,F:F)-R4/10000000 -> 0 | I4: =SUMIFS(TB!E:E,TB!H:H,M4,TB!F:F,"AUM") -> -190.83487 | J4: =(SUMIF(M:M,M4,F:F)+I4)*10000000 -> 5.6843419e-07 | K4: =VLOOKUP(M4,'Scheme master'!F:R,13,0) -> Live | L4: LDBONDDDP | M4: LDBOND | N4: DDP | O4: 559383.22 | P4: 10305399 | Q4: 18.422788 | R4: 1.9083487e+09 | S4: 18.4228 | T4: 45747 | U4: 120278 | V4: 33D1 | W4: 33 | X4: LI172 | Y4: 10 | Z4: DEBT | AA4: 18.4228 | AB4: 18.2386 | AC4: 84270 | AD4: LIC MF Medium to Long Duration Fund | AE4: Direct Plan IDCW Option | AF4: 45746 | AG4: 18.4194 | AH4: 18.419446 | AI4: 0.0034 | AJ4: 0.018458799 | AK4: 6.7375 | AL4: 0.0033418771 | AM4: 0.018143201 | AN4: 6.6223 | AO4: LIC MF Medium to Long Duration Bond Fund | AP4: LIC33 | AR4: Direct | AS4: INF767K01EV2/INF767K01EX8 | AV4: 30 | AW4: LIC
A5: =M5&B5 -> LDBONDDG | B5: =VLOOKUP(L5,'Scheme master'!B:AA,25,0) -> DG | C5: =VLOOKUP(L5,'Scheme master'!B:Q,16,0) -> 10 | D5: =(O5+E5)*C5/10000000 -> 10.205049 | E5: =SUMIF('CHY rollback'!A:A,L5,'CHY rollback'!G:G) -> 0 | F5: =P5/10000000 -> 77.814013 | G5: =IF(O5<=0,0,S5) -> 76.2505 | H5: =SUMIF(M:M,M5,F:F)-R5/10000000 -> 0 | I5: =SUMIFS(TB!E:E,TB!H:H,M5,TB!F:F,"AUM") -> -190.83487 | J5: =(SUMIF(M:M,M5,F:F)+I5)*10000000 -> 5.6843419e-07 | K5: =VLOOKUP(M5,'Scheme master'!F:R,13,0) -> Live | L5: LDBONDGDP | M5: LDBOND | N5: GDP | O5: 10205049 | P5: 7.7814013e+08 | Q5: 76.250502 | R5: 1.9083487e+09 | S5: 76.2505 | T5: 45747 | U5: 120279 | V5: 33G1 | W5: 33 | X5: LI173 | Y5: 10 | Z5: DEBT | AA5: 76.2505 | AB5: 75.488 | AC5: 84271 | AD5: LIC MF Medium to Long Duration Fund | AE5: Direct Plan Growth Option | AF5: 45746 | AG5: 76.2367 | AH5: 76.236668 | AI5: 0.0138 | AJ5: 0.018101518 | AK5: 6.6071 | AL5: 0.013834095 | AM5: 0.018146248 | AN5: 6.6234 | AO5: LIC MF Medium to Long Duration Bond Fund | AP5: LIC33 | AR5: Direct | AS5: INF767K01EW0 | AV5: 30 | AW5: LIC
A6: =M6&B6 -> LDBONDDDQ | B6: =VLOOKUP(L6,'Scheme master'!B:AA,25,0) -> DDQ | C6: =VLOOKUP(L6,'Scheme master'!B:Q,16,0) -> 10 | D6: =(O6+E6)*C6/10000000 -> 0.84190949 | E6: =SUMIF('CHY rollback'!A:A,L6,'CHY rollback'!G:G) -> 0 | F6: =P6/10000000 -> 1.551042 | G6: =IF(O6<=0,0,S6) -> 18.4229 | H6: =SUMIF(M:M,M6,F:F)-R6/10000000 -> 0 | I6: =SUMIFS(TB!E:E,TB!H:H,M6,TB!F:F,"AUM") -> -190.83487 | J6: =(SUMIF(M:M,M6,F:F)+I6)*10000000 -> 5.6843419e-07 | K6: =VLOOKUP(M6,'Scheme master'!F:R,13,0) -> Live | L6: LDBONDQDP | M6: LDBOND | N6: QDP | O6: 841909.49 | P6: 15510420 | Q6: 18.422907 | R6: 1.9083487e+09 | S6: 18.4229 | T6: 45747 | U6: 151988 | V6: 33Q1 | W6: 33 | Y6: 10 | Z6: DEBT | AA6: 18.4229 | AB6: 18.4229 | AC6: 160174 | AD6: LIC MF Medium to Long Duration Fund | AE6: Direct Plan Quarterly IDCW Option | AF6: 45746 | AG6: 18.4196 | AH6: 18.419565 | AI6: 0.0033 | AJ6: 0.017915698 | AK6: 6.5392 | AL6: 0.0033418676 | AM6: 0.018143032 | AN6: 6.6222 | AO6: LIC MF Medium to Long Duration Bond Fund | AP6: LIC33 | AR6: Direct | AV6: 30 | AW6: LIC
A7: =M7&B7 -> LDBONDRDA | B7: =VLOOKUP(L7,'Scheme master'!B:AA,25,0) -> RDA | C7: =VLOOKUP(L7,'Scheme master'!B:Q,16,0) -> 10 | D7: =(O7+E7)*C7/10000000 -> 0.006423017 | E7: =SUMIF('CHY rollback'!A:A,L7,'CHY rollback'!G:G) -> 0 | F7: =P7/10000000 -> 0.009987092 | G7: =IF(O7<=0,0,S7) -> 15.5489 | H7: =SUMIF(M:M,M7,F:F)-R7/10000000 -> 0 | I7: =SUMIFS(TB!E:E,TB!H:H,M7,TB!F:F,"AUM") -> -190.83487 | J7: =(SUMIF(M:M,M7,F:F)+I7)*10000000 -> 5.6843419e-07 | K7: =VLOOKUP(M7,'Scheme master'!F:R,13,0) -> Live | L7: LDBONDRAD | M7: LDBOND | N7: RAD | O7: 6423.017 | P7: 99870.92 | Q7: 15.548911 | R7: 1.9083487e+09 | S7: 15.5489 | T7: 45747 | U7: 151989 | V7: 33AD | W7: 33 | Y7: 10 | Z7: DEBT | AA7: 15.5489 | AB7: 15.5489 | AC7: 160171 | AD7: LIC MF Medium to Long Duration Fund | AE7: Regular Annual IDCW Option | AF7: 45746 | AG7: 15.5465 | AH7: 15.546521 | AI7: 0.0024 | AJ7: 0.015437558 | AK7: 5.6347 | AL7: 0.0023898427 | AM7: 0.015372202 | AN7: 5.6109 | AO7: LIC MF Medium to Long Duration Bond Fund | AP7: LIC33 | AR7: Regular | AV7: 30 | AW7: LIC
A8: =M8&B8 -> LDBONDRD | B8: =VLOOKUP(L8,'Scheme master'!B:AA,25,0) -> RD | C8: =VLOOKUP(L8,'Scheme master'!B:Q,16,0) -> 10 | D8: =(O8+E8)*C8/10000000 -> 2.8120213 | E8: =SUMIF('CHY rollback'!A:A,L8,'CHY rollback'!G:G) -> 0 | F8: =P8/10000000 -> 4.3723892 | G8: =IF(O8<=0,0,S8) -> 15.5489 | H8: =SUMIF(M:M,M8,F:F)-R8/10000000 -> 0 | I8: =SUMIFS(TB!E:E,TB!H:H,M8,TB!F:F,"AUM") -> -190.83487 | J8: =(SUMIF(M:M,M8,F:F)+I8)*10000000 -> 5.6843419e-07 | K8: =VLOOKUP(M8,'Scheme master'!F:R,13,0) -> Live | L8: LDBONDRD | M8: LDBOND | N8: RD | O8: 2812021.3 | P8: 43723892 | Q8: 15.548919 | R8: 1.9083487e+09 | S8: 15.5489 | T8: 45747 | U8: 100314 | V8: 33DP | W8: 33 | X8: LI001 | Y8: 10 | Z8: DEBT | AA8: 15.5489 | AB8: 15.3934 | AC8: 84268 | AD8: LIC MF Medium to Long Duration Fund | AE8: Regular Plan IDCW Option | AF8: 45746 | AG8: 15.5465 | AH8: 15.546529 | AI8: 0.0024 | AJ8: 0.015437558 | AK8: 5.6347 | AL8: 0.0023903517 | AM8: 0.015375469 | AN8: 5.612 | AO8: LIC MF Medium to Long Duration Bond Fund | AP8: LIC33 | AR8: Regular | AS8: INF767K01907/INF767K01915 | AV8: 30 | AW8: LIC
A9: =M9&B9 -> LDBONDRG | B9: =VLOOKUP(L9,'Scheme master'!B:AA,25,0) -> RG | C9: =VLOOKUP(L9,'Scheme master'!B:Q,16,0) -> 10 | D9: =(O9+E9)*C9/10000000 -> 14.837196 | E9: =SUMIF('CHY rollback'!A:A,L9,'CHY rollback'!G:G) -> 0 | F9: =P9/10000000 -> 105.24984 | G9: =IF(O9<=0,0,S9) -> 70.9365 | H9: =SUMIF(M:M,M9,F:F)-R9/10000000 -> 0 | I9: =SUMIFS(TB!E:E,TB!H:H,M9,TB!F:F,"AUM") -> -190.83487 | J9: =(SUMIF(M:M,M9,F:F)+I9)*10000000 -> 5.6843419e-07 | K9: =VLOOKUP(M9,'Scheme master'!F:R,13,0) -> Live | L9: LDBONDRG | M9: LDBOND | N9: RG | O9: 14837196 | P9: 1.0524984e+09 | Q9: 70.936474 | R9: 1.9083487e+09 | S9: 70.9365 | T9: 45747 | U9: 100315 | V9: 33GP | W9: 33 | X9: LI002 | Y9: 10 | Z9: DEBT | AA9: 70.9365 | AB9: 70.2271 | AC9: 84269 | AD9: LIC MF Medium to Long Duration Fund | AE9: Regular Plan Growth Option | AF9: 45746 | AG9: 70.9256 | AH9: 70.925569 | AI9: 0.0109 | AJ9: 0.015368217 | AK9: 5.6094 | AL9: 0.010905138 | AM9: 0.015375467 | AN9: 5.612 | AO9: LIC MF Medium to Long Duration Bond Fund | AP9: LIC33 | AR9: Regular | AS9: INF767K01923 | AV9: 30 | AW9: LIC
A10: =M10&B10 -> LDBONDRDQ | B10: =VLOOKUP(L10,'Scheme master'!B:AA,25,0) -> RDQ | C10: =VLOOKUP(L10,'Scheme master'!B:Q,16,0) -> 10 | D10: =(O10+E10)*C10/10000000 -> 0.08153442 | E10: =SUMIF('CHY rollback'!A:A,L10,'CHY rollback'!G:G) -> 0 | F10: =P10/10000000 -> 0.12677691 | G10: =IF(O10<=0,0,S10) -> 15.5489 | H10: =SUMIF(M:M,M10,F:F)-R10/10000000 -> 0 | I10: =SUMIFS(TB!E:E,TB!H:H,M10,TB!F:F,"AUM") -> -190.83487 | J10: =(SUMIF(M:M,M10,F:F)+I10)*10000000 -> 5.6843419e-07 | K10: =VLOOKUP(M10,'Scheme master'!F:R,13,0) -> Live | L10: LDBONDRQD | M10: LDBOND | N10: RQD | O10: 81534.42 | P10: 1267769.1 | Q10: 15.548882 | R10: 1.9083487e+09 | S10: 15.5489 | T10: 45747 | U10: 151986 | V10: 33QD | W10: 33 | Y10: 10 | Z10: DEBT | AA10: 15.5489 | AB10: 15.5489 | AC10: 160173 | AD10: LIC MF Medium to Long Duration Fund | AE10: Regular Quarterly IDCW Option | AF10: 45746 | AG10: 15.5465 | AH10: 15.546491 | AI10: 0.0024 | AJ10: 0.015437558 | AK10: 5.6347 | AL10: 0.0023904015 | AM10: 0.015375826 | AN10: 5.6122 | AO10: LIC MF Medium to Long Duration Bond Fund | AP10: LIC33 | AR10: Regular | AV10: 30 | AW10: LIC
A11: =M11&B11 -> LDBONDDDA | B11: =VLOOKUP(L11,'Scheme master'!B:AA,25,0) -> DDA | C11: =VLOOKUP(L11,'Scheme master'!B:Q,16,0) -> 10 | D11: =(O11+E11)*C11/10000000 -> 0.36926212 | E11: =SUMIF('CHY rollback'!A:A,L11,'CHY rollback'!G:G) -> 0 | F11: =P11/10000000 -> 0.68028157 | G11: =IF(O11<=0,0,S11) -> 18.4227 | H11: =SUMIF(M:M,M11,F:F)-R11/10000000 -> 0 | I11: =SUMIFS(TB!E:E,TB!H:H,M11,TB!F:F,"AUM") -> -190.83487 | J11: =(SUMIF(M:M,M11,F:F)+I11)*10000000 -> 5.6843419e-07 | K11: =VLOOKUP(M11,'Scheme master'!F:R,13,0) -> Live | L11: LDBONDYDP | M11: LDBOND | N11: YDP | O11: 369262.12 | P11: 6802815.8 | Q11: 18.422729 | R11: 1.9083487e+09 | S11: 18.4227 | T11: 45747 | U11: 151990 | V11: 33A1 | W11: 33 | Y11: 10 | Z11: DEBT | AA11: 18.4227 | AB11: 18.4227 | AC11: 160172 | AD11: LIC MF Medium to Long Duration Fund | AE11: Direct Plan Annual IDCW Option | AF11: 45746 | AG11: 18.4194 | AH11: 18.419387 | AI11: 0.0033 | AJ11: 0.017915893 | AK11: 6.5393 | AL11: 0.0033418538 | AM11: 0.018143133 | AN11: 6.6222 | AO11: LIC MF Medium to Long Duration Bond Fund | AP11: LIC33 | AR11: Direct | AV11: 30 | AW11: LIC
A12: =M12&B12 -> LDGETFG | B12: =VLOOKUP(L12,'Scheme master'!B:AA,25,0) -> G | C12: =VLOOKUP(L12,'Scheme master'!B:Q,16,0) -> 10 | D12: =(O12+E12)*C12/10000000 -> 896.87351 | E12: =SUMIF('CHY rollback'!A:A,L12,'CHY rollback'!G:G) -> 0 | F12: =P12/10000000 -> 2471.1845 | G12: =IF(O12<=0,0,S12) -> 27.5533 | H12: =SUMIF(M:M,M12,F:F)-R12/10000000 -> 0 | I12: =SUMIFS(TB!E:E,TB!H:H,M12,TB!F:F,"AUM") -> -2471.1845 | J12: =(SUMIF(M:M,M12,F:F)+I12)*10000000 -> 4.5474735e-06 | K12: =VLOOKUP(M12,'Scheme master'!F:R,13,0) -> Live | L12: LDGETFG | M12: LDGETF | N12: G | O12: 896873513 | P12: 2.4711845e+10 | Q12: 27.553322 | R12: 2.4711845e+10 | S12: 27.5533 | T12: 45747 | U12: 133307 | V12: 168GP | W12: 168 | X12: LI411 | Y12: 10 | Z12: DEBT | AA12: 27.5533 | AB12: 27.5533 | AC12: 84247 | AD12: LIC MF Nifty 8-13 yr G-Sec ETF | AE12: Growth Option | AF12: 45746 | AG12: 27.5485 | AH12: 27.548479 | AI12: 0.0048 | AJ12: 0.017423816 | AK12: 6.3597 | AL12: 0.00484331 | AM12: 0.017581043 | AN12: 6.4171 | AO12: LIC MF Nifty 8-13 yr G-Sec ETF | AP12: LIC168 | AR12: Growth | AS12: INF767K01MV5 | AU12: LICNETFGSC | AV12: 30 | AW12: LIC
A13: =M13&B13 -> LDGSECDD | B13: =VLOOKUP(L13,'Scheme master'!B:AA,25,0) -> DD | C13: =VLOOKUP(L13,'Scheme master'!B:Q,16,0) -> 10 | D13: =(O13+E13)*C13/10000000 -> 0.037235496 | E13: =SUMIF('CHY rollback'!A:A,L13,'CHY rollback'!G:G) -> 0 | F13: =P13/10000000 -> 0.069882306 | G13: =IF(O13<=0,0,S13) -> 18.7677 | H13: =SUMIF(M:M,M13,F:F)-R13/10000000 -> 0 | I13: =SUMIFS(TB!E:E,TB!H:H,M13,TB!F:F,"AUM") -> -86.826675 | J13: =(SUMIF(M:M,M13,F:F)+I13)*10000000 -> 0.010000321 | K13: =VLOOKUP(M13,'Scheme master'!F:R,13,0) -> Live | L13: LDGSECDDP | M13: LDGSEC | N13: DDP | O13: 37235.496 | P13: 698823.06 | Q13: 18.767658 | R13: 8.6826675e+08 | S13: 18.7677 | T13: 45747 | U13: 120283 | V13: 34D1 | W13: 34 | X13: LI178 | Y13: 10 | Z13: DEBT | AA13: 18.7677 | AB13: 18.7208 | AC13: 84274 | AD13: LIC MF Gilt Fund | AE13: Direct Plan IDCW Option | AF13: 45746 | AG13: 18.7645 | AH13: 18.764525 | AI13: 0.0032 | AJ13: 0.017053479 | AK13: 6.2245 | AL13: 0.0031335691 | AM13: 0.016699432 | AN13: 6.0953 | AO13: LIC MF Gilt Fund | AP13: LIC34 | AR13: Direct | AS13: INF767K01EY6/INF767K01FA3 | AV13: 30 | AW13: LIC
A14: =M14&B14 -> LDGSECDG | B14: =VLOOKUP(L14,'Scheme master'!B:AA,25,0) -> DG | C14: =VLOOKUP(L14,'Scheme master'!B:Q,16,0) -> 10 | D14: =(O14+E14)*C14/10000000 -> 7.1636973 | E14: =SUMIF('CHY rollback'!A:A,L14,'CHY rollback'!G:G) -> 0 | F14: =P14/10000000 -> 46.660158 | G14: =IF(O14<=0,0,S14) -> 65.1342 | H14: =SUMIF(M:M,M14,F:F)-R14/10000000 -> 0 | I14: =SUMIFS(TB!E:E,TB!H:H,M14,TB!F:F,"AUM") -> -86.826675 | J14: =(SUMIF(M:M,M14,F:F)+I14)*10000000 -> 0.010000321 | K14: =VLOOKUP(M14,'Scheme master'!F:R,13,0) -> Live | L14: LDGSECGDP | M14: LDGSEC | N14: GDP | O14: 7163697.3 | P14: 4.6660158e+08 | Q14: 65.134184 | R14: 8.6826675e+08 | S14: 65.1342 | T14: 45747 | U14: 120282 | V14: 34G1 | W14: 34 | X14: LI179 | Y14: 10 | Z14: DEBT | AA14: 65.1342 | AB14: 64.9714 | AC14: 84275 | AD14: LIC MF Gilt Fund | AE14: Direct Plan Growth Option | AF14: 45746 | AG14: 65.1233 | AH14: 65.123291 | AI14: 0.0109 | AJ14: 0.016737481 | AK14: 6.1092 | AL14: 0.010892276 | AM14: 0.016725623 | AN14: 6.1049 | AO14: LIC MF Gilt Fund | AP14: LIC34 | AR14: Direct | AS14: INF767K01EZ3 | AV14: 30 | AW14: LIC
A15: =M15&B15 -> LDGSECPD | B15: =VLOOKUP(L15,'Scheme master'!B:AA,25,0) -> PD | C15: =VLOOKUP(L15,'Scheme master'!B:Q,16,0) -> 10 | D15: =(O15+E15)*C15/10000000 -> 0.33637474 | E15: =SUMIF('CHY rollback'!A:A,L15,'CHY rollback'!G:G) -> 0 | F15: =P15/10000000 -> 0.74454755 | G15: =IF(O15<=0,0,S15) -> 22.1345 | H15: =SUMIF(M:M,M15,F:F)-R15/10000000 -> 0 | I15: =SUMIFS(TB!E:E,TB!H:H,M15,TB!F:F,"AUM") -> -86.826675 | J15: =(SUMIF(M:M,M15,F:F)+I15)*10000000 -> 0.010000321 | K15: =VLOOKUP(M15,'Scheme master'!F:R,13,0) -> Live | L15: LDGSECPFD | M15: LDGSEC | N15: PFD | O15: 336374.74 | P15: 7445475.5 | Q15: 22.134466 | R15: 8.6826675e+08 | S15: 22.1345 | T15: 45747 | U15: 100318 | V15: 34PD | W15: 34 | X15: LI024 | Y15: 10 | Z15: DEBT | AA15: 22.1345 | AB15: 22.0792 | AC15: 84276 | AD15: LIC MF Gilt Fund | AE15: PF Plan-IDCW | AF15: 45746 | AG15: 22.1312 | AH15: 22.131207 | AI15: 0.0033 | AJ15: 0.014911076 | AK15: 5.4425 | AL15: 0.0032591627 | AM15: 0.014726547 | AN15: 5.3752 | AO15: LIC MF Gilt Fund | AP15: LIC34 | AR15: PF | AS15: INF767K01717/INF767K01725 | AV15: 30 | AW15: LIC
A16: =M16&B16 -> LDGSECPG | B16: =VLOOKUP(L16,'Scheme master'!B:AA,25,0) -> PG | C16: =VLOOKUP(L16,'Scheme master'!B:Q,16,0) -> 10 | D16: =(O16+E16)*C16/10000000 -> 1.7441124 | E16: =SUMIF('CHY rollback'!A:A,L16,'CHY rollback'!G:G) -> 0 | F16: =P16/10000000 -> 5.9658292 | G16: =IF(O16<=0,0,S16) -> 34.2055 | H16: =SUMIF(M:M,M16,F:F)-R16/10000000 -> 0 | I16: =SUMIFS(TB!E:E,TB!H:H,M16,TB!F:F,"AUM") -> -86.826675 | J16: =(SUMIF(M:M,M16,F:F)+I16)*10000000 -> 0.010000321 | K16: =VLOOKUP(M16,'Scheme master'!F:R,13,0) -> Live | L16: LDGSECPFG | M16: LDGSEC | N16: PFG | O16: 1744112.4 | P16: 59658292 | Q16: 34.205531 | R16: 8.6826675e+08 | S16: 34.2055 | T16: 45747 | U16: 100319 | V16: 34PG | W16: 34 | X16: LI025 | Y16: 10 | Z16: DEBT | AA16: 34.2055 | AB16: 34.12 | AC16: 84277 | AD16: LIC MF Gilt Fund | AE16: PF Plan-Growth | AF16: 45746 | AG16: 34.2005 | AH16: 34.200494 | AI16: 0.005 | AJ16: 0.014619669 | AK16: 5.3362 | AL16: 0.0050365503 | AM16: 0.014726542 | AN16: 5.3752 | AO16: LIC MF Gilt Fund | AP16: LIC34 | AR16: PF | AS16: INF767K01733 | AV16: 30 | AW16: LIC
A17: =M17&B17 -> LDGSECRD | B17: =VLOOKUP(L17,'Scheme master'!B:AA,25,0) -> RD | C17: =VLOOKUP(L17,'Scheme master'!B:Q,16,0) -> 10 | D17: =(O17+E17)*C17/10000000 -> 0.99470803 | E17: =SUMIF('CHY rollback'!A:A,L17,'CHY rollback'!G:G) -> 0 | F17: =P17/10000000 -> 1.6980929 | G17: =IF(O17<=0,0,S17) -> 17.0713 | H17: =SUMIF(M:M,M17,F:F)-R17/10000000 -> 0 | I17: =SUMIFS(TB!E:E,TB!H:H,M17,TB!F:F,"AUM") -> -86.826675 | J17: =(SUMIF(M:M,M17,F:F)+I17)*10000000 -> 0.010000321 | K17: =VLOOKUP(M17,'Scheme master'!F:R,13,0) -> Live | L17: LDGSECRD | M17: LDGSEC | N17: RD | O17: 994708.03 | P17: 16980929 | Q17: 17.07127 | R17: 8.6826675e+08 | S17: 17.0713 | T17: 45747 | U17: 100316 | V17: 34DP | W17: 34 | X17: LI005 | Y17: 10 | Z17: DEBT | AA17: 17.0713 | AB17: 17.0286 | AC17: 84272 | AD17: LIC MF Gilt Fund | AE17: Regular Plan IDCW Option | AF17: 45746 | AG17: 17.0688 | AH17: 17.068756 | AI17: 0.0025 | AJ17: 0.014646607 | AK17: 5.346 | AL17: 0.0025136421 | AM17: 0.014726569 | AN17: 5.3752 | AO17: LIC MF Gilt Fund | AP17: LIC34 | AR17: Regular | AS17: INF767K01683/INF767K01691 | AV17: 30 | AW17: LIC
A18: =M18&B18 -> LDGSECRG | B18: =VLOOKUP(L18,'Scheme master'!B:AA,25,0) -> RG | C18: =VLOOKUP(L18,'Scheme master'!B:Q,16,0) -> 10 | D18: =(O18+E18)*C18/10000000 -> 5.350585 | E18: =SUMIF('CHY rollback'!A:A,L18,'CHY rollback'!G:G) -> 0 | F18: =P18/10000000 -> 31.688165 | G18: =IF(O18<=0,0,S18) -> 59.2237 | H18: =SUMIF(M:M,M18,F:F)-R18/10000000 -> 0 | I18: =SUMIFS(TB!E:E,TB!H:H,M18,TB!F:F,"AUM") -> -86.826675 | J18: =(SUMIF(M:M,M18,F:F)+I18)*10000000 -> 0.010000321 | K18: =VLOOKUP(M18,'Scheme master'!F:R,13,0) -> Live | L18: LDGSECRG | M18: LDGSEC | N18: RG | O18: 5350585 | P18: 3.1688165e+08 | Q18: 59.223739 | R18: 8.6826675e+08 | S18: 59.2237 | T18: 45747 | U18: 100317 | V18: 34GP | W18: 34 | X18: LI006 | Y18: 10 | Z18: DEBT | AA18: 59.2237 | AB18: 59.0756 | AC18: 84273 | AD18: LIC MF Gilt Fund | AE18: Regular Plan Growth Option | AF18: 45746 | AG18: 59.215 | AH18: 59.215019 | AI18: 0.0087 | AJ18: 0.014692223 | AK18: 5.3627 | AL18: 0.0087203194 | AM18: 0.014726533 | AN18: 5.3752 | AO18: LIC MF Gilt Fund | AP18: LIC34 | AR18: Regular | AS18: INF767K01709 | AV18: 30 | AW18: LIC
A19: =M19&B19 -> LDINPFDDD | B19: =VLOOKUP(L19,'Scheme master'!B:AA,25,0) -> DDD | C19: =VLOOKUP(L19,'Scheme master'!B:Q,16,0) -> 10 | D19: =(O19+E19)*C19/10000000 -> 0.6335351 | E19: =SUMIF('CHY rollback'!A:A,L19,'CHY rollback'!G:G) -> 0 | F19: =P19/10000000 -> 0.90688649 | G19: =IF(O19<=0,0,S19) -> 14.3147 | H19: =SUMIF(M:M,M19,F:F)-R19/10000000 -> 0 | I19: =SUMIFS(TB!E:E,TB!H:H,M19,TB!F:F,"AUM") -> -1701.8058 | J19: =(SUMIF(M:M,M19,F:F)+I19)*10000000 -> 250.49 | K19: =VLOOKUP(M19,'Scheme master'!F:R,13,0) -> Live | L19: LDINPFDPD | M19: LDINPF | N19: DPD | O19: 633535.1 | P19: 9068864.9 | Q19: 14.3147 | R19: 1.7018058e+10 | S19: 14.3147 | T19: 45747 | U19: 120337 | V19: 72D1 | W19: 72 | X19: LI213 | Y19: 10 | Z19: DEBT | AA19: 14.3147 | AB19: 14.3147 | AC19: 84290 | AD19: LIC MF Banking & PSU Fund | AE19: Direct Plan Daily IDCW Option | AF19: 45746 | AG19: 14.3194 | AH19: 14.319449 | AI19: -0.0047 | AJ19: -0.032822604 | AK19: -11.9803 | AL19: -0.0047485767 | AM19: -0.033161729 | AN19: -12.104 | AO19: LIC MF Banking & PSU Debt Fund | AP19: LIC72 | AR19: Direct | AS19: INF767K01GJ2/INF767K01GM6 | AV19: 30 | AW19: LIC
A20: =M20&B20 -> LDINPFDG | B20: =VLOOKUP(L20,'Scheme master'!B:AA,25,0) -> DG | C20: =VLOOKUP(L20,'Scheme master'!B:Q,16,0) -> 10 | D20: =(O20+E20)*C20/10000000 -> 409.86935 | E20: =SUMIF('CHY rollback'!A:A,L20,'CHY rollback'!G:G) -> 0 | F20: =P20/10000000 -> 1503.2534 | G20: =IF(O20<=0,0,S20) -> 36.6764 | H20: =SUMIF(M:M,M20,F:F)-R20/10000000 -> 0 | I20: =SUMIFS(TB!E:E,TB!H:H,M20,TB!F:F,"AUM") -> -1701.8058 | J20: =(SUMIF(M:M,M20,F:F)+I20)*10000000 -> 250.49 | K20: =VLOOKUP(M20,'Scheme master'!F:R,13,0) -> Live | L20: LDINPFGDP | M20: LDINPF | N20: GDP | O20: 4.0986935e+08 | P20: 1.5032534e+10 | Q20: 36.676405 | R20: 1.7018058e+10 | S20: 36.6764 | T20: 45747 | U20: 120338 | V20: 72G1 | W20: 72 | X20: LI214 | Y20: 10 | Z20: DEBT | AA20: 36.6764 | AB20: 36.6764 | AC20: 84293 | AD20: LIC MF Banking & PSU Fund | AE20: Direct Plan Growth Option | AF20: 45746 | AG20: 36.6698 | AH20: 36.669771 | AI20: 0.0066 | AJ20: 0.017998462 | AK20: 6.5694 | AL20: 0.0066337937 | AM20: 0.018090633 | AN20: 6.6031 | AO20: LIC MF Banking & PSU Debt Fund | AP20: LIC72 | AR20: Direct | AS20: INF767K01GI4 | AV20: 30 | AW20: LIC
A21: =M21&B21 -> LDINPFDDM | B21: =VLOOKUP(L21,'Scheme master'!B:AA,25,0) -> DDM | C21: =VLOOKUP(L21,'Scheme master'!B:Q,16,0) -> 10 | D21: =(O21+E21)*C21/10000000 -> 0.12430324 | E21: =SUMIF('CHY rollback'!A:A,L21,'CHY rollback'!G:G) -> 0 | F21: =P21/10000000 -> 0.17169729 | G21: =IF(O21<=0,0,S21) -> 13.8128 | H21: =SUMIF(M:M,M21,F:F)-R21/10000000 -> 0 | I21: =SUMIFS(TB!E:E,TB!H:H,M21,TB!F:F,"AUM") -> -1701.8058 | J21: =(SUMIF(M:M,M21,F:F)+I21)*10000000 -> 250.49 | K21: =VLOOKUP(M21,'Scheme master'!F:R,13,0) -> Live | L21: LDINPFMDP | M21: LDINPF | N21: MDP | O21: 124303.24 | P21: 1716972.9 | Q21: 13.812777 | R21: 1.7018058e+10 | S21: 13.8128 | T21: 45747 | U21: 120339 | V21: 72M1 | W21: 72 | X21: LI215 | Y21: 10 | Z21: DEBT | AA21: 13.8128 | AB21: 13.8128 | AC21: 84292 | AD21: LIC MF Banking & PSU Fund | AE21: Direct Plan Monthly IDCW Option | AF21: 45746 | AG21: 13.8103 | AH21: 13.810278 | AI21: 0.0025 | AJ21: 0.018102431 | AK21: 6.6074 | AL21: 0.0024982454 | AM21: 0.018089754 | AN21: 6.6028 | AO21: LIC MF Banking & PSU Debt Fund | AP21: LIC72 | AR21: Direct | AS21: INF767K01GK0/INF767K01GN4 | AV21: 30 | AW21: LIC
A22: =M22&B22 -> LDINPFRDD | B22: =VLOOKUP(L22,'Scheme master'!B:AA,25,0) -> RDD | C22: =VLOOKUP(L22,'Scheme master'!B:Q,16,0) -> 10 | D22: =(O22+E22)*C22/10000000 -> 3.0364699 | E22: =SUMIF('CHY rollback'!A:A,L22,'CHY rollback'!G:G) -> 0 | F22: =P22/10000000 -> 3.3914637 | G22: =IF(O22<=0,0,S22) -> 11.1691 | H22: =SUMIF(M:M,M22,F:F)-R22/10000000 -> 0 | I22: =SUMIFS(TB!E:E,TB!H:H,M22,TB!F:F,"AUM") -> -1701.8058 | J22: =(SUMIF(M:M,M22,F:F)+I22)*10000000 -> 250.49 | K22: =VLOOKUP(M22,'Scheme master'!F:R,13,0) -> Live | L22: LDINPFRDD | M22: LDINPF | N22: RDD | O22: 3036469.9 | P22: 33914637 | Q22: 11.1691 | R22: 1.7018058e+10 | S22: 11.1691 | T22: 45747 | U22: 105822 | V22: 72DD | W22: 72 | X22: LI095 | Y22: 10 | Z22: DEBT | AA22: 11.1691 | AB22: 11.1691 | AC22: 84286 | AD22: LIC MF Banking & PSU Fund | AE22: Regular Daily IDCW Option | AF22: 45746 | AG22: 11.1725 | AH22: 11.172454 | AI22: -0.0034 | AJ22: -0.030431864 | AK22: -11.1076 | AL22: -0.0033540658 | AM22: -0.030020851 | AN22: -10.9576 | AO22: LIC MF Banking & PSU Debt Fund | AP22: LIC72 | AR22: Regular | AS22: INF767K01519/INF767K01527 | AV22: 30 | AW22: LIC
A23: =M23&B23 -> LDINPFRG | B23: =VLOOKUP(L23,'Scheme master'!B:AA,25,0) -> RG | C23: =VLOOKUP(L23,'Scheme master'!B:Q,16,0) -> 10 | D23: =(O23+E23)*C23/10000000 -> 56.739757 | E23: =SUMIF('CHY rollback'!A:A,L23,'CHY rollback'!G:G) -> 0 | F23: =P23/10000000 -> 193.19976 | G23: =IF(O23<=0,0,S23) -> 34.0502 | H23: =SUMIF(M:M,M23,F:F)-R23/10000000 -> 0 | I23: =SUMIFS(TB!E:E,TB!H:H,M23,TB!F:F,"AUM") -> -1701.8058 | J23: =(SUMIF(M:M,M23,F:F)+I23)*10000000 -> 250.49 | K23: =VLOOKUP(M23,'Scheme master'!F:R,13,0) -> Live | L23: LDINPFRG | M23: LDINPF | N23: RG | O23: 56739757 | P23: 1.9319976e+09 | Q23: 34.050156 | R23: 1.7018058e+10 | S23: 34.0502 | T23: 45747 | U23: 105823 | V23: 72GP | W23: 72 | X23: LI096 | Y23: 10 | Z23: DEBT | AA23: 34.0502 | AB23: 34.0502 | AC23: 84289 | AD23: LIC MF Banking & PSU Fund | AE23: Regular Plan Growth Option | AF23: 45746 | AG23: 34.0445 | AH23: 34.044464 | AI23: 0.0057 | AJ23: 0.016742793 | AK23: 6.1111 | AL23: 0.0056922563 | AM23: 0.016720065 | AN23: 6.1028 | AO23: LIC MF Banking & PSU Debt Fund | AP23: LIC72 | AR23: Regular | AS23: INF767K01535 | AV23: 30 | AW23: LIC
A24: =M24&B24 -> LDINPFRDM | B24: =VLOOKUP(L24,'Scheme master'!B:AA,25,0) -> RDM | C24: =VLOOKUP(L24,'Scheme master'!B:Q,16,0) -> 10 | D24: =(O24+E24)*C24/10000000 -> 0.21037069 | E24: =SUMIF('CHY rollback'!A:A,L24,'CHY rollback'!G:G) -> 0 | F24: =P24/10000000 -> 0.26809005 | G24: =IF(O24<=0,0,S24) -> 12.7437 | H24: =SUMIF(M:M,M24,F:F)-R24/10000000 -> 0 | I24: =SUMIFS(TB!E:E,TB!H:H,M24,TB!F:F,"AUM") -> -1701.8058 | J24: =(SUMIF(M:M,M24,F:F)+I24)*10000000 -> 250.49 | K24: =VLOOKUP(M24,'Scheme master'!F:R,13,0) -> Live | L24: LDINPFRMD | M24: LDINPF | N24: RMD | O24: 210370.69 | P24: 2680900.5 | Q24: 12.743698 | R24: 1.7018058e+10 | S24: 12.7437 | T24: 45747 | U24: 105856 | V24: 72MD | W24: 72 | X24: LI097 | Y24: 10 | Z24: DEBT | AA24: 12.7437 | AB24: 12.7437 | AC24: 84288 | AD24: LIC MF Banking & PSU Fund | AE24: Regular Plan Monthly IDCW Option | AF24: 45746 | AG24: 12.7416 | AH24: 12.741567 | AI24: 0.0021 | AJ24: 0.016481447 | AK24: 6.0157 | AL24: 0.0021304774 | AM24: 0.016720686 | AN24: 6.1031 | AO24: LIC MF Banking & PSU Debt Fund | AP24: LIC72 | AR24: Regular | AS24: INF767K01543/INF767K01550 | AV24: 30 | AW24: LIC
... A34: =M34&B34 -> LDMIPFDDA | B34: =VLOOKUP(L34,'Scheme master'!B:AA,25,0) -> DDA | C34: =VLOOKUP(L34,'Scheme master'!B:Q,16,0) -> 10 | D34: =(O34+E34)*C34/10000000 -> 0.011672227 | E34: =SUMIF('CHY rollback'!A:A,L34,'CHY rollback'!G:G) -> 0 | F34: =P34/10000000 -> 0.016544413 | G34: =IF(O34<=0,0,S34) -> 14.1742 | H34: =SUMIF(M:M,M34,F:F)-R34/10000000 -> 0 | I34: =SUMIFS(TB!E:E,TB!H:H,M34,TB!F:F,"AUM") -> -50.241659 | J34: =(SUMIF(M:M,M34,F:F)+I34)*10000000 -> 50.1 | K34: =VLOOKUP(M34,'Scheme master'!F:R,13,0) -> Live | L34: LDMIPFYDP | M34: LDMIPF | N34: YDP | O34: 11672.227 | P34: 165444.13 | Q34: 14.17417 | R34: 5.0241664e+08 | S34: 14.1742 | T34: 45747 | U34: 120275 | V34: 31Y1 | W34: 31 | X34: LI195 | Y34: 10 | Z34: DEBT | AA34: 14.1742 | AB34: 14.0325 | AC34: 84266 | AD34: LIC MF Conservative Hybrid Fund | AE34: Direct Plan Annual IDCW Option | AF34: 45746 | AG34: 14.1727 | AH34: 14.172685 | AI34: 0.0015 | AJ34: 0.010583728 | AK34: 3.8631 | AL34: 0.001484721 | AM34: 0.010475933 | AN34: 3.8237 | AO34: LIC MF Conservative Hybrid Fund | AP34: LIC31 | AR34: Direct | AS34: INF767K01ER0/INF767K01EU4 | AV34: 30 | AW34: LIC
A35: =M35&B35 -> LDMNMFDD | B35: =VLOOKUP(L35,'Scheme master'!B:AA,25,0) -> DD | C35: =VLOOKUP(L35,'Scheme master'!B:Q,16,0) -> 1000 | D35: =(O35+E35)*C35/10000000 -> 0.0021922 | E35: =SUMIF('CHY rollback'!A:A,L35,'CHY rollback'!G:G) -> 0 | F35: =P35/10000000 -> 0.002588442 | G35: =IF(O35<=0,0,S35) -> 1180.7508 | H35: =SUMIF(M:M,M35,F:F)-R35/10000000 -> 0 | I35: =SUMIFS(TB!E:E,TB!H:H,M35,TB!F:F,"AUM") -> -152.24632 | J35: =(SUMIF(M:M,M35,F:F)+I35)*10000000 -> -8.5265128e-07 | K35: =VLOOKUP(M35,'Scheme master'!F:R,13,0) -> Live | L35: LDMNMFDDP | M35: LDMNMF | N35: DDP | O35: 21.922 | P35: 25884.42 | Q35: 1180.7508 | R35: 1.5224632e+09 | S35: 1180.7508 | T35: 45747 | U35: 150391 | V35: 183D1 | W35: 183 | Y35: 1000 | Z35: DEBT | AA35: 1180.7508 | AB35: 1180.7508 | AC35: 146761 | AD35: LIC MF Money Market Fund | AE35: Direct Plan IDCW Option | AF35: 45746 | AG35: 1180.5296 | AH35: 1180.5296 | AI35: 0.2212 | AJ35: 0.018737353 | AK35: 6.8391 | AL35: 0.22123894 | AM35: 0.018740651 | AN35: 6.8403 | AO35: LIC MF Money Market Fund | AP35: LIC183 | AR35: Direct | AV35: 30 | AW35: LIC
A36: =M36&B36 -> LDMNMFDG | B36: =VLOOKUP(L36,'Scheme master'!B:AA,25,0) -> DG | C36: =VLOOKUP(L36,'Scheme master'!B:Q,16,0) -> 1000 | D36: =(O36+E36)*C36/10000000 -> 108.10426 | E36: =SUMIF('CHY rollback'!A:A,L36,'CHY rollback'!G:G) -> 0 | F36: =P36/10000000 -> 127.64419 | G36: =IF(O36<=0,0,S36) -> 1180.7508 | H36: =SUMIF(M:M,M36,F:F)-R36/10000000 -> 0 | I36: =SUMIFS(TB!E:E,TB!H:H,M36,TB!F:F,"AUM") -> -152.24632 | J36: =(SUMIF(M:M,M36,F:F)+I36)*10000000 -> -8.5265128e-07 | K36: =VLOOKUP(M36,'Scheme master'!F:R,13,0) -> Live | L36: LDMNMFGDP | M36: LDMNMF | N36: GDP | O36: 1081042.6 | P36: 1.2764419e+09 | Q36: 1180.7508 | R36: 1.5224632e+09 | S36: 1180.7508 | T36: 45747 | U36: 150392 | V36: 183G1 | W36: 183 | Y36: 1000 | Z36: DEBT | AA36: 1180.7508 | AB36: 1180.7508 | AC36: 146762 | AD36: LIC MF Money Market Fund | AE36: Direct Plan Growth Option | AF36: 45746 | AG36: 1180.5303 | AH36: 1180.5303 | AI36: 0.2205 | AJ36: 0.018678047 | AK36: 6.8175 | AL36: 0.2205337 | AM36: 0.018680901 | AN36: 6.8185 | AO36: LIC MF Money Market Fund | AP36: LIC183 | AR36: Direct | AV36: 30 | AW36: LIC
A37: =M37&B37 -> LDMNMFRD | B37: =VLOOKUP(L37,'Scheme master'!B:AA,25,0) -> RD | C37: =VLOOKUP(L37,'Scheme master'!B:Q,16,0) -> 1000 | D37: =(O37+E37)*C37/10000000 -> 0.0466832 | E37: =SUMIF('CHY rollback'!A:A,L37,'CHY rollback'!G:G) -> 0 | F37: =P37/10000000 -> 0.054491293 | G37: =IF(O37<=0,0,S37) -> 1167.257 | H37: =SUMIF(M:M,M37,F:F)-R37/10000000 -> 0 | I37: =SUMIFS(TB!E:E,TB!H:H,M37,TB!F:F,"AUM") -> -152.24632 | J37: =(SUMIF(M:M,M37,F:F)+I37)*10000000 -> -8.5265128e-07 | K37: =VLOOKUP(M37,'Scheme master'!F:R,13,0) -> Live | L37: LDMNMFRD | M37: LDMNMF | N37: RD | O37: 466.832 | P37: 544912.93 | Q37: 1167.257 | R37: 1.5224632e+09 | S37: 1167.257 | T37: 45747 | U37: 150394 | V37: 183DP | W37: 183 | Y37: 1000 | Z37: DEBT | AA37: 1167.257 | AB37: 1167.257 | AC37: 146759 | AD37: LIC MF Money Market Fund | AE37: Regular Plan IDCW Option | AF37: 45746 | AG37: 1167.0487 | AH37: 1167.0487 | AI37: 0.2083 | AJ37: 0.017848441 | AK37: 6.5147 | AL37: 0.20827621 | AM37: 0.017846402 | AN37: 6.5139 | AO37: LIC MF Money Market Fund | AP37: LIC183 | AR37: Regular | AV37: 30 | AW37: LIC
A38: =M38&B38 -> LDMNMFRG | B38: =VLOOKUP(L38,'Scheme master'!B:AA,25,0) -> RG | C38: =VLOOKUP(L38,'Scheme master'!B:Q,16,0) -> 1000 | D38: =(O38+E38)*C38/10000000 -> 21.027977 | E38: =SUMIF('CHY rollback'!A:A,L38,'CHY rollback'!G:G) -> 0 | F38: =P38/10000000 -> 24.545053 | G38: =IF(O38<=0,0,S38) -> 1167.257 | H38: =SUMIF(M:M,M38,F:F)-R38/10000000 -> 0 | I38: =SUMIFS(TB!E:E,TB!H:H,M38,TB!F:F,"AUM") -> -152.24632 | J38: =(SUMIF(M:M,M38,F:F)+I38)*10000000 -> -8.5265128e-07 | K38: =VLOOKUP(M38,'Scheme master'!F:R,13,0) -> Live | L38: LDMNMFRG | M38: LDMNMF | N38: RG | O38: 210279.77 | P38: 2.4545053e+08 | Q38: 1167.257 | R38: 1.5224632e+09 | S38: 1167.257 | T38: 45747 | U38: 150393 | V38: 183GP | W38: 183 | Y38: 1000 | Z38: DEBT | AA38: 1167.257 | AB38: 1167.257 | AC38: 146760 | AD38: LIC MF Money Market Fund | AE38: Regular Plan Growth Option | AF38: 45746 | AG38: 1167.0487 | AH38: 1167.0487 | AI38: 0.2083 | AJ38: 0.017848441 | AK38: 6.5147 | AL38: 0.20827648 | AM38: 0.017846425 | AN38: 6.5139 | AO38: LIC MF Money Market Fund | AP38: LIC183 | AR38: Regular | AV38: 30 | AW38: LIC
A39: =M39&B39 -> LDONTFDD | B39: =VLOOKUP(L39,'Scheme master'!B:AA,25,0) -> DD | C39: =VLOOKUP(L39,'Scheme master'!B:Q,16,0) -> 1000 | D39: =(O39+E39)*C39/10000000 -> 0.0636782 | E39: =SUMIF('CHY rollback'!A:A,L39,'CHY rollback'!G:G) -> 0 | F39: =P39/10000000 -> 0.08427247 | G39: =IF(O39<=0,0,S39) -> 1323.4116 | H39: =SUMIF(M:M,M39,F:F)-R39/10000000 -> 0 | I39: =SUMIFS(TB!E:E,TB!H:H,M39,TB!F:F,"AUM") -> -410.30862 | J39: =(SUMIF(M:M,M39,F:F)+I39)*10000000 -> -4.4099966 | K39: =VLOOKUP(M39,'Scheme master'!F:R,13,0) -> Live | L39: LDONTFDDP | M39: LDONTF | N39: DDP | O39: 636.782 | P39: 842724.7 | Q39: 1323.4116 | R39: 4.1030862e+09 | S39: 1323.4116 | T39: 45747 | U39: 147513 | V39: 180A1 | W39: 180 | Y39: 1000 | Z39: LIQD | AA39: 1323.4116 | AB39: 1323.4116 | AC39: 108997 | AD39: LIC MF Overnight Fund | AE39: Direct Plan IDCW Option | AF39: 45746 | AG39: 1323.1349 | AH39: 1323.1349 | AI39: 0.2767 | AJ39: 0.020912456 | AK39: 7.633 | AL39: 0.2767038 | AM39: 0.020912743 | AN39: 7.6332 | AO39: LIC MF Overnight Fund | AP39: LIC180 | AR39: Direct | AV39: 30 | AW39: LIC
A40: =M40&B40 -> LDONTFDDD | B40: =VLOOKUP(L40,'Scheme master'!B:AA,25,0) -> DDD | C40: =VLOOKUP(L40,'Scheme master'!B:Q,16,0) -> 1000 | D40: =(O40+E40)*C40/10000000 -> 0.0005122 | E40: =SUMIF('CHY rollback'!A:A,L40,'CHY rollback'!G:G) -> 0 | F40: =P40/10000000 -> 0.000543718 | G40: =IF(O40<=0,0,S40) -> 1061.5346 | H40: =SUMIF(M:M,M40,F:F)-R40/10000000 -> 0 | I40: =SUMIFS(TB!E:E,TB!H:H,M40,TB!F:F,"AUM") -> -410.30862 | J40: =(SUMIF(M:M,M40,F:F)+I40)*10000000 -> -4.4099966 | K40: =VLOOKUP(M40,'Scheme master'!F:R,13,0) -> Live | L40: LDONTFDPD | M40: LDONTF | N40: DPD | O40: 5.122 | P40: 5437.18 | Q40: 1061.5346 | R40: 4.1030862e+09 | S40: 1061.5346 | T40: 45747 | U40: 147516 | V40: 180D1 | W40: 180 | Y40: 1000 | Z40: LIQD | AA40: 1061.5346 | AB40: 1061.5346 | AC40: 108998 | AD40: LIC MF Overnight Fund | AE40: Direct Plan Daily IDCW Option | AF40: 45746 | AG40: 1061.3237 | AH40: 1061.3237 | AI40: 0.2109 | AJ40: 0.019871412 | AK40: 7.2531 | AL40: 0.21085513 | AM40: 0.019867184 | AN40: 7.2515 | AO40: LIC MF Overnight Fund | AP40: LIC180 | AR40: Direct | AV40: 30 | AW40: LIC
A41: =M41&B41 -> LDONTFDG | B41: =VLOOKUP(L41,'Scheme master'!B:AA,25,0) -> DG | C41: =VLOOKUP(L41,'Scheme master'!B:Q,16,0) -> 1000 | D41: =(O41+E41)*C41/10000000 -> 155.1765 | E41: =SUMIF('CHY rollback'!A:A,L41,'CHY rollback'!G:G) -> 0 | F41: =P41/10000000 -> 205.39084 | G41: =IF(O41<=0,0,S41) -> 1323.595 | H41: =SUMIF(M:M,M41,F:F)-R41/10000000 -> 0 | I41: =SUMIFS(TB!E:E,TB!H:H,M41,TB!F:F,"AUM") -> -410.30862 | J41: =(SUMIF(M:M,M41,F:F)+I41)*10000000 -> -4.4099966 | K41: =VLOOKUP(M41,'Scheme master'!F:R,13,0) -> Live | L41: LDONTFGDP | M41: LDONTF | N41: GDP | O41: 1551765 | P41: 2.0539084e+09 | Q41: 1323.595 | R41: 4.1030862e+09 | S41: 1323.595 | T41: 45747 | U41: 147515 | V41: 180G1 | W41: 180 | Y41: 1000 | Z41: LIQD | AA41: 1323.595 | AB41: 1323.595 | AC41: 109000 | AD41: LIC MF Overnight Fund | AE41: Direct Plan Growth Option | AF41: 45746 | AG41: 1323.3339 | AH41: 1323.3339 | AI41: 0.2611 | AJ41: 0.01973047 | AK41: 7.2016 | AL41: 0.26103541 | AM41: 0.019725588 | AN41: 7.1998 | AO41: LIC MF Overnight Fund | AP41: LIC180 | AR41: Direct | AV41: 30 | AW41: LIC
A42: =M42&B42 -> LDONTFRD | B42: =VLOOKUP(L42,'Scheme master'!B:AA,25,0) -> RD | C42: =VLOOKUP(L42,'Scheme master'!B:Q,16,0) -> 1000 | D42: =(O42+E42)*C42/10000000 -> 0.0002747 | E42: =SUMIF('CHY rollback'!A:A,L42,'CHY rollback'!G:G) -> 0 | F42: =P42/10000000 -> 0.000319148 | G42: =IF(O42<=0,0,S42) -> 1161.8056 | H42: =SUMIF(M:M,M42,F:F)-R42/10000000 -> 0 | I42: =SUMIFS(TB!E:E,TB!H:H,M42,TB!F:F,"AUM") -> -410.30862 | J42: =(SUMIF(M:M,M42,F:F)+I42)*10000000 -> -4.4099966 | K42: =VLOOKUP(M42,'Scheme master'!F:R,13,0) -> Live | L42: LDONTFRD | M42: LDONTF | N42: RD | O42: 2.747 | P42: 3191.48 | Q42: 1161.8056 | R42: 4.1030862e+09 | S42: 1161.8056 | T42: 45747 | U42: 147512 | V42: 180AD | W42: 180 | Y42: 1000 | Z42: LIQD | AA42: 1161.8056 | AB42: 1161.8056 | AC42: 108993 | AD42: LIC MF Overnight Fund | AE42: Regular Plan IDCW Option | AF42: 45746 | AG42: 1161.5726 | AH42: 1161.5726 | AI42: 0.233 | AJ42: 0.020059013 | AK42: 7.3215 | AL42: 0.23298143 | AM42: 0.020057414 | AN42: 7.321 | AO42: LIC MF Overnight Fund | AP42: LIC180 | AR42: Regular | AV42: 30 | AW42: LIC
A43: =M43&B43 -> LDONTFRDD | B43: =VLOOKUP(L43,'Scheme master'!B:AA,25,0) -> RDD | C43: =VLOOKUP(L43,'Scheme master'!B:Q,16,0) -> 1000 | D43: =(O43+E43)*C43/10000000 -> 0 | E43: =SUMIF('CHY rollback'!A:A,L43,'CHY rollback'!G:G) -> 0 | F43: =P43/10000000 -> 0 | G43: =IF(O43<=0,0,S43) -> 0 | H43: =SUMIF(M:M,M43,F:F)-R43/10000000 -> 0 | I43: =SUMIFS(TB!E:E,TB!H:H,M43,TB!F:F,"AUM") -> -410.30862 | J43: =(SUMIF(M:M,M43,F:F)+I43)*10000000 -> -4.4099966 | K43: =VLOOKUP(M43,'Scheme master'!F:R,13,0) -> Live | L43: LDONTFRDD | M43: LDONTF | N43: RDD | O43: 0 | P43: 0 | Q43: 1000 | R43: 4.1030862e+09 | S43: 1000 | T43: 45747 | U43: 147517 | V43: 180DD | W43: 180 | Y43: 1000 | Z43: LIQD | AA43: 1000 | AB43: 1000 | AC43: 108994 | AD43: LIC MF Overnight Fund | AE43: Regular Daily IDCW Option | AF43: 45746 | AG43: 1000 | AH43: 1000 | AI43: 0 | AJ43: 0 | AK43: 0 | AL43: 0 | AM43: 0 | AN43: 0 | AO43: LIC MF Overnight Fund | AP43: LIC180 | AR43: Regular | AV43: 30 | AW43: LIC
A44: =M44&B44 -> LDONTFRG | B44: =VLOOKUP(L44,'Scheme master'!B:AA,25,0) -> RG | C44: =VLOOKUP(L44,'Scheme master'!B:Q,16,0) -> 1000 | D44: =(O44+E44)*C44/10000000 -> 155.90666 | E44: =SUMIF('CHY rollback'!A:A,L44,'CHY rollback'!G:G) -> 0 | F44: =P44/10000000 -> 204.83179 | G44: =IF(O44<=0,0,S44) -> 1313.8104 | H44: =SUMIF(M:M,M44,F:F)-R44/10000000 -> 0 | I44: =SUMIFS(TB!E:E,TB!H:H,M44,TB!F:F,"AUM") -> -410.30862 | J44: =(SUMIF(M:M,M44,F:F)+I44)*10000000 -> -4.4099966 | K44: =VLOOKUP(M44,'Scheme master'!F:R,13,0) -> Live | L44: LDONTFRG | M44: LDONTF | N44: RG | O44: 1559066.6 | P44: 2.0483179e+09 | Q44: 1313.8104 | R44: 4.1030862e+09 | S44: 1313.8104 | T44: 45747 | U44: 147519 | V44: 180GP | W44: 180 | Y44: 1000 | Z44: LIQD | AA44: 1313.8104 | AB44: 1313.8104 | AC44: 108996 | AD44: LIC MF Overnight Fund | AE44: Regular Plan Growth Option | AF44: 45746 | AG44: 1313.556 | AH44: 1313.556 | AI44: 0.2544 | AJ44: 0.019367275 | AK44: 7.0691 | AL44: 0.25442638 | AM44: 0.019369284 | AN44: 7.0698 | AO44: LIC MF Overnight Fund | AP44: LIC180 | AR44: Regular | AV44: 30 | AW44: LIC
A45: =M45&B45 -> LDONTFRDW | B45: =VLOOKUP(L45,'Scheme master'!B:AA,25,0) -> RDW | C45: =VLOOKUP(L45,'Scheme master'!B:Q,16,0) -> 1000 | D45: =(O45+E45)*C45/10000000 -> 0.0003016 | E45: =SUMIF('CHY rollback'!A:A,L45,'CHY rollback'!G:G) -> 0 | F45: =P45/10000000 -> 0.000348589 | G45: =IF(O45<=0,0,S45) -> 1155.7991 | H45: =SUMIF(M:M,M45,F:F)-R45/10000000 -> 0 | I45: =SUMIFS(TB!E:E,TB!H:H,M45,TB!F:F,"AUM") -> -410.30862 | J45: =(SUMIF(M:M,M45,F:F)+I45)*10000000 -> -4.4099966 | K45: =VLOOKUP(M45,'Scheme master'!F:R,13,0) -> Live | L45: LDONTFRWD | M45: LDONTF | N45: RWD | O45: 3.016 | P45: 3485.89 | Q45: 1155.7991 | R45: 4.1030862e+09 | S45: 1155.7991 | T45: 45747 | U45: 147518 | V45: 180WD | W45: 180 | Y45: 1000 | Z45: LIQD | AA45: 1155.7991 | AB45: 1155.7991 | AC45: 108995 | AD45: LIC MF Overnight Fund | AE45: Regular Plan Weekly IDCW Option | AF45: 45746 | AG45: 1155.5703 | AH45: 1155.5703 | AI45: 0.2288 | AJ45: 0.019799747 | AK45: 7.2269 | AL45: 0.22877984 | AM45: 0.019798003 | AN45: 7.2263 | AO45: LIC MF Overnight Fund | AP45: LIC180 | AR45: Regular | AV45: 30 | AW45: LIC
A46: =M46&B46 -> LDONTFDDW | B46: =VLOOKUP(L46,'Scheme master'!B:AA,25,0) -> DDW | C46: =VLOOKUP(L46,'Scheme master'!B:Q,16,0) -> 1000 | D46: =(O46+E46)*C46/10000000 -> 0.0004881 | E46: =SUMIF('CHY rollback'!A:A,L46,'CHY rollback'!G:G) -> 0 | F46: =P46/10000000 -> 0.000501647 | G46: =IF(O46<=0,0,S46) -> 1027.7546 | H46: =SUMIF(M:M,M46,F:F)-R46/10000000 -> 0 | I46: =SUMIFS(TB!E:E,TB!H:H,M46,TB!F:F,"AUM") -> -410.30862 | J46: =(SUMIF(M:M,M46,F:F)+I46)*10000000 -> -4.4099966 | K46: =VLOOKUP(M46,'Scheme master'!F:R,13,0) -> Live | L46: LDONTFWDP | M46: LDONTF | N46: WDP | O46: 4.881 | P46: 5016.47 | Q46: 1027.7546 | R46: 4.1030862e+09 | S46: 1027.7546 | T46: 45747 | U46: 147514 | V46: 180W1 | W46: 180 | Y46: 1000 | Z46: LIQD | AA46: 1027.7546 | AB46: 1027.7546 | AC46: 108999 | AD46: LIC MF Overnight Fund | AE46: Direct Plan Weekly IDCW Option | AF46: 45746 | AG46: 1027.5108 | AH46: 1027.5108 | AI46: 0.2438 | AJ46: 0.023727245 | AK46: 8.6604 | AL46: 0.2438025 | AM46: 0.023727489 | AN46: 8.6605 | AO46: LIC MF Overnight Fund | AP46: LIC180 | AR46: Direct | AV46: 30 | AW46: LIC
A47: =M47&B47 -> LDSAPFDDD | B47: =VLOOKUP(L47,'Scheme master'!B:AA,25,0) -> DDD | C47: =VLOOKUP(L47,'Scheme master'!B:Q,16,0) -> 10 | D47: =(O47+E47)*C47/10000000 -> 0.64210577 | E47: =SUMIF('CHY rollback'!A:A,L47,'CHY rollback'!G:G) -> 0 | F47: =P47/10000000 -> 0.6453163 | G47: =IF(O47<=0,0,S47) -> 10.05 | H47: =SUMIF(M:M,M47,F:F)-R47/10000000 -> 0 | I47: =SUMIFS(TB!E:E,TB!H:H,M47,TB!F:F,"AUM") -> -1449.5333 | J47: =(SUMIF(M:M,M47,F:F)+I47)*10000000 -> -0.010004442 | K47: =VLOOKUP(M47,'Scheme master'!F:R,13,0) -> Live | L47: LDSAPFDPD | M47: LDSAPF | N47: DPD | O47: 642105.77 | P47: 6453163 | Q47: 10.05 | R47: 1.4495333e+10 | S47: 10.05 | T47: 45747 | U47: 120316 | V47: 40D1 | W47: 40 | X47: LI200 | Y47: 10 | Z47: DEBT | AA47: 10.05 | AB47: 10.05 | AC47: 84282 | AD47: LIC MF Low Duration Fund | AE47: Direct Plan Daily IDCW Option | AF47: 45746 | AG47: 10.0536 | AH47: 10.053606 | AI47: -0.0036 | AJ47: -0.035808069 | AK47: -13.0699 | AL47: -0.0036063685 | AM47: -0.035871391 | AN47: -13.0931 | AO47: LIC MF Low Duration Fund | AP47: LIC40 | AR47: Direct | AS47: INF767K01FL0/INF767K01FN6 | AV47: 30 | AW47: LIC
A48: =M48&B48 -> LDSAPFDG | B48: =VLOOKUP(L48,'Scheme master'!B:AA,25,0) -> DG | C48: =VLOOKUP(L48,'Scheme master'!B:Q,16,0) -> 10 | D48: =(O48+E48)*C48/10000000 -> 253.01279 | E48: =SUMIF('CHY rollback'!A:A,L48,'CHY rollback'!G:G) -> 0 | F48: =P48/10000000 -> 1062.6042 | G48: =IF(O48<=0,0,S48) -> 41.998 | H48: =SUMIF(M:M,M48,F:F)-R48/10000000 -> 0 | I48: =SUMIFS(TB!E:E,TB!H:H,M48,TB!F:F,"AUM") -> -1449.5333 | J48: =(SUMIF(M:M,M48,F:F)+I48)*10000000 -> -0.010004442 | K48: =VLOOKUP(M48,'Scheme master'!F:R,13,0) -> Live | L48: LDSAPFGDP | M48: LDSAPF | N48: GDP | O48: 2.5301279e+08 | P48: 1.0626042e+10 | Q48: 41.998045 | R48: 1.4495333e+10 | S48: 41.998 | T48: 45747 | U48: 120315 | V48: 40G1 | W48: 40 | X48: LI199 | Y48: 10 | Z48: DEBT | AA48: 41.998 | AB48: 41.998 | AC48: 84285 | AD48: LIC MF Low Duration Fund | AE48: Direct Plan Growth Option | AF48: 45746 | AG48: 41.9901 | AH48: 41.990134 | AI48: 0.0079 | AJ48: 0.018813959 | AK48: 6.8671 | AL48: 0.0079104187 | AM48: 0.018838755 | AN48: 6.8761 | AO48: LIC MF Low Duration Fund | AP48: LIC40 | AR48: Direct | AS48: INF767K01FM8 | AV48: 30 | AW48: LIC
A49: =M49&B49 -> LDSAPFDDM | B49: =VLOOKUP(L49,'Scheme master'!B:AA,25,0) -> DDM | C49: =VLOOKUP(L49,'Scheme master'!B:Q,16,0) -> 10 | D49: =(O49+E49)*C49/10000000 -> 0.16533003 | E49: =SUMIF('CHY rollback'!A:A,L49,'CHY rollback'!G:G) -> 0 | F49: =P49/10000000 -> 0.36263763 | G49: =IF(O49<=0,0,S49) -> 21.9342 | H49: =SUMIF(M:M,M49,F:F)-R49/10000000 -> 0 | I49: =SUMIFS(TB!E:E,TB!H:H,M49,TB!F:F,"AUM") -> -1449.5333 | J49: =(SUMIF(M:M,M49,F:F)+I49)*10000000 -> -0.010004442 | K49: =VLOOKUP(M49,'Scheme master'!F:R,13,0) -> Live | L49: LDSAPFMDP | M49: LDSAPF | N49: MDP | O49: 165330.03 | P49: 3626376.3 | Q49: 21.934166 | R49: 1.4495333e+10 | S49: 21.9342 | T49: 45747 | U49: 120317 | V49: 40M1 | W49: 40 | X49: LI198 | Y49: 10 | Z49: DEBT | AA49: 21.9342 | AB49: 21.9342 | AC49: 84284 | AD49: LIC MF Low Duration Fund | AE49: Direct Plan Monthly IDCW Option | AF49: 45746 | AG49: 21.93 | AH49: 21.930038 | AI49: 0.0042 | AJ49: 0.019151847 | AK49: 6.9904 | AL49: 0.0041270784 | AM49: 0.018819294 | AN49: 6.869 | AO49: LIC MF Low Duration Fund | AP49: LIC40 | AR49: Direct | AS49: INF767K01FP1/INF767K01FO4 | AV49: 30 | AW49: LIC
A50: =M50&B50 -> LDSAPFRDD | B50: =VLOOKUP(L50,'Scheme master'!B:AA,25,0) -> RDD | C50: =VLOOKUP(L50,'Scheme master'!B:Q,16,0) -> 10 | D50: =(O50+E50)*C50/10000000 -> 17.197599 | E50: =SUMIF('CHY rollback'!A:A,L50,'CHY rollback'!G:G) -> 0 | F50: =P50/10000000 -> 18.359469 | G50: =IF(O50<=0,0,S50) -> 10.6756 | H50: =SUMIF(M:M,M50,F:F)-R50/10000000 -> 0 | I50: =SUMIFS(TB!E:E,TB!H:H,M50,TB!F:F,"AUM") -> -1449.5333 | J50: =(SUMIF(M:M,M50,F:F)+I50)*10000000 -> -0.010004442 | K50: =VLOOKUP(M50,'Scheme master'!F:R,13,0) -> Live | L50: LDSAPFRDD | M50: LDSAPF | N50: RDD | O50: 17197599 | P50: 1.8359469e+08 | Q50: 10.6756 | R50: 1.4495333e+10 | S50: 10.6756 | T50: 45747 | U50: 111676 | V50: 40DD | W50: 40 | X50: LI152 | Y50: 10 | Z50: DEBT | AA50: 10.6756 | AB50: 10.6756 | AC50: 84278 | AD50: LIC MF Low Duration Fund | AE50: Regular Daily IDCW Option | AF50: 45746 | AG50: 10.679 | AH50: 10.679027 | AI50: -0.0034 | AJ50: -0.031838187 | AK50: -11.6209 | AL50: -0.0034271388 | AM50: -0.032092238 | AN50: -11.7137 | AO50: LIC MF Low Duration Fund | AP50: LIC40 | AR50: Regular | AS50: INF767K01AK3/INF767K01AL1 | AV50: 30 | AW50: LIC
A51: =M51&B51 -> LDSAPFRG | B51: =VLOOKUP(L51,'Scheme master'!B:AA,25,0) -> RG | C51: =VLOOKUP(L51,'Scheme master'!B:Q,16,0) -> 10 | D51: =(O51+E51)*C51/10000000 -> 94.441968 | E51: =SUMIF('CHY rollback'!A:A,L51,'CHY rollback'!G:G) -> 0 | F51: =P51/10000000 -> 366.45583 | G51: =IF(O51<=0,0,S51) -> 38.8022 | H51: =SUMIF(M:M,M51,F:F)-R51/10000000 -> 0 | I51: =SUMIFS(TB!E:E,TB!H:H,M51,TB!F:F,"AUM") -> -1449.5333 | J51: =(SUMIF(M:M,M51,F:F)+I51)*10000000 -> -0.010004442 | K51: =VLOOKUP(M51,'Scheme master'!F:R,13,0) -> Live | L51: LDSAPFRG | M51: LDSAPF | N51: RG | O51: 94441968 | P51: 3.6645583e+09 | Q51: 38.802223 | R51: 1.4495333e+10 | S51: 38.8022 | T51: 45747 | U51: 101830 | V51: 40GP | W51: 40 | X51: LI022 | Y51: 10 | Z51: DEBT | AA51: 38.8022 | AB51: 38.8022 | AC51: 84281 | AD51: LIC MF Low Duration Fund | AE51: Regular Plan Growth Option | AF51: 45746 | AG51: 38.7957 | AH51: 38.795656 | AI51: 0.0065 | AJ51: 0.016754434 | AK51: 6.1154 | AL51: 0.006567278 | AM51: 0.01692787 | AN51: 6.1787 | AO51: LIC MF Low Duration Fund | AP51: LIC40 | AR51: Regular | AS51: INF767K01AO5 | AV51: 30 | AW51: LIC
A52: =M52&B52 -> LDSAPFRDM | B52: =VLOOKUP(L52,'Scheme master'!B:AA,25,0) -> RDM | C52: =VLOOKUP(L52,'Scheme master'!B:Q,16,0) -> 10 | D52: =(O52+E52)*C52/10000000 -> 0.64900821 | E52: =SUMIF('CHY rollback'!A:A,L52,'CHY rollback'!G:G) -> 0 | F52: =P52/10000000 -> 0.86836873 | G52: =IF(O52<=0,0,S52) -> 13.3799 | H52: =SUMIF(M:M,M52,F:F)-R52/10000000 -> 0 | I52: =SUMIFS(TB!E:E,TB!H:H,M52,TB!F:F,"AUM") -> -1449.5333 | J52: =(SUMIF(M:M,M52,F:F)+I52)*10000000 -> -0.010004442 | K52: =VLOOKUP(M52,'Scheme master'!F:R,13,0) -> Live | L52: LDSAPFRMD | M52: LDSAPF | N52: RMD | O52: 649008.21 | P52: 8683687.3 | Q52: 13.379934 | R52: 1.4495333e+10 | S52: 13.3799 | T52: 45747 | U52: 101829 | V52: 40DP | W52: 40 | X52: LI021 | Y52: 10 | Z52: DEBT | AA52: 13.3799 | AB52: 13.3799 | AC52: 84280 | AD52: LIC MF Low Duration Fund | AE52: Regular Plan Monthly IDCW Option | AF52: 45746 | AG52: 13.3777 | AH52: 13.37767 | AI52: 0.0022 | AJ52: 0.016445278 | AK52: 6.0025 | AL52: 0.0022645476 | AM52: 0.016927818 | AN52: 6.1787 | AO52: LIC MF Low Duration Fund | AP52: LIC40 | AR52: Regular | AS52: INF767K01AM9/INF767K01AN7 | AV52: 30 | AW52: LIC
A53: =M53&B53 -> LDSAPFRDW | B53: =VLOOKUP(L53,'Scheme master'!B:AA,25,0) -> RDW | C53: =VLOOKUP(L53,'Scheme master'!B:Q,16,0) -> 10 | D53: =(O53+E53)*C53/10000000 -> 0.16181017 | E53: =SUMIF('CHY rollback'!A:A,L53,'CHY rollback'!G:G) -> 0 | F53: =P53/10000000 -> 0.21557737 | G53: =IF(O53<=0,0,S53) -> 13.3229 | H53: =SUMIF(M:M,M53,F:F)-R53/10000000 -> 0 | I53: =SUMIFS(TB!E:E,TB!H:H,M53,TB!F:F,"AUM") -> -1449.5333 | J53: =(SUMIF(M:M,M53,F:F)+I53)*10000000 -> -0.010004442 | K53: =VLOOKUP(M53,'Scheme master'!F:R,13,0) -> Live | L53: LDSAPFRWD | M53: LDSAPF | N53: RWD | O53: 161810.17 | P53: 2155773.7 | Q53: 13.322857 | R53: 1.4495333e+10 | S53: 13.3229 | T53: 45747 | U53: 111675 | V53: 40WD | W53: 40 | X53: LI153 | Y53: 10 | Z53: DEBT | AA53: 13.3229 | AB53: 13.3229 | AC53: 84279 | AD53: LIC MF Low Duration Fund | AE53: Regular Plan Weekly IDCW Option | AF53: 45746 | AG53: 13.3206 | AH53: 13.320602 | AI53: 0.0023 | AJ53: 0.017266489 | AK53: 6.3023 | AL53: 0.0022549881 | AM53: 0.016928575 | AN53: 6.1789 | AO53: LIC MF Low Duration Fund | AP53: LIC40 | AR53: Regular | AS53: INF767K01AP2/INF767K01AQ0 | AV53: 30 | AW53: LIC
A54: =M54&B54 -> LDSAPFDDW | B54: =VLOOKUP(L54,'Scheme master'!B:AA,25,0) -> DDW | C54: =VLOOKUP(L54,'Scheme master'!B:Q,16,0) -> 10 | D54: =(O54+E54)*C54/10000000 -> 0.014962674 | E54: =SUMIF('CHY rollback'!A:A,L54,'CHY rollback'!G:G) -> 0 | F54: =P54/10000000 -> 0.021890144 | G54: =IF(O54<=0,0,S54) -> 14.6298 | H54: =SUMIF(M:M,M54,F:F)-R54/10000000 -> 0 | I54: =SUMIFS(TB!E:E,TB!H:H,M54,TB!F:F,"AUM") -> -1449.5333 | J54: =(SUMIF(M:M,M54,F:F)+I54)*10000000 -> -0.010004442 | K54: =VLOOKUP(M54,'Scheme master'!F:R,13,0) -> Live | L54: LDSAPFWDP | M54: LDSAPF | N54: WDP | O54: 14962.674 | P54: 218901.44 | Q54: 14.629834 | R54: 1.4495333e+10 | S54: 14.6298 | T54: 45747 | U54: 120318 | V54: 40W1 | W54: 40 | X54: LI201 | Y54: 10 | Z54: DEBT | AA54: 14.6298 | AB54: 14.6298 | AC54: 84283 | AD54: LIC MF Low Duration Fund | AE54: Direct Plan Weekly IDCW Option | AF54: 45746 | AG54: 14.6271 | AH54: 14.627082 | AI54: 0.0027 | AJ54: 0.018458888 | AK54: 6.7375 | AL54: 0.0027521819 | AM54: 0.018815659 | AN54: 6.8677 | AO54: LIC MF Low Duration Fund | AP54: LIC40 | AR54: Direct | AS54: INF767K01JJ6/INF767K01JK4 | AV54: 30 | AW54: LIC
